Workbook
Name clubl5: Clubs!$B$6:$E$19
Name clubl5: #REF!
Name Clubs: [1]Lists!$A$2:$A$18
Name Clubs: [1]Lists!$A$2:$A$18
Name Clubs: Lists!$A$2:$A$18
Name Edibles: [1]Lists!$F$2:$F$21
Name Edibles: [1]Lists!$F$2:$F$21
Name Edibles: Lists!$G$2:$G$21
Name Fish: #REF!
Name Individuals: #REF!
Name Inedibles: [1]Lists!$I$2:$I$26
Name Inedibles: [1]Lists!$I$2:$I$26
Name Inedibles: Lists!$K$2:$K$26
Name kgList: [1]Lists!$J$2:$AF$261
Name kgList: [1]Lists!$J$2:$AF$261
Name kgList: Lists!$L$2:$AH$261
Name Master: [1]MASTERLIST!$A$5:$E$1000
Name Master: [1]MASTERLIST!$A$5:$E$1000
Name Master: MASTERLIST!$A$5:$E$995
Name Shark: #REF!
Name Status: Lists!$C$2:$C$9

Sheet Nominations (2)
A1: ALL NOMINATIONS
F2: 2021-2023 | N2: 2022 Best 4 | R2: 2021 Best 4 | V2: 2020 Best 1 | Z2: Day 1 | AB2: Day 2 | AD2: Total | AF2: 1
A3: ID | B3: Club | C3: Name | D3: Surname | E3: Status | F3: Edibles | G3: Inedibles | H3: Total Fish | I3: Kg Total | J3: Kg (50/30/20) | K3: Ave Weight / Fish | L3: League Points Total 2700 Points Max | M3: League Points (50/30/20) 930 Points Max | N3: Edibles | O3: Inedibles | P3: Kg | Q3: Best 4 | R3: Edibles | S3: Inedibles | T3: Kg | U3: Best 4 | V3: Edibles | W3: Inedibles | X3: Kg | Y3: Best 1 | Z3: No Fish | AA3: Weight | AB3: No Fish | AC3: Weight | AD3: No Fish | AE3: Weight
A4: N0657 | B4: Okahandja | C4: Johan Spyker | D4: Kotze | E4: Men Veteran | F4: 3 | G4: 40 | H4: 43 | I4: 600.7 | J4: 181.21 | Z4: =_xlfn.XLOOKUP(A4,'2024-NAT-01'!B:B,'2024-NAT-01'!F:F,0,0)+_xlfn.XLOOKUP(A4,'2024-NAT-01'!B:B,'2024-NAT-01'!G:G,0,0) -> 2 | AA4: =_xlfn.XLOOKUP(A4,'2024-NAT-01'!B:B,'2024-NAT-01'!H:H,0,0) -> 33.2 | AB4: =_xlfn.XLOOKUP(A4,'2024-NAT-02'!B:B,'2024-NAT-02'!F:F,0,0)+_xlfn.XLOOKUP(A4,'2024-NAT-02'!B:B,'2024-NAT-02'!G:G,0,0) -> 1 | AC4: =_xlfn.XLOOKUP(A4,'2024-NAT-02'!B:B,'2024-NAT-02'!H:H,0,0) -> 16.2 | AD4: =H4+Z4+AB4 -> 46 | AE4: =J4+AA4+AC4 -> 230.61
A5: N0002 | B5: Mako X | C5: Marco | D5: Klein | E5: Men Veteran | F5: 2 | G5: 13 | H5: 15 | I5: 182.9 | J5: 53.09 | K5: =I5/H5 -> 12.193333 | L5: =U5+Y5+Q5 -> 2042 | M5: =(U5*0.3)+(Y5*0.2)+(Q5*0.5) -> 759.1 | N5: 0 | O5: 6 | P5: 102.4 | Q5: 837 | R5: 1 | S5: 6 | T5: 59.6 | U5: 996 | V5: 0 | W5: 3 | X5: 6.8 | Y5: 209 | Z5: =_xlfn.XLOOKUP(A5,'2024-NAT-01'!B:B,'2024-NAT-01'!F:F,0,0)+_xlfn.XLOOKUP('Nominations (2)'!A5,'2024-NAT-01'!B:B,'2024-NAT-01'!G:G,0,0) -> 7 | AA5: =_xlfn.XLOOKUP(A5,'2024-NAT-01'!B:B,'2024-NAT-01'!H:H,0,0) -> 107.3 | AB5: =_xlfn.XLOOKUP(A5,'2024-NAT-02'!B:B,'2024-NAT-02'!F:F,0,0)+_xlfn.XLOOKUP('Nominations (2)'!A5,'2024-NAT-02'!B:B,'2024-NAT-02'!G:G,0,0) -> 2 | AC5: =_xlfn.XLOOKUP(A5,'2024-NAT-02'!B:B,'2024-NAT-02'!H:H,0,0) -> 42.2 | AD5: =H5+Z5+AB5 -> 24 | AE5: =J5+AA5+AC5 -> 202.59
A6: N0119 | B6: Orca Angling Club | C6: Joe | D6: Herman | E6: Men Senior | F6: 2 | G6: 39 | H6: 41 | I6: 551.3 | J6: 179.47 | Z6: =_xlfn.XLOOKUP(A6,'2024-NAT-01'!B:B,'2024-NAT-01'!F:F,0,0)+_xlfn.XLOOKUP(A6,'2024-NAT-01'!B:B,'2024-NAT-01'!G:G,0,0) -> 12 | AA6: =_xlfn.XLOOKUP(A6,'2024-NAT-01'!B:B,'2024-NAT-01'!H:H,0,0) -> 76.6 | AB6: =_xlfn.XLOOKUP(A6,'2024-NAT-02'!B:B,'2024-NAT-02'!F:F,0,0)+_xlfn.XLOOKUP(A6,'2024-NAT-02'!B:B,'2024-NAT-02'!G:G,0,0) -> 3 | AC6: =_xlfn.XLOOKUP(A6,'2024-NAT-02'!B:B,'2024-NAT-02'!H:H,0,0) -> 31.9 | AD6: =H6+Z6+AB6 -> 56 | AE6: =J6+AA6+AC6 -> 287.97
A7: N0007 | B7: Orca Angling Club | C7: Brian | D7: Curtis | E7: Men Senior | F7: 0 | G7: 34 | H7: 34 | I7: 482.7 | J7: 157.21 | K7: =I7/H7 -> 14.197059 | L7: =U7+Y7+Q7 -> 1418 | M7: =(U7*0.3)+(Y7*0.2)+(Q7*0.5) -> 569.2 | N7: 2 | O7: 10 | P7: 130.6 | Q7: 856 | R7: 0 | S7: 3 | T7: 62.6 | U7: 288 | V7: 0 | W7: 4 | X7: 31.8 | Y7: 274 | Z7: =_xlfn.XLOOKUP(A7,'2024-NAT-01'!B:B,'2024-NAT-01'!F:F,0,0)+_xlfn.XLOOKUP(A7,'2024-NAT-01'!B:B,'2024-NAT-01'!G:G,0,0) -> 10 | AA7: =_xlfn.XLOOKUP(A7,'2024-NAT-01'!B:B,'2024-NAT-01'!H:H,0,0) -> 51.6 | AB7: =_xlfn.XLOOKUP(A7,'2024-NAT-02'!B:B,'2024-NAT-02'!F:F,0,0)+_xlfn.XLOOKUP(A7,'2024-NAT-02'!B:B,'2024-NAT-02'!G:G,0,0) -> 2 | AC7: =_xlfn.XLOOKUP(A7,'2024-NAT-02'!B:B,'2024-NAT-02'!H:H,0,0) -> 8.6 | AD7: =H7+Z7+AB7 -> 46 | AE7: =J7+AA7+AC7 -> 217.41
A8: N0580 | B8: Walvis Bay | C8: Martin | D8: Cordier | E8: Men Veteran | F8: 4 | G8: 39 | H8: 43 | I8: 482.5 | J8: 151.4 | Z8: =_xlfn.XLOOKUP(A8,'2024-NAT-01'!B:B,'2024-NAT-01'!F:F,0,0)+_xlfn.XLOOKUP(A8,'2024-NAT-01'!B:B,'2024-NAT-01'!G:G,0,0) -> 7 | AA8: =_xlfn.XLOOKUP(A8,'2024-NAT-01'!B:B,'2024-NAT-01'!H:H,0,0) -> 27.4 | AB8: =_xlfn.XLOOKUP(A8,'2024-NAT-02'!B:B,'2024-NAT-02'!F:F,0,0)+_xlfn.XLOOKUP(A8,'2024-NAT-02'!B:B,'2024-NAT-02'!G:G,0,0) -> 1 | AC8: =_xlfn.XLOOKUP(A8,'2024-NAT-02'!B:B,'2024-NAT-02'!H:H,0,0) -> 8.6 | AD8: =H8+Z8+AB8 -> 51 | AE8: =J8+AA8+AC8 -> 187.4
A9: N0006 | B9: Penguin X | C9: Nico | D9: Kotze | E9: Men Veteran | F9: 6 | G9: 13 | H9: 19 | I9: 105 | J9: 24.47 | K9: =I9/H9 -> 5.5263158 | L9: =U9+Y9+Q9 -> 2502 | M9: =(U9*0.3)+(Y9*0.2)+(Q9*0.5) -> 953.3 | N9: 0 | O9: 19 | P9: 283 | Q9: 1163 | R9: 0 | S9: 8 | T9: 91.8 | U9: 1040 | V9: 0 | W9: 10 | X9: 114.5 | Y9: 299 | Z9: =_xlfn.XLOOKUP(A9,'2024-NAT-01'!B:B,'2024-NAT-01'!F:F,0,0)+_xlfn.XLOOKUP('Nominations (2)'!A9,'2024-NAT-01'!B:B,'2024-NAT-01'!G:G,0,0) -> 0 | AA9: =_xlfn.XLOOKUP(A9,'2024-NAT-01'!B:B,'2024-NAT-01'!H:H,0,0) -> 0 | AB9: =_xlfn.XLOOKUP(A9,'2024-NAT-02'!B:B,'2024-NAT-02'!F:F,0,0)+_xlfn.XLOOKUP(A9,'2024-NAT-02'!B:B,'2024-NAT-02'!G:G,0,0) -> 0 | AC9: =_xlfn.XLOOKUP(A9,'2024-NAT-02'!B:B,'2024-NAT-02'!H:H,0,0) -> 0 | AD9: =H9+Z9+AB9 -> 19 | AE9: =J9+AA9+AC9 -> 24.47
A10: N0709 | B10: Henties Bay | C10: Tiaan | D10: Fourie | E10: Men Senior | F10: 2 | G10: 33 | H10: 35 | I10: 468.4 | J10: 127.55 | Z10: =_xlfn.XLOOKUP(A10,'2024-NAT-01'!B:B,'2024-NAT-01'!F:F,0,0)+_xlfn.XLOOKUP(A10,'2024-NAT-01'!B:B,'2024-NAT-01'!G:G,0,0) -> 5 | AA10: =_xlfn.XLOOKUP(A10,'2024-NAT-01'!B:B,'2024-NAT-01'!H:H,0,0) -> 25.7 | AB10: =_xlfn.XLOOKUP(A10,'2024-NAT-02'!B:B,'2024-NAT-02'!F:F,0,0)+_xlfn.XLOOKUP(A10,'2024-NAT-02'!B:B,'2024-NAT-02'!G:G,0,0) -> 0 | AC10: =_xlfn.XLOOKUP(A10,'2024-NAT-02'!B:B,'2024-NAT-02'!H:H,0,0) -> 0 | AD10: =H10+Z10+AB10 -> 40 | AE10: =J10+AA10+AC10 -> 153.25
A11: N0588 | B11: Henties Bay | C11: Lourens | D11: Fourie | E11: Men Master | F11: 0 | G11: 30 | H11: 30 | I11: 311.5 | J11: 85.42 | Z11: =_xlfn.XLOOKUP(A11,'2024-NAT-01'!B:B,'2024-NAT-01'!F:F,0,0)+_xlfn.XLOOKUP(A11,'2024-NAT-01'!B:B,'2024-NAT-01'!G:G,0,0) -> 8 | AA11: =_xlfn.XLOOKUP(A11,'2024-NAT-01'!B:B,'2024-NAT-01'!H:H,0,0) -> 122.8 | AB11: =_xlfn.XLOOKUP(A11,'2024-NAT-02'!B:B,'2024-NAT-02'!F:F,0,0)+_xlfn.XLOOKUP(A11,'2024-NAT-02'!B:B,'2024-NAT-02'!G:G,0,0) -> 1 | AC11: =_xlfn.XLOOKUP(A11,'2024-NAT-02'!B:B,'2024-NAT-02'!H:H,0,0) -> 88.2 | AD11: =H11+Z11+AB11 -> 39 | AE11: =J11+AA11+AC11 -> 296.42
A12: N0696 | B12: Penguin | C12: Stefan | D12: Snyman | E12: Men U/16 | F12: 1 | G12: 5 | H12: 6 | I12: 64 | J12: 20.01 | Z12: =_xlfn.XLOOKUP(A12,'2024-NAT-01'!B:B,'2024-NAT-01'!F:F,0,0)+_xlfn.XLOOKUP(A12,'2024-NAT-01'!B:B,'2024-NAT-01'!G:G,0,0) -> 13 | AA12: =_xlfn.XLOOKUP(A12,'2024-NAT-01'!B:B,'2024-NAT-01'!H:H,0,0) -> 166.6 | AB12: =_xlfn.XLOOKUP(A12,'2024-NAT-02'!B:B,'2024-NAT-02'!F:F,0,0)+_xlfn.XLOOKUP(A12,'2024-NAT-02'!B:B,'2024-NAT-02'!G:G,0,0) -> 4 | AC12: =_xlfn.XLOOKUP(A12,'2024-NAT-02'!B:B,'2024-NAT-02'!H:H,0,0) -> 51.5 | AD12: =H12+Z12+AB12 -> 23 | AE12: =J12+AA12+AC12 -> 238.11
A13: N0010 | B13: xNamib Park | C13: Johan | D13: Hoon | E13: Men Veteran | F13: 0 | G13: 0 | H13: 0 | I13: 0 | J13: 0 | K13: =I13/H13 -> #DIV/0! | L13: =U13+Y13+Q13 -> 1522 | M13: =(U13*0.3)+(Y13*0.2)+(Q13*0.5) -> 588.1 | N13: 1 | O13: 5 | P13: 75.5 | Q13: 775 | R13: 0 | S13: 3 | T13: 18.8 | U13: 512 | V13: 0 | W13: 4 | X13: 26.8 | Y13: 235 | Z13: =_xlfn.XLOOKUP(A13,'2024-NAT-01'!B:B,'2024-NAT-01'!F:F,0,0)+_xlfn.XLOOKUP('Nominations (2)'!A13,'2024-NAT-01'!B:B,'2024-NAT-01'!G:G,0,0) -> 0 | AA13: =_xlfn.XLOOKUP(A13,'2024-NAT-01'!B:B,'2024-NAT-01'!H:H,0,0) -> 0 | AB13: =_xlfn.XLOOKUP(A13,'2024-NAT-02'!B:B,'2024-NAT-02'!F:F,0,0)+_xlfn.XLOOKUP(A13,'2024-NAT-02'!B:B,'2024-NAT-02'!G:G,0,0) -> 0 | AC13: =_xlfn.XLOOKUP(A13,'2024-NAT-02'!B:B,'2024-NAT-02'!H:H,0,0) -> 0 | AD13: =H13+Z13+AB13 -> 0 | AE13: =J13+AA13+AC13 -> 0
A14: N0011 | B14: Atlantic Angling Club X | C14: Johan | D14: Mostert | E14: Men Veteran | F14: 1 | G14: 3 | H14: 4 | I14: 39 | J14: 13.02 | K14: =I14/H14 -> 9.75 | L14: =U14+Y14+Q14 -> 1480 | M14: =(U14*0.3)+(Y14*0.2)+(Q14*0.5) -> 487 | N14: 0 | O14: 2 | P14: 15.6 | Q14: 355 | R14: 0 | S14: 8 | T14: 144.6 | U14: 845 | V14: 0 | W14: 5 | X14: 54.1 | Y14: 280 | Z14: =_xlfn.XLOOKUP(A14,'2024-NAT-01'!B:B,'2024-NAT-01'!F:F,0,0)+_xlfn.XLOOKUP('Nominations (2)'!A14,'2024-NAT-01'!B:B,'2024-NAT-01'!G:G,0,0) -> 0 | AA14: =_xlfn.XLOOKUP(A14,'2024-NAT-01'!B:B,'2024-NAT-01'!H:H,0,0) -> 0 | AB14: =_xlfn.XLOOKUP(A14,'2024-NAT-02'!B:B,'2024-NAT-02'!F:F,0,0)+_xlfn.XLOOKUP(A14,'2024-NAT-02'!B:B,'2024-NAT-02'!G:G,0,0) -> 0 | AC14: =_xlfn.XLOOKUP(A14,'2024-NAT-02'!B:B,'2024-NAT-02'!H:H,0,0) -> 0 | AD14: =H14+Z14+AB14 -> 4 | AE14: =J14+AA14+AC14 -> 13.02
A15: N0012 | B15: xWelwitschia | C15: Walter | D15: Hankey | E15: Men Master | F15: 0 | G15: 0 | H15: 0 | I15: 0 | J15: 0 | K15: =I15/H15 -> #DIV/0! | L15: =U15+Y15+Q15 -> 2278 | M15: =(U15*0.3)+(Y15*0.2)+(Q15*0.5) -> 830.5 | N15: 0 | O15: 11 | P15: 140 | Q15: 874 | R15: 0 | S15: 19 | T15: 216.6 | U15: 1127 | V15: 0 | W15: 6 | X15: 50.2 | Y15: 277 | Z15: =_xlfn.XLOOKUP(A15,'2024-NAT-01'!B:B,'2024-NAT-01'!F:F,0,0)+_xlfn.XLOOKUP('Nominations (2)'!A15,'2024-NAT-01'!B:B,'2024-NAT-01'!G:G,0,0) -> 0 | AA15: =_xlfn.XLOOKUP(A15,'2024-NAT-01'!B:B,'2024-NAT-01'!H:H,0,0) -> 0 | AB15: =_xlfn.XLOOKUP(A15,'2024-NAT-02'!B:B,'2024-NAT-02'!F:F,0,0)+_xlfn.XLOOKUP(A15,'2024-NAT-02'!B:B,'2024-NAT-02'!G:G,0,0) -> 0 | AC15: =_xlfn.XLOOKUP(A15,'2024-NAT-02'!B:B,'2024-NAT-02'!H:H,0,0) -> 0 | AD15: =H15+Z15+AB15 -> 0 | AE15: =J15+AA15+AC15 -> 0
A16: N0013 | B16: Namib Park X | C16: Rodger | D16: Boon | E16: Men Master | F16: 2 | G16: 5 | H16: 7 | I16: 59 | J16: 12.85 | K16: =I16/H16 -> 8.4285714 | L16: =U16+Y16+Q16 -> 1402 | M16: =(U16*0.3)+(Y16*0.2)+(Q16*0.5) -> 515.6 | N16: 0 | O16: 3 | P16: 35.2 | Q16: 475 | R16: 3 | S16: 5 | T16: 48.6 | U16: 927 | V16: 0 | W16: 0 | X16: 0 | Y16: 0 | Z16: =_xlfn.XLOOKUP(A16,'2024-NAT-01'!B:B,'2024-NAT-01'!F:F,0,0)+_xlfn.XLOOKUP('Nominations (2)'!A16,'2024-NAT-01'!B:B,'2024-NAT-01'!G:G,0,0) -> 3 | AA16: =_xlfn.XLOOKUP(A16,'2024-NAT-01'!B:B,'2024-NAT-01'!H:H,0,0) -> 8.4 | AB16: =_xlfn.XLOOKUP(A16,'2024-NAT-02'!B:B,'2024-NAT-02'!F:F,0,0)+_xlfn.XLOOKUP(A16,'2024-NAT-02'!B:B,'2024-NAT-02'!G:G,0,0) -> 0 | AC16: =_xlfn.XLOOKUP(A16,'2024-NAT-02'!B:B,'2024-NAT-02'!H:H,0,0) -> 0 | AD16: =H16+Z16+AB16 -> 10 | AE16: =J16+AA16+AC16 -> 21.25
A17: N0259 | B17: Penguin | C17: Henri | D17: Snyman | E17: Men Master | F17: 3 | G17: 27 | H17: 30 | I17: 312.9 | J17: 95.45 | Z17: =_xlfn.XLOOKUP(A17,'2024-NAT-01'!B:B,'2024-NAT-01'!F:F,0,0)+_xlfn.XLOOKUP(A17,'2024-NAT-01'!B:B,'2024-NAT-01'!G:G,0,0) -> 18 | AA17: =_xlfn.XLOOKUP(A17,'2024-NAT-01'!B:B,'2024-NAT-01'!H:H,0,0) -> 86.3 | AB17: =_xlfn.XLOOKUP(A17,'2024-NAT-02'!B:B,'2024-NAT-02'!F:F,0,0)+_xlfn.XLOOKUP(A17,'2024-NAT-02'!B:B,'2024-NAT-02'!G:G,0,0) -> 2 | AC17: =_xlfn.XLOOKUP(A17,'2024-NAT-02'!B:B,'2024-NAT-02'!H:H,0,0) -> 24.6 | AD17: =H17+Z17+AB17 -> 50 | AE17: =J17+AA17+AC17 -> 206.35
A18: N0573 | B18: Otjiwarongo | C18: Rinus | D18: Van Der Westhuizen | E18: Men Veteran | F18: 0 | G18: 28 | H18: 28 | I18: 407.9 | J18: 117.02 | Z18: =_xlfn.XLOOKUP(A18,'2024-NAT-01'!B:B,'2024-NAT-01'!F:F,0,0)+_xlfn.XLOOKUP(A18,'2024-NAT-01'!B:B,'2024-NAT-01'!G:G,0,0) -> 9 | AA18: =_xlfn.XLOOKUP(A18,'2024-NAT-01'!B:B,'2024-NAT-01'!H:H,0,0) -> 46.3 | AB18: =_xlfn.XLOOKUP(A18,'2024-NAT-02'!B:B,'2024-NAT-02'!F:F,0,0)+_xlfn.XLOOKUP(A18,'2024-NAT-02'!B:B,'2024-NAT-02'!G:G,0,0) -> 1 | AC18: =_xlfn.XLOOKUP(A18,'2024-NAT-02'!B:B,'2024-NAT-02'!H:H,0,0) -> 3 | AD18: =H18+Z18+AB18 -> 38 | AE18: =J18+AA18+AC18 -> 166.32
A19: N0016 | B19: Welwitschia X | C19: Johan | D19: Diedericks | E19: Men Veteran | F19: 1 | G19: 3 | H19: 4 | I19: 58.6 | J19: 12.53 | K19: =I19/H19 -> 14.65 | L19: =U19+Y19+Q19 -> 2264 | M19: =(U19*0.3)+(Y19*0.2)+(Q19*0.5) -> 886.2 | N19: 0 | O19: 9 | P19: 138.8 | Q19: 1171 | R19: 0 | S19: 11 | T19: 110.2 | U19: 821 | V19: 0 | W19: 3 | X19: 47.7 | Y19: 272 | Z19: =_xlfn.XLOOKUP(A19,'2024-NAT-01'!B:B,'2024-NAT-01'!F:F,0,0)+_xlfn.XLOOKUP('Nominations (2)'!A19,'2024-NAT-01'!B:B,'2024-NAT-01'!G:G,0,0) -> 5 | AA19: =_xlfn.XLOOKUP(A19,'2024-NAT-01'!B:B,'2024-NAT-01'!H:H,0,0) -> 66.9 | AB19: =_xlfn.XLOOKUP(A19,'2024-NAT-02'!B:B,'2024-NAT-02'!F:F,0,0)+_xlfn.XLOOKUP(A19,'2024-NAT-02'!B:B,'2024-NAT-02'!G:G,0,0) -> 0 | AC19: =_xlfn.XLOOKUP(A19,'2024-NAT-02'!B:B,'2024-NAT-02'!H:H,0,0) -> 0 | AD19: =H19+Z19+AB19 -> 9 | AE19: =J19+AA19+AC19 -> 79.43
A20: N0017 | B20: Mako X | C20: Riaan | D20: Tap | E20: Men Veteran | F20: 1 | G20: 12 | H20: 13 | I20: 114.6 | J20: 26.8 | K20: =I20/H20 -> 8.8153846 | L20: =U20+Y20+Q20 -> 1606 | M20: =(U20*0.3)+(Y20*0.2)+(Q20*0.5) -> 592.1 | N20: 1 | O20: 6 | P20: 59.1 | Q20: 681 | R20: 0 | S20: 3 | T20: 38.4 | U20: 666 | V20: 0 | W20: 2 | X20: 34.4 | Y20: 259 | Z20: =_xlfn.XLOOKUP(A20,'2024-NAT-01'!B:B,'2024-NAT-01'!F:F,0,0)+_xlfn.XLOOKUP('Nominations (2)'!A20,'2024-NAT-01'!B:B,'2024-NAT-01'!G:G,0,0) -> 0 | AA20: =_xlfn.XLOOKUP(A20,'2024-NAT-01'!B:B,'2024-NAT-01'!H:H,0,0) -> 0 | AB20: =_xlfn.XLOOKUP(A20,'2024-NAT-02'!B:B,'2024-NAT-02'!F:F,0,0)+_xlfn.XLOOKUP(A20,'2024-NAT-02'!B:B,'2024-NAT-02'!G:G,0,0) -> 0 | AC20: =_xlfn.XLOOKUP(A20,'2024-NAT-02'!B:B,'2024-NAT-02'!H:H,0,0) -> 0 | AD20: =H20+Z20+AB20 -> 13 | AE20: =J20+AA20+AC20 -> 26.8
A21: N0018 | B21: Orca Angling Club X | C21: Garreth | D21: Wolfaardt | E21: Men Veteran | F21: 0 | G21: 11 | H21: 11 | I21: 83.8 | J21: 28.62 | K21: =I21/H21 -> 7.6181818 | L21: =U21+Y21+Q21 -> 479 | M21: =(U21*0.3)+(Y21*0.2)+(Q21*0.5) -> 147.7 | N21: 0 | O21: 0 | P21: 0 | Q21: 20 | R21: 0 | S21: 5 | T21: 37.3 | U21: 459 | V21: 0 | W21: 0 | X21: 0 | Y21: 0 | Z21: =_xlfn.XLOOKUP(A21,'2024-NAT-01'!B:B,'2024-NAT-01'!F:F,0,0)+_xlfn.XLOOKUP('Nominations (2)'!A21,'2024-NAT-01'!B:B,'2024-NAT-01'!G:G,0,0) -> 0 | AA21: =_xlfn.XLOOKUP(A21,'2024-NAT-01'!B:B,'2024-NAT-01'!H:H,0,0) -> 0 | AB21: =_xlfn.XLOOKUP(A21,'2024-NAT-02'!B:B,'2024-NAT-02'!F:F,0,0)+_xlfn.XLOOKUP(A21,'2024-NAT-02'!B:B,'2024-NAT-02'!G:G,0,0) -> 0 | AC21: =_xlfn.XLOOKUP(A21,'2024-NAT-02'!B:B,'2024-NAT-02'!H:H,0,0) -> 0 | AD21: =H21+Z21+AB21 -> 11 | AE21: =J21+AA21+AC21 -> 28.62
A22: N0254 | B22: Penguin | C22: Grant | D22: Knight | E22: Men Veteran | F22: 0 | G22: 28 | H22: 28 | I22: 373.8 | J22: 116.83 | Z22: =_xlfn.XLOOKUP(A22,'2024-NAT-01'!B:B,'2024-NAT-01'!F:F,0,0)+_xlfn.XLOOKUP(A22,'2024-NAT-01'!B:B,'2024-NAT-01'!G:G,0,0) -> 10 | AA22: =_xlfn.XLOOKUP(A22,'2024-NAT-01'!B:B,'2024-NAT-01'!H:H,0,0) -> 269.4 | AB22: =_xlfn.XLOOKUP(A22,'2024-NAT-02'!B:B,'2024-NAT-02'!F:F,0,0)+_xlfn.XLOOKUP(A22,'2024-NAT-02'!B:B,'2024-NAT-02'!G:G,0,0) -> 4 | AC22: =_xlfn.XLOOKUP(A22,'2024-NAT-02'!B:B,'2024-NAT-02'!H:H,0,0) -> 29.5 | AD22: =H22+Z22+AB22 -> 42 | AE22: =J22+AA22+AC22 -> 415.73
A23: N0622 | B23: Walvis Bay | C23: Flippie | D23: Scheepers | E23: Men Veteran | F23: 4 | G23: 26 | H23: 30 | I23: 346.5 | J23: 109.13 | Z23: =_xlfn.XLOOKUP(A23,'2024-NAT-01'!B:B,'2024-NAT-01'!F:F,0,0)+_xlfn.XLOOKUP(A23,'2024-NAT-01'!B:B,'2024-NAT-01'!G:G,0,0) -> 9 | AA23: =_xlfn.XLOOKUP(A23,'2024-NAT-01'!B:B,'2024-NAT-01'!H:H,0,0) -> 98.1 | AB23: =_xlfn.XLOOKUP(A23,'2024-NAT-02'!B:B,'2024-NAT-02'!F:F,0,0)+_xlfn.XLOOKUP(A23,'2024-NAT-02'!B:B,'2024-NAT-02'!G:G,0,0) -> 2 | AC23: =_xlfn.XLOOKUP(A23,'2024-NAT-02'!B:B,'2024-NAT-02'!H:H,0,0) -> 9.5 | AD23: =H23+Z23+AB23 -> 41 | AE23: =J23+AA23+AC23 -> 216.73
A24: N0021 | B24: Penguin X | C24: Hanjo | D24: Doll | E24: Men Senior | F24: 0 | G24: 0 | H24: 0 | I24: 0 | J24: 0 | K24: =I24/H24 -> #DIV/0! | L24: =U24+Y24+Q24 -> 1970 | M24: =(U24*0.3)+(Y24*0.2)+(Q24*0.5) -> 750.8 | N24: 1 | O24: 7 | P24: 39.5 | Q24: 905 | R24: 3 | S24: 3 | T24: 27.2 | U24: 853 | V24: 0 | W24: 2 | X24: 7.3 | Y24: 212 | Z24: =_xlfn.XLOOKUP(A24,'2024-NAT-01'!B:B,'2024-NAT-01'!F:F,0,0)+_xlfn.XLOOKUP('Nominations (2)'!A24,'2024-NAT-01'!B:B,'2024-NAT-01'!G:G,0,0) -> 0 | AA24: =_xlfn.XLOOKUP(A24,'2024-NAT-01'!B:B,'2024-NAT-01'!H:H,0,0) -> 0 | AB24: =_xlfn.XLOOKUP(A24,'2024-NAT-02'!B:B,'2024-NAT-02'!F:F,0,0)+_xlfn.XLOOKUP(A24,'2024-NAT-02'!B:B,'2024-NAT-02'!G:G,0,0) -> 0 | AC24: =_xlfn.XLOOKUP(A24,'2024-NAT-02'!B:B,'2024-NAT-02'!H:H,0,0) -> 0 | AD24: =H24+Z24+AB24 -> 0 | AE24: =J24+AA24+AC24 -> 0
A25: N0022 | B25: Penguin X | C25: Warren | D25: Deysel | E25: Men Veteran | F25: 5 | G25: 17 | H25: 22 | I25: 229.1 | J25: 114.55 | K25: =I25/H25 -> 10.413636 | L25: =U25+Y25+Q25 -> 2421 | M25: =(U25*0.3)+(Y25*0.2)+(Q25*0.5) -> 918.5 | N25: 0 | O25: 12 | P25: 108.1 | Q25: 1107 | R25: 1 | S25: 7 | T25: 66.5 | U25: 1022 | V25: 0 | W25: 8 | X25: 80.7 | Y25: 292 | Z25: =_xlfn.XLOOKUP(A25,'2024-NAT-01'!B:B,'2024-NAT-01'!F:F,0,0)+_xlfn.XLOOKUP('Nominations (2)'!A25,'2024-NAT-01'!B:B,'2024-NAT-01'!G:G,0,0) -> 22 | AA25: =_xlfn.XLOOKUP(A25,'2024-NAT-01'!B:B,'2024-NAT-01'!H:H,0,0) -> 144.9 | AB25: =_xlfn.XLOOKUP(A25,'2024-NAT-02'!B:B,'2024-NAT-02'!F:F,0,0)+_xlfn.XLOOKUP(A25,'2024-NAT-02'!B:B,'2024-NAT-02'!G:G,0,0) -> 3 | AC25: =_xlfn.XLOOKUP(A25,'2024-NAT-02'!B:B,'2024-NAT-02'!H:H,0,0) -> 18.9 | AD25: =H25+Z25+AB25 -> 47 | AE25: =J25+AA25+AC25 -> 278.35
A26: N0774 | B26: Walvis Bay | C26: Francois Jnr | D26: Wolfaardt | E26: Men U/21 | F26: 2 | G26: 17 | H26: 19 | I26: 257.5 | J26: 90.06 | Z26: =_xlfn.XLOOKUP(A26,'2024-NAT-01'!B:B,'2024-NAT-01'!F:F,0,0)+_xlfn.XLOOKUP(A26,'2024-NAT-01'!B:B,'2024-NAT-01'!G:G,0,0) -> 11 | AA26: =_xlfn.XLOOKUP(A26,'2024-NAT-01'!B:B,'2024-NAT-01'!H:H,0,0) -> 68 | AB26: =_xlfn.XLOOKUP(A26,'2024-NAT-02'!B:B,'2024-NAT-02'!F:F,0,0)+_xlfn.XLOOKUP(A26,'2024-NAT-02'!B:B,'2024-NAT-02'!G:G,0,0) -> 3 | AC26: =_xlfn.XLOOKUP(A26,'2024-NAT-02'!B:B,'2024-NAT-02'!H:H,0,0) -> 18.5 | AD26: =H26+Z26+AB26 -> 33 | AE26: =J26+AA26+AC26 -> 176.56
A27: N0024 | B27: Mako X | C27: Andrew | D27: Van Der Westhuizen | E27: Men Veteran | F27: 0 | G27: 6 | H27: 6 | I27: 131.8 | J27: 26.36 | K27: =I27/H27 -> 21.966667 | L27: =U27+Y27+Q27 -> 2196 | M27: =(U27*0.3)+(Y27*0.2)+(Q27*0.5) -> 806.7 | N27: 0 | O27: 17 | P27: 245.1 | Q27: 871 | R27: 1 | S27: 14 | T27: 157.2 | U27: 1062 | V27: 0 | W27: 4 | X27: 42.1 | Y27: 263 | Z27: =_xlfn.XLOOKUP(A27,'2024-NAT-01'!B:B,'2024-NAT-01'!F:F,0,0)+_xlfn.XLOOKUP('Nominations (2)'!A27,'2024-NAT-01'!B:B,'2024-NAT-01'!G:G,0,0) -> 0 | AA27: =_xlfn.XLOOKUP(A27,'2024-NAT-01'!B:B,'2024-NAT-01'!H:H,0,0) -> 0 | AB27: =_xlfn.XLOOKUP(A27,'2024-NAT-02'!B:B,'2024-NAT-02'!F:F,0,0)+_xlfn.XLOOKUP(A27,'2024-NAT-02'!B:B,'2024-NAT-02'!G:G,0,0) -> 0 | AC27: =_xlfn.XLOOKUP(A27,'2024-NAT-02'!B:B,'2024-NAT-02'!H:H,0,0) -> 0 | AD27: =H27+Z27+AB27 -> 6 | AE27: =J27+AA27+AC27 -> 26.36
A28: N0371 | B28: Penguin | C28: Henno | D28: Snyman | E28: Men Master | F28: 1 | G28: 25 | H28: 26 | I28: 294.3 | J28: 103.93 | Z28: =_xlfn.XLOOKUP(A28,'2024-NAT-01'!B:B,'2024-NAT-01'!F:F,0,0)+_xlfn.XLOOKUP(A28,'2024-NAT-01'!B:B,'2024-NAT-01'!G:G,0,0) -> 12 | AA28: =_xlfn.XLOOKUP(A28,'2024-NAT-01'!B:B,'2024-NAT-01'!H:H,0,0) -> 59.2 | AB28: =_xlfn.XLOOKUP(A28,'2024-NAT-02'!B:B,'2024-NAT-02'!F:F,0,0)+_xlfn.XLOOKUP(A28,'2024-NAT-02'!B:B,'2024-NAT-02'!G:G,0,0) -> 3 | AC28: =_xlfn.XLOOKUP(A28,'2024-NAT-02'!B:B,'2024-NAT-02'!H:H,0,0) -> 14.7 | AD28: =H28+Z28+AB28 -> 41 | AE28: =J28+AA28+AC28 -> 177.83
A29: N0045 | B29: Seagull Angling Club | C29: Chrisjan | D29: Potgieter | E29: Men Veteran | F29: 0 | G29: 27 | H29: 27 | I29: 325.3 | J29: 101.83 | K29: =I29/H29 -> 12.048148 | L29: =U29+Y29+Q29 -> 1366 | M29: =(U29*0.3)+(Y29*0.2)+(Q29*0.5) -> 554.9 | N29: 0 | O29: 9 | P29: 107.6 | Q29: 845 | R29: 0 | S29: 2 | T29: 21 | U29: 282 | V29: 0 | W29: 1 | X29: 12 | Y29: 239 | Z29: =_xlfn.XLOOKUP(A29,'2024-NAT-01'!B:B,'2024-NAT-01'!F:F,0,0)+_xlfn.XLOOKUP(A29,'2024-NAT-01'!B:B,'2024-NAT-01'!G:G,0,0) -> 6 | AA29: =_xlfn.XLOOKUP(A29,'2024-NAT-01'!B:B,'2024-NAT-01'!H:H,0,0) -> 61.7 | AB29: =_xlfn.XLOOKUP(A29,'2024-NAT-02'!B:B,'2024-NAT-02'!F:F,0,0)+_xlfn.XLOOKUP(A29,'2024-NAT-02'!B:B,'2024-NAT-02'!G:G,0,0) -> 0 | AC29: =_xlfn.XLOOKUP(A29,'2024-NAT-02'!B:B,'2024-NAT-02'!H:H,0,0) -> 0 | AD29: =H29+Z29+AB29 -> 33 | AE29: =J29+AA29+AC29 -> 163.53
A30: N0027 | B30: xSkeleton Coast | C30: Andre | D30: Theart | E30: Men Grand Masters | F30: 0 | G30: 0 | H30: 0 | I30: 0 | J30: 0 | K30: =I30/H30 -> #DIV/0! | L30: =U30+Y30+Q30 -> 182 | M30: =(U30*0.3)+(Y30*0.2)+(Q30*0.5) -> 91 | N30: 0 | O30: 2 | P30: 9.1 | Q30: 182 | R30: 0 | S30: 0 | T30: 0 | U30: 0 | V30: 0 | W30: 0 | X30: 0 | Y30: 0 | Z30: =_xlfn.XLOOKUP(A30,'2024-NAT-01'!B:B,'2024-NAT-01'!F:F,0,0)+_xlfn.XLOOKUP('Nominations (2)'!A30,'2024-NAT-01'!B:B,'2024-NAT-01'!G:G,0,0) -> 0 | AA30: =_xlfn.XLOOKUP(A30,'2024-NAT-01'!B:B,'2024-NAT-01'!H:H,0,0) -> 0 | AB30: =_xlfn.XLOOKUP(A30,'2024-NAT-02'!B:B,'2024-NAT-02'!F:F,0,0)+_xlfn.XLOOKUP(A30,'2024-NAT-02'!B:B,'2024-NAT-02'!G:G,0,0) -> 0 | AC30: =_xlfn.XLOOKUP(A30,'2024-NAT-02'!B:B,'2024-NAT-02'!H:H,0,0) -> 0 | AD30: =H30+Z30+AB30 -> 0 | AE30: =J30+AA30+AC30 -> 0
A31: N0028 | B31: xAtlantic Angling Club | C31: George | D31: Coetzee | E31: Men Master | F31: 0 | G31: 0 | H31: 0 | I31: 0 | J31: 0 | K31: =I31/H31 -> #DIV/0! | L31: =U31+Y31+Q31 -> 0 | M31: =(U31*0.3)+(Y31*0.2)+(Q31*0.5) -> 0 | N31: 0 | O31: 0 | P31: 0 | Q31: 0 | R31: 0 | S31: 0 | T31: 0 | U31: 0 | V31: 0 | W31: 0 | X31: 0 | Y31: 0 | Z31: =_xlfn.XLOOKUP(A31,'2024-NAT-01'!B:B,'2024-NAT-01'!F:F,0,0)+_xlfn.XLOOKUP('Nominations (2)'!A31,'2024-NAT-01'!B:B,'2024-NAT-01'!G:G,0,0) -> 0 | AA31: =_xlfn.XLOOKUP(A31,'2024-NAT-01'!B:B,'2024-NAT-01'!H:H,0,0) -> 0 | AB31: =_xlfn.XLOOKUP(A31,'2024-NAT-02'!B:B,'2024-NAT-02'!F:F,0,0)+_xlfn.XLOOKUP(A31,'2024-NAT-02'!B:B,'2024-NAT-02'!G:G,0,0) -> 0 | AC31: =_xlfn.XLOOKUP(A31,'2024-NAT-02'!B:B,'2024-NAT-02'!H:H,0,0) -> 0 | AD31: =H31+Z31+AB31 -> 0 | AE31: =J31+AA31+AC31 -> 0
A32: N0029 | B32: xNamib Park | C32: Carel | D32: De Jager | E32: Men Veteran | F32: 0 | G32: 0 | H32: 0 | I32: 0 | J32: 0 | K32: =I32/H32 -> #DIV/0! | L32: =U32+Y32+Q32 -> 1473 | M32: =(U32*0.3)+(Y32*0.2)+(Q32*0.5) -> 578.4 | N32: 1 | O32: 9 | P32: 99.5 | Q32: 805 | R32: 1 | S32: 2 | T32: 6.5 | U32: 423 | V32: 0 | W32: 4 | X32: 32.3 | Y32: 245 | Z32: =_xlfn.XLOOKUP(A32,'2024-NAT-01'!B:B,'2024-NAT-01'!F:F,0,0)+_xlfn.XLOOKUP('Nominations (2)'!A32,'2024-NAT-01'!B:B,'2024-NAT-01'!G:G,0,0) -> 0 | AA32: =_xlfn.XLOOKUP(A32,'2024-NAT-01'!B:B,'2024-NAT-01'!H:H,0,0) -> 0 | AB32: =_xlfn.XLOOKUP(A32,'2024-NAT-02'!B:B,'2024-NAT-02'!F:F,0,0)+_xlfn.XLOOKUP(A32,'2024-NAT-02'!B:B,'2024-NAT-02'!G:G,0,0) -> 0 | AC32: =_xlfn.XLOOKUP(A32,'2024-NAT-02'!B:B,'2024-NAT-02'!H:H,0,0) -> 0 | AD32: =H32+Z32+AB32 -> 0 | AE32: =J32+AA32+AC32 -> 0
A33: N0730 | B33: Steenbras | C33: Wikus | D33: Viljoen | E33: Men Veteran | F33: 0 | G33: 22 | H33: 22 | I33: 328.5 | J33: 91.09 | Z33: =_xlfn.XLOOKUP(A33,'2024-NAT-01'!B:B,'2024-NAT-01'!F:F,0,0)+_xlfn.XLOOKUP(A33,'2024-NAT-01'!B:B,'2024-NAT-01'!G:G,0,0) -> 6 | AA33: =_xlfn.XLOOKUP(A33,'2024-NAT-01'!B:B,'2024-NAT-01'!H:H,0,0) -> 31.8 | AB33: =_xlfn.XLOOKUP(A33,'2024-NAT-02'!B:B,'2024-NAT-02'!F:F,0,0)+_xlfn.XLOOKUP(A33,'2024-NAT-02'!B:B,'2024-NAT-02'!G:G,0,0) -> 1 | AC33: =_xlfn.XLOOKUP(A33,'2024-NAT-02'!B:B,'2024-NAT-02'!H:H,0,0) -> 7.4 | AD33: =H33+Z33+AB33 -> 29 | AE33: =J33+AA33+AC33 -> 130.29
A34: N0031 | B34: Henties Bay X | C34: Emil | D34: Prinsloo | E34: Men Veteran | F34: 0 | G34: 32 | H34: 32 | I34: 393.3 | J34: 103.67 | K34: =I34/H34 -> 12.290625 | L34: =U34+Y34+Q34 -> 2223 | M34: =(U34*0.3)+(Y34*0.2)+(Q34*0.5) -> 866.7 | N34: 1 | O34: 15 | P34: 163.3 | Q34: 1148 | R34: 0 | S34: 10 | T34: 100.3 | U34: 777 | V34: 0 | W34: 6 | X34: 112.8 | Y34: 298 | Z34: =_xlfn.XLOOKUP(A34,'2024-NAT-01'!B:B,'2024-NAT-01'!F:F,0,0)+_xlfn.XLOOKUP('Nominations (2)'!A34,'2024-NAT-01'!B:B,'2024-NAT-01'!G:G,0,0) -> 0 | AA34: =_xlfn.XLOOKUP(A34,'2024-NAT-01'!B:B,'2024-NAT-01'!H:H,0,0) -> 0 | AB34: =_xlfn.XLOOKUP(A34,'2024-NAT-02'!B:B,'2024-NAT-02'!F:F,0,0)+_xlfn.XLOOKUP(A34,'2024-NAT-02'!B:B,'2024-NAT-02'!G:G,0,0) -> 0 | AC34: =_xlfn.XLOOKUP(A34,'2024-NAT-02'!B:B,'2024-NAT-02'!H:H,0,0) -> 0 | AD34: =H34+Z34+AB34 -> 32 | AE34: =J34+AA34+AC34 -> 103.67
A35: N0032 | B35: Seagull Angling Club X | C35: Jaco | D35: Mertens | E35: Men Senior | F35: 0 | G35: 11 | H35: 11 | I35: 131.1 | J35: 36.31 | K35: =I35/H35 -> 11.918182 | L35: =U35+Y35+Q35 -> 793 | M35: =(U35*0.3)+(Y35*0.2)+(Q35*0.5) -> 355.1 | N35: 3 | O35: 2 | P35: 7.6 | Q35: 586 | R35: 2 | S35: 0 | T35: 2.2 | U35: 207 | V35: 0 | W35: 0 | X35: 0 | Y35: 0 | Z35: =_xlfn.XLOOKUP(A35,'2024-NAT-01'!B:B,'2024-NAT-01'!F:F,0,0)+_xlfn.XLOOKUP('Nominations (2)'!A35,'2024-NAT-01'!B:B,'2024-NAT-01'!G:G,0,0) -> 0 | AA35: =_xlfn.XLOOKUP(A35,'2024-NAT-01'!B:B,'2024-NAT-01'!H:H,0,0) -> 0 | AB35: =_xlfn.XLOOKUP(A35,'2024-NAT-02'!B:B,'2024-NAT-02'!F:F,0,0)+_xlfn.XLOOKUP(A35,'2024-NAT-02'!B:B,'2024-NAT-02'!G:G,0,0) -> 0 | AC35: =_xlfn.XLOOKUP(A35,'2024-NAT-02'!B:B,'2024-NAT-02'!H:H,0,0) -> 0 | AD35: =H35+Z35+AB35 -> 11 | AE35: =J35+AA35+AC35 -> 36.31
A36: N0033 | B36: Henties Bay X | C36: Kobus | D36: Nel | E36: Men Master | F36: 5 | G36: 4 | H36: 9 | I36: 34.6 | J36: 11.26 | K36: =I36/H36 -> 3.8444444 | L36: =U36+Y36+Q36 -> 491 | M36: =(U36*0.3)+(Y36*0.2)+(Q36*0.5) -> 195.9 | N36: 0 | O36: 7 | P36: 34.7 | Q36: 253 | R36: 0 | S36: 1 | T36: 17 | U36: 218 | V36: 0 | W36: 0 | X36: 0 | Y36: 20 | Z36: =_xlfn.XLOOKUP(A36,'2024-NAT-01'!B:B,'2024-NAT-01'!F:F,0,0)+_xlfn.XLOOKUP('Nominations (2)'!A36,'2024-NAT-01'!B:B,'2024-NAT-01'!G:G,0,0) -> 0 | AA36: =_xlfn.XLOOKUP(A36,'2024-NAT-01'!B:B,'2024-NAT-01'!H:H,0,0) -> 0 | AB36: =_xlfn.XLOOKUP(A36,'2024-NAT-02'!B:B,'2024-NAT-02'!F:F,0,0)+_xlfn.XLOOKUP(A36,'2024-NAT-02'!B:B,'2024-NAT-02'!G:G,0,0) -> 0 | AC36: =_xlfn.XLOOKUP(A36,'2024-NAT-02'!B:B,'2024-NAT-02'!H:H,0,0) -> 0 | AD36: =H36+Z36+AB36 -> 9 | AE36: =J36+AA36+AC36 -> 11.26
A37: N0034 | B37: xOrca Angling Club | C37: Leandre | D37: Horn | E37: Ladies Senior | F37: 0 | G37: 1 | H37: 1 | I37: 17.4 | J37: 3.48 | K37: =I37/H37 -> 17.4 | L37: =U37+Y37+Q37 -> 1434 | M37: =(U37*0.3)+(Y37*0.2)+(Q37*0.5) -> 471.3 | N37: 1 | O37: 3 | P37: 34.8 | Q37: 342 | R37: 1 | S37: 5 | T37: 27 | U37: 819 | V37: 0 | W37: 4 | X37: 48.6 | Y37: 273 | Z37: =_xlfn.XLOOKUP(A37,'2024-NAT-01'!B:B,'2024-NAT-01'!F:F,0,0)+_xlfn.XLOOKUP('Nominations (2)'!A37,'2024-NAT-01'!B:B,'2024-NAT-01'!G:G,0,0) -> 0 | AA37: =_xlfn.XLOOKUP(A37,'2024-NAT-01'!B:B,'2024-NAT-01'!H:H,0,0) -> 0 | AB37: =_xlfn.XLOOKUP(A37,'2024-NAT-02'!B:B,'2024-NAT-02'!F:F,0,0)+_xlfn.XLOOKUP(A37,'2024-NAT-02'!B:B,'2024-NAT-02'!G:G,0,0) -> 0 | AC37: =_xlfn.XLOOKUP(A37,'2024-NAT-02'!B:B,'2024-NAT-02'!H:H,0,0) -> 0 | AD37: =H37+Z37+AB37 -> 1 | AE37: =J37+AA37+AC37 -> 3.48
A38: N0035 | B38: Mako X | C38: Johan | D38: Van Wyk | E38: Men Veteran | F38: 4 | G38: 19 | H38: 23 | I38: 231.3 | J38: 60.78 | K38: =I38/H38 -> 10.056522 | L38: =U38+Y38+Q38 -> 1500 | M38: =(U38*0.3)+(Y38*0.2)+(Q38*0.5) -> 602.2 | N38: 2 | O38: 4 | P38: 28.8 | Q38: 761 | R38: 2 | S38: 3 | T38: 22.4 | U38: 739 | V38: 0 | W38: 0 | X38: 0 | Y38: 0 | Z38: =_xlfn.XLOOKUP(A38,'2024-NAT-01'!B:B,'2024-NAT-01'!F:F,0,0)+_xlfn.XLOOKUP('Nominations (2)'!A38,'2024-NAT-01'!B:B,'2024-NAT-01'!G:G,0,0) -> 0 | AA38: =_xlfn.XLOOKUP(A38,'2024-NAT-01'!B:B,'2024-NAT-01'!H:H,0,0) -> 0 | AB38: =_xlfn.XLOOKUP(A38,'2024-NAT-02'!B:B,'2024-NAT-02'!F:F,0,0)+_xlfn.XLOOKUP(A38,'2024-NAT-02'!B:B,'2024-NAT-02'!G:G,0,0) -> 0 | AC38: =_xlfn.XLOOKUP(A38,'2024-NAT-02'!B:B,'2024-NAT-02'!H:H,0,0) -> 0 | AD38: =H38+Z38+AB38 -> 23 | AE38: =J38+AA38+AC38 -> 60.78
A39: N0036 | B39: Mako X | C39: Gunther | D39: Doll | E39: Men Senior | F39: 0 | G39: 5 | H39: 5 | I39: 54.5 | J39: 10.9 | K39: =I39/H39 -> 10.9 | L39: =U39+Y39+Q39 -> 1973 | M39: =(U39*0.3)+(Y39*0.2)+(Q39*0.5) -> 678.1 | N39: 0 | O39: 10 | P39: 112 | Q39: 577 | R39: 0 | S39: 12 | T39: 158.9 | U39: 1104 | V39: 0 | W39: 4 | X39: 50.2 | Y39: 292 | Z39: =_xlfn.XLOOKUP(A39,'2024-NAT-01'!B:B,'2024-NAT-01'!F:F,0,0)+_xlfn.XLOOKUP('Nominations (2)'!A39,'2024-NAT-01'!B:B,'2024-NAT-01'!G:G,0,0) -> 0 | AA39: =_xlfn.XLOOKUP(A39,'2024-NAT-01'!B:B,'2024-NAT-01'!H:H,0,0) -> 0 | AB39: =_xlfn.XLOOKUP(A39,'2024-NAT-02'!B:B,'2024-NAT-02'!F:F,0,0)+_xlfn.XLOOKUP(A39,'2024-NAT-02'!B:B,'2024-NAT-02'!G:G,0,0) -> 0 | AC39: =_xlfn.XLOOKUP(A39,'2024-NAT-02'!B:B,'2024-NAT-02'!H:H,0,0) -> 0 | AD39: =H39+Z39+AB39 -> 5 | AE39: =J39+AA39+AC39 -> 10.9
A40: N0044 | B40: Orca Angling Club | C40: Leon | D40: Krauze | E40: Men Veteran | F40: 3 | G40: 22 | H40: 25 | I40: 315 | J40: 78.21 | K40: =I40/H40 -> 12.6 | L40: =U40+Y40+Q40 -> 331 | M40: =(U40*0.3)+(Y40*0.2)+(Q40*0.5) -> 165.5 | N40: 1 | O40: 0 | P40: 2 | Q40: 331 | R40: 0 | S40: 0 | T40: 0 | U40: 0 | V40: 0 | W40: 0 | X40: 0 | Y40: 0 | Z40: =_xlfn.XLOOKUP(A40,'2024-NAT-01'!B:B,'2024-NAT-01'!F:F,0,0)+_xlfn.XLOOKUP(A40,'2024-NAT-01'!B:B,'2024-NAT-01'!G:G,0,0) -> 11 | AA40: =_xlfn.XLOOKUP(A40,'2024-NAT-01'!B:B,'2024-NAT-01'!H:H,0,0) -> 66 | AB40: =_xlfn.XLOOKUP(A40,'2024-NAT-02'!B:B,'2024-NAT-02'!F:F,0,0)+_xlfn.XLOOKUP(A40,'2024-NAT-02'!B:B,'2024-NAT-02'!G:G,0,0) -> 2 | AC40: =_xlfn.XLOOKUP(A40,'2024-NAT-02'!B:B,'2024-NAT-02'!H:H,0,0) -> 3.1 | AD40: =H40+Z40+AB40 -> 38 | AE40: =J40+AA40+AC40 -> 147.31
A41: N0038 | B41: xMako | C41: Hein | D41: Lintvelt | E41: Men Senior | F41: 0 | G41: 0 | H41: 0 | I41: 0 | J41: 0 | K41: =I41/H41 -> #DIV/0! | L41: =U41+Y41+Q41 -> 1181 | M41: =(U41*0.3)+(Y41*0.2)+(Q41*0.5) -> 412.1 | N41: 0 | O41: 6 | P41: 32.3 | Q41: 289 | R41: 3 | S41: 4 | T41: 95.1 | U41: 892 | V41: 0 | W41: 0 | X41: 0 | Y41: 0 | Z41: =_xlfn.XLOOKUP(A41,'2024-NAT-01'!B:B,'2024-NAT-01'!F:F,0,0)+_xlfn.XLOOKUP('Nominations (2)'!A41,'2024-NAT-01'!B:B,'2024-NAT-01'!G:G,0,0) -> 0 | AA41: =_xlfn.XLOOKUP(A41,'2024-NAT-01'!B:B,'2024-NAT-01'!H:H,0,0) -> 0 | AB41: =_xlfn.XLOOKUP(A41,'2024-NAT-02'!B:B,'2024-NAT-02'!F:F,0,0)+_xlfn.XLOOKUP(A41,'2024-NAT-02'!B:B,'2024-NAT-02'!G:G,0,0) -> 0 | AC41: =_xlfn.XLOOKUP(A41,'2024-NAT-02'!B:B,'2024-NAT-02'!H:H,0,0) -> 0 | AD41: =H41+Z41+AB41 -> 0 | AE41: =J41+AA41+AC41 -> 0
A42: N0039 | B42: xAtlantic Angling Club | C42: Attie | D42: Von Bosch | E42: Men Veteran | F42: 0 | G42: 0 | H42: 0 | I42: 0 | J42: 0 | K42: =I42/H42 -> #DIV/0! | L42: =U42+Y42+Q42 -> 1794 | M42: =(U42*0.3)+(Y42*0.2)+(Q42*0.5) -> 643.6 | N42: 1 | O42: 6 | P42: 39.6 | Q42: 646 | R42: 3 | S42: 2 | T42: 45.6 | U42: 910 | V42: 0 | W42: 3 | X42: 18.6 | Y42: 238 | Z42: =_xlfn.XLOOKUP(A42,'2024-NAT-01'!B:B,'2024-NAT-01'!F:F,0,0)+_xlfn.XLOOKUP('Nominations (2)'!A42,'2024-NAT-01'!B:B,'2024-NAT-01'!G:G,0,0) -> 0 | AA42: =_xlfn.XLOOKUP(A42,'2024-NAT-01'!B:B,'2024-NAT-01'!H:H,0,0) -> 0 | AB42: =_xlfn.XLOOKUP(A42,'2024-NAT-02'!B:B,'2024-NAT-02'!F:F,0,0)+_xlfn.XLOOKUP(A42,'2024-NAT-02'!B:B,'2024-NAT-02'!G:G,0,0) -> 0 | AC42: =_xlfn.XLOOKUP(A42,'2024-NAT-02'!B:B,'2024-NAT-02'!H:H,0,0) -> 0 | AD42: =H42+Z42+AB42 -> 0 | AE42: =J42+AA42+AC42 -> 0
A43: N0040 | B43: xWelwitschia | C43: Morne | D43: Honiball | E43: Men Veteran | F43: 0 | G43: 0 | H43: 0 | I43: 0 | J43: 0 | K43: =I43/H43 -> #DIV/0! | L43: =U43+Y43+Q43 -> 2351 | M43: =(U43*0.3)+(Y43*0.2)+(Q43*0.5) -> 869.5 | N43: 2 | O43: 7 | P43: 111.9 | Q43: 964 | R43: 0 | S43: 14 | T43: 212.5 | U43: 1101 | V43: 0 | W43: 9 | X43: 63.9 | Y43: 286 | Z43: =_xlfn.XLOOKUP(A43,'2024-NAT-01'!B:B,'2024-NAT-01'!F:F,0,0)+_xlfn.XLOOKUP('Nominations (2)'!A43,'2024-NAT-01'!B:B,'2024-NAT-01'!G:G,0,0) -> 0 | AA43: =_xlfn.XLOOKUP(A43,'2024-NAT-01'!B:B,'2024-NAT-01'!H:H,0,0) -> 0 | AB43: =_xlfn.XLOOKUP(A43,'2024-NAT-02'!B:B,'2024-NAT-02'!F:F,0,0)+_xlfn.XLOOKUP(A43,'2024-NAT-02'!B:B,'2024-NAT-02'!G:G,0,0) -> 0 | AC43: =_xlfn.XLOOKUP(A43,'2024-NAT-02'!B:B,'2024-NAT-02'!H:H,0,0) -> 0 | AD43: =H43+Z43+AB43 -> 0 | AE43: =J43+AA43+AC43 -> 0
A44: N0610 | B44: Otjiwarongo | C44: Martinus | D44: Venter | E44: Men Veteran | F44: 4 | G44: 19 | H44: 23 | I44: 247 | J44: 77.11 | Z44: =_xlfn.XLOOKUP(A44,'2024-NAT-01'!B:B,'2024-NAT-01'!F:F,0,0)+_xlfn.XLOOKUP(A44,'2024-NAT-01'!B:B,'2024-NAT-01'!G:G,0,0) -> 6 | AA44: =_xlfn.XLOOKUP(A44,'2024-NAT-01'!B:B,'2024-NAT-01'!H:H,0,0) -> 29.5 | AB44: =_xlfn.XLOOKUP(A44,'2024-NAT-02'!B:B,'2024-NAT-02'!F:F,0,0)+_xlfn.XLOOKUP(A44,'2024-NAT-02'!B:B,'2024-NAT-02'!G:G,0,0) -> 0 | AC44: =_xlfn.XLOOKUP(A44,'2024-NAT-02'!B:B,'2024-NAT-02'!H:H,0,0) -> 0 | AD44: =H44+Z44+AB44 -> 29 | AE44: =J44+AA44+AC44 -> 106.61
A45: N0042 | B45: xBenguella | C45: Marcus | D45: Kirchner-Frankle | E45: Men Senior | F45: 0 | G45: 0 | H45: 0 | I45: 0 | J45: 0 | K45: =I45/H45 -> #DIV/0! | L45: =U45+Y45+Q45 -> 1636 | M45: =(U45*0.3)+(Y45*0.2)+(Q45*0.5) -> 665.4 | N45: 3 | O45: 10 | P45: 146.9 | Q45: 1023 | R45: 0 | S45: 1 | T45: 17.8 | U45: 313 | V45: 0 | W45: 8 | X45: 128.1 | Y45: 300 | Z45: =_xlfn.XLOOKUP(A45,'2024-NAT-01'!B:B,'2024-NAT-01'!F:F,0,0)+_xlfn.XLOOKUP('Nominations (2)'!A45,'2024-NAT-01'!B:B,'2024-NAT-01'!G:G,0,0) -> 0 | AA45: =_xlfn.XLOOKUP(A45,'2024-NAT-01'!B:B,'2024-NAT-01'!H:H,0,0) -> 0 | AB45: =_xlfn.XLOOKUP(A45,'2024-NAT-02'!B:B,'2024-NAT-02'!F:F,0,0)+_xlfn.XLOOKUP(A45,'2024-NAT-02'!B:B,'2024-NAT-02'!G:G,0,0) -> 0 | AC45: =_xlfn.XLOOKUP(A45,'2024-NAT-02'!B:B,'2024-NAT-02'!H:H,0,0) -> 0 | AD45: =H45+Z45+AB45 -> 0 | AE45: =J45+AA45+AC45 -> 0
A46: N0043 | B46: xWelwitschia | C46: Cecil | D46: Laubscher | E46: Ladies Master | F46: 2 | G46: 2 | H46: 4 | I46: 20.2 | J46: 4.44 | K46: =I46/H46 -> 5.05 | L46: =U46+Y46+Q46 -> 1721 | M46: =(U46*0.3)+(Y46*0.2)+(Q46*0.5) -> 590.7 | N46: 1 | O46: 2 | P46: 15.7 | Q46: 485 | R46: 3 | S46: 4 | T46: 142.3 | U46: 1010 | V46: 0 | W46: 2 | X46: 23.2 | Y46: 226 | Z46: =_xlfn.XLOOKUP(A46,'2024-NAT-01'!B:B,'2024-NAT-01'!F:F,0,0)+_xlfn.XLOOKUP('Nominations (2)'!A46,'2024-NAT-01'!B:B,'2024-NAT-01'!G:G,0,0) -> 0 | AA46: =_xlfn.XLOOKUP(A46,'2024-NAT-01'!B:B,'2024-NAT-01'!H:H,0,0) -> 0 | AB46: =_xlfn.XLOOKUP(A46,'2024-NAT-02'!B:B,'2024-NAT-02'!F:F,0,0)+_xlfn.XLOOKUP(A46,'2024-NAT-02'!B:B,'2024-NAT-02'!G:G,0,0) -> 0 | AC46: =_xlfn.XLOOKUP(A46,'2024-NAT-02'!B:B,'2024-NAT-02'!H:H,0,0) -> 0 | AD46: =H46+Z46+AB46 -> 4 | AE46: =J46+AA46+AC46 -> 4.44
A47: N0307 | B47: Orca Angling Club | C47: Herman | D47: Krauze | E47: Men U/21 | F47: 2 | G47: 24 | H47: 26 | I47: 362.2 | J47: 94.97 | Z47: =_xlfn.XLOOKUP(A47,'2024-NAT-01'!B:B,'2024-NAT-01'!F:F,0,0)+_xlfn.XLOOKUP(A47,'2024-NAT-01'!B:B,'2024-NAT-01'!G:G,0,0) -> 13 | AA47: =_xlfn.XLOOKUP(A47,'2024-NAT-01'!B:B,'2024-NAT-01'!H:H,0,0) -> 31.8 | AB47: =_xlfn.XLOOKUP(A47,'2024-NAT-02'!B:B,'2024-NAT-02'!F:F,0,0)+_xlfn.XLOOKUP(A47,'2024-NAT-02'!B:B,'2024-NAT-02'!G:G,0,0) -> 1 | AC47: =_xlfn.XLOOKUP(A47,'2024-NAT-02'!B:B,'2024-NAT-02'!H:H,0,0) -> 1.6 | AD47: =H47+Z47+AB47 -> 40 | AE47: =J47+AA47+AC47 -> 128.37
A48: N0019 | B48: Mako | C48: Johan | D48: Visser | E48: Men Veteran | F48: 6 | G48: 23 | H48: 29 | I48: 273.6 | J48: 75.05 | K48: =I48/H48 -> 9.4344828 | L48: =U48+Y48+Q48 -> 377 | M48: =(U48*0.3)+(Y48*0.2)+(Q48*0.5) -> 154.5 | N48: 0 | O48: 2 | P48: 6.6 | Q48: 207 | R48: 1 | S48: 0 | T48: 1.2 | U48: 170 | V48: 0 | W48: 0 | X48: 0 | Y48: 0 | Z48: =_xlfn.XLOOKUP(A48,'2024-NAT-01'!B:B,'2024-NAT-01'!F:F,0,0)+_xlfn.XLOOKUP(A48,'2024-NAT-01'!B:B,'2024-NAT-01'!G:G,0,0) -> 6 | AA48: =_xlfn.XLOOKUP(A48,'2024-NAT-01'!B:B,'2024-NAT-01'!H:H,0,0) -> 110.3 | AB48: =_xlfn.XLOOKUP(A48,'2024-NAT-02'!B:B,'2024-NAT-02'!F:F,0,0)+_xlfn.XLOOKUP(A48,'2024-NAT-02'!B:B,'2024-NAT-02'!G:G,0,0) -> 1 | AC48: =_xlfn.XLOOKUP(A48,'2024-NAT-02'!B:B,'2024-NAT-02'!H:H,0,0) -> 2 | AD48: =H48+Z48+AB48 -> 36 | AE48: =J48+AA48+AC48 -> 187.35
A49: N0046 | B49: xPenguin | C49: Marius | D49: Kruger | E49: Men Veteran | F49: 1 | G49: 0 | H49: 1 | I49: 2.1 | J49: 0.63 | K49: =I49/H49 -> 2.1 | L49: =U49+Y49+Q49 -> 675 | M49: =(U49*0.3)+(Y49*0.2)+(Q49*0.5) -> 265.3 | N49: 1 | O49: 1 | P49: 3.6 | Q49: 314 | R49: 1 | S49: 1 | T49: 2.3 | U49: 361 | V49: 0 | W49: 0 | X49: 0 | Y49: 0 | Z49: =_xlfn.XLOOKUP(A49,'2024-NAT-01'!B:B,'2024-NAT-01'!F:F,0,0)+_xlfn.XLOOKUP('Nominations (2)'!A49,'2024-NAT-01'!B:B,'2024-NAT-01'!G:G,0,0) -> 0 | AA49: =_xlfn.XLOOKUP(A49,'2024-NAT-01'!B:B,'2024-NAT-01'!H:H,0,0) -> 0 | AB49: =_xlfn.XLOOKUP(A49,'2024-NAT-02'!B:B,'2024-NAT-02'!F:F,0,0)+_xlfn.XLOOKUP(A49,'2024-NAT-02'!B:B,'2024-NAT-02'!G:G,0,0) -> 0 | AC49: =_xlfn.XLOOKUP(A49,'2024-NAT-02'!B:B,'2024-NAT-02'!H:H,0,0) -> 0 | AD49: =H49+Z49+AB49 -> 1 | AE49: =J49+AA49+AC49 -> 0.63
A50: N0047 | B50: xSkeleton Coast | C50: Jaco | D50: Smit | E50: Men Senior | F50: 0 | G50: 0 | H50: 0 | I50: 0 | J50: 0 | K50: =I50/H50 -> #DIV/0! | L50: =U50+Y50+Q50 -> 269 | M50: =(U50*0.3)+(Y50*0.2)+(Q50*0.5) -> 73.8 | N50: 0 | O50: 0 | P50: 0 | Q50: 60 | R50: 0 | S50: 0 | T50: 0 | U50: 20 | V50: 0 | W50: 3 | X50: 4.8 | Y50: 189 | Z50: =_xlfn.XLOOKUP(A50,'2024-NAT-01'!B:B,'2024-NAT-01'!F:F,0,0)+_xlfn.XLOOKUP('Nominations (2)'!A50,'2024-NAT-01'!B:B,'2024-NAT-01'!G:G,0,0) -> 0 | AA50: =_xlfn.XLOOKUP(A50,'2024-NAT-01'!B:B,'2024-NAT-01'!H:H,0,0) -> 0 | AB50: =_xlfn.XLOOKUP(A50,'2024-NAT-02'!B:B,'2024-NAT-02'!F:F,0,0)+_xlfn.XLOOKUP(A50,'2024-NAT-02'!B:B,'2024-NAT-02'!G:G,0,0) -> 0 | AC50: =_xlfn.XLOOKUP(A50,'2024-NAT-02'!B:B,'2024-NAT-02'!H:H,0,0) -> 0 | AD50: =H50+Z50+AB50 -> 0 | AE50: =J50+AA50+AC50 -> 0
A51: N0048 | B51: xPenguin | C51: Morne | D51: Burger | E51: Men Veteran | F51: 0 | G51: 0 | H51: 0 | I51: 0 | J51: 0 | K51: =I51/H51 -> #DIV/0! | L51: =U51+Y51+Q51 -> 20 | M51: =(U51*0.3)+(Y51*0.2)+(Q51*0.5) -> 10 | N51: 0 | O51: 0 | P51: 0 | Q51: 20 | R51: 0 | S51: 0 | T51: 0 | U51: 0 | V51: 0 | W51: 0 | X51: 0 | Y51: 0 | Z51: =_xlfn.XLOOKUP(A51,'2024-NAT-01'!B:B,'2024-NAT-01'!F:F,0,0)+_xlfn.XLOOKUP('Nominations (2)'!A51,'2024-NAT-01'!B:B,'2024-NAT-01'!G:G,0,0) -> 0 | AA51: =_xlfn.XLOOKUP(A51,'2024-NAT-01'!B:B,'2024-NAT-01'!H:H,0,0) -> 0 | AB51: =_xlfn.XLOOKUP(A51,'2024-NAT-02'!B:B,'2024-NAT-02'!F:F,0,0)+_xlfn.XLOOKUP(A51,'2024-NAT-02'!B:B,'2024-NAT-02'!G:G,0,0) -> 0 | AC51: =_xlfn.XLOOKUP(A51,'2024-NAT-02'!B:B,'2024-NAT-02'!H:H,0,0) -> 0 | AD51: =H51+Z51+AB51 -> 0 | AE51: =J51+AA51+AC51 -> 0
A52: N0049 | B52: xSeagulls WHK | C52: Gideon | D52: Scheepers | E52: Men Master | F52: 0 | G52: 0 | H52: 0 | I52: 0 | J52: 0 | K52: =I52/H52 -> #DIV/0! | L52: =U52+Y52+Q52 -> 1329 | M52: =(U52*0.3)+(Y52*0.2)+(Q52*0.5) -> 503 | N52: 0 | O52: 4 | P52: 28.3 | Q52: 630 | R52: 0 | S52: 3 | T52: 31.3 | U52: 482 | V52: 0 | W52: 3 | X52: 9 | Y52: 217 | Z52: =_xlfn.XLOOKUP(A52,'2024-NAT-01'!B:B,'2024-NAT-01'!F:F,0,0)+_xlfn.XLOOKUP('Nominations (2)'!A52,'2024-NAT-01'!B:B,'2024-NAT-01'!G:G,0,0) -> 0 | AA52: =_xlfn.XLOOKUP(A52,'2024-NAT-01'!B:B,'2024-NAT-01'!H:H,0,0) -> 0 | AB52: =_xlfn.XLOOKUP(A52,'2024-NAT-02'!B:B,'2024-NAT-02'!F:F,0,0)+_xlfn.XLOOKUP(A52,'2024-NAT-02'!B:B,'2024-NAT-02'!G:G,0,0) -> 0 | AC52: =_xlfn.XLOOKUP(A52,'2024-NAT-02'!B:B,'2024-NAT-02'!H:H,0,0) -> 0 | AD52: =H52+Z52+AB52 -> 0 | AE52: =J52+AA52+AC52 -> 0
A53: N0095 | B53: Henties Bay | C53: Simen | D53: Andersen | E53: Men Grand Masters | F53: 3 | G53: 23 | H53: 26 | I53: 248 | J53: 82.43 | Z53: =_xlfn.XLOOKUP(A53,'2024-NAT-01'!B:B,'2024-NAT-01'!F:F,0,0)+_xlfn.XLOOKUP(A53,'2024-NAT-01'!B:B,'2024-NAT-01'!G:G,0,0) -> 13 | AA53: =_xlfn.XLOOKUP(A53,'2024-NAT-01'!B:B,'2024-NAT-01'!H:H,0,0) -> 37.3 | AB53: =_xlfn.XLOOKUP(A53,'2024-NAT-02'!B:B,'2024-NAT-02'!F:F,0,0)+_xlfn.XLOOKUP(A53,'2024-NAT-02'!B:B,'2024-NAT-02'!G:G,0,0) -> 4 | AC53: =_xlfn.XLOOKUP(A53,'2024-NAT-02'!B:B,'2024-NAT-02'!H:H,0,0) -> 8 | AD53: =H53+Z53+AB53 -> 43 | AE53: =J53+AA53+AC53 -> 127.73
A54: N0051 | B54: Penguin X | C54: Bernard | D54: Pretorius | E54: Men Master | F54: 0 | G54: 3 | H54: 3 | I54: 25.4 | J54: 8.86 | K54: =I54/H54 -> 8.4666667 | L54: =U54+Y54+Q54 -> 2419 | M54: =(U54*0.3)+(Y54*0.2)+(Q54*0.5) -> 933.9 | N54: 0 | O54: 12 | P54: 160.3 | Q54: 1153 | R54: 0 | S54: 12 | T54: 182.9 | U54: 1042 | V54: 0 | W54: 4 | X54: 21.9 | Y54: 224 | Z54: =_xlfn.XLOOKUP(A54,'2024-NAT-01'!B:B,'2024-NAT-01'!F:F,0,0)+_xlfn.XLOOKUP('Nominations (2)'!A54,'2024-NAT-01'!B:B,'2024-NAT-01'!G:G,0,0) -> 0 | AA54: =_xlfn.XLOOKUP(A54,'2024-NAT-01'!B:B,'2024-NAT-01'!H:H,0,0) -> 0 | AB54: =_xlfn.XLOOKUP(A54,'2024-NAT-02'!B:B,'2024-NAT-02'!F:F,0,0)+_xlfn.XLOOKUP(A54,'2024-NAT-02'!B:B,'2024-NAT-02'!G:G,0,0) -> 0 | AC54: =_xlfn.XLOOKUP(A54,'2024-NAT-02'!B:B,'2024-NAT-02'!H:H,0,0) -> 0 | AD54: =H54+Z54+AB54 -> 3 | AE54: =J54+AA54+AC54 -> 8.86
A55: N0052 | B55: Atlantic Angling Club X | C55: Clemens | D55: Deetlefs | E55: Men Veteran | F55: 0 | G55: 2 | H55: 2 | I55: 6.1 | J55: 1.22 | K55: =I55/H55 -> 3.05 | L55: =U55+Y55+Q55 -> 2416 | M55: =(U55*0.3)+(Y55*0.2)+(Q55*0.5) -> 918 | N55: 0 | O55: 17 | P55: 152 | Q55: 1113 | R55: 0 | S55: 10 | T55: 133.1 | U55: 1009 | V55: 0 | W55: 7 | X55: 81.8 | Y55: 294 | Z55: =_xlfn.XLOOKUP(A55,'2024-NAT-01'!B:B,'2024-NAT-01'!F:F,0,0)+_xlfn.XLOOKUP('Nominations (2)'!A55,'2024-NAT-01'!B:B,'2024-NAT-01'!G:G,0,0) -> 2 | AA55: =_xlfn.XLOOKUP(A55,'2024-NAT-01'!B:B,'2024-NAT-01'!H:H,0,0) -> 4.2 | AB55: =_xlfn.XLOOKUP(A55,'2024-NAT-02'!B:B,'2024-NAT-02'!F:F,0,0)+_xlfn.XLOOKUP(A55,'2024-NAT-02'!B:B,'2024-NAT-02'!G:G,0,0) -> 0 | AC55: =_xlfn.XLOOKUP(A55,'2024-NAT-02'!B:B,'2024-NAT-02'!H:H,0,0) -> 0 | AD55: =H55+Z55+AB55 -> 4 | AE55: =J55+AA55+AC55 -> 5.42
A56: N0053 | B56: Walvis Bay X | C56: Stefan | D56: Du Preez | E56: Men Master | F56: 3 | G56: 4 | H56: 7 | I56: 31.6 | J56: 14.9 | K56: =I56/H56 -> 4.5142857 | L56: =U56+Y56+Q56 -> 734 | M56: =(U56*0.3)+(Y56*0.2)+(Q56*0.5) -> 324.6 | N56: 0 | O56: 4 | P56: 39 | Q56: 522 | R56: 1 | S56: 0 | T56: 3 | U56: 212 | V56: 0 | W56: 0 | X56: 0 | Y56: 0 | Z56: =_xlfn.XLOOKUP(A56,'2024-NAT-01'!B:B,'2024-NAT-01'!F:F,0,0)+_xlfn.XLOOKUP('Nominations (2)'!A56,'2024-NAT-01'!B:B,'2024-NAT-01'!G:G,0,0) -> 0 | AA56: =_xlfn.XLOOKUP(A56,'2024-NAT-01'!B:B,'2024-NAT-01'!H:H,0,0) -> 0 | AB56: =_xlfn.XLOOKUP(A56,'2024-NAT-02'!B:B,'2024-NAT-02'!F:F,0,0)+_xlfn.XLOOKUP(A56,'2024-NAT-02'!B:B,'2024-NAT-02'!G:G,0,0) -> 0 | AC56: =_xlfn.XLOOKUP(A56,'2024-NAT-02'!B:B,'2024-NAT-02'!H:H,0,0) -> 0 | AD56: =H56+Z56+AB56 -> 7 | AE56: =J56+AA56+AC56 -> 14.9
A57: N0054 | B57: Steenbras X | C57: Danie | D57: Klopper | E57: Men Senior | F57: 0 | G57: 2 | H57: 2 | I57: 74 | J57: 14.8 | K57: =I57/H57 -> 37 | L57: =U57+Y57+Q57 -> 825 | M57: =(U57*0.3)+(Y57*0.2)+(Q57*0.5) -> 285.9 | N57: 0 | O57: 4 | P57: 29 | Q57: 280 | R57: 2 | S57: 1 | T57: 1.6 | U57: 369 | V57: 0 | W57: 1 | X57: 3.3 | Y57: 176 | Z57: =_xlfn.XLOOKUP(A57,'2024-NAT-01'!B:B,'2024-NAT-01'!F:F,0,0)+_xlfn.XLOOKUP('Nominations (2)'!A57,'2024-NAT-01'!B:B,'2024-NAT-01'!G:G,0,0) -> 0 | AA57: =_xlfn.XLOOKUP(A57,'2024-NAT-01'!B:B,'2024-NAT-01'!H:H,0,0) -> 0 | AB57: =_xlfn.XLOOKUP(A57,'2024-NAT-02'!B:B,'2024-NAT-02'!F:F,0,0)+_xlfn.XLOOKUP(A57,'2024-NAT-02'!B:B,'2024-NAT-02'!G:G,0,0) -> 0 | AC57: =_xlfn.XLOOKUP(A57,'2024-NAT-02'!B:B,'2024-NAT-02'!H:H,0,0) -> 0 | AD57: =H57+Z57+AB57 -> 2 | AE57: =J57+AA57+AC57 -> 14.8
A58: N0055 | B58: xNamib Park | C58: Morne | D58: Von Bosch | E58: Men Senior | F58: 0 | G58: 0 | H58: 0 | I58: 0 | J58: 0 | K58: =I58/H58 -> #DIV/0! | L58: =U58+Y58+Q58 -> 1651 | M58: =(U58*0.3)+(Y58*0.2)+(Q58*0.5) -> 566 | N58: 0 | O58: 3 | P58: 39.9 | Q58: 452 | R58: 1 | S58: 6 | T58: 130.6 | U58: 1002 | V58: 0 | W58: 2 | X58: 5.5 | Y58: 197 | Z58: =_xlfn.XLOOKUP(A58,'2024-NAT-01'!B:B,'2024-NAT-01'!F:F,0,0)+_xlfn.XLOOKUP('Nominations (2)'!A58,'2024-NAT-01'!B:B,'2024-NAT-01'!G:G,0,0) -> 0 | AA58: =_xlfn.XLOOKUP(A58,'2024-NAT-01'!B:B,'2024-NAT-01'!H:H,0,0) -> 0 | AB58: =_xlfn.XLOOKUP(A58,'2024-NAT-02'!B:B,'2024-NAT-02'!F:F,0,0)+_xlfn.XLOOKUP(A58,'2024-NAT-02'!B:B,'2024-NAT-02'!G:G,0,0) -> 0 | AC58: =_xlfn.XLOOKUP(A58,'2024-NAT-02'!B:B,'2024-NAT-02'!H:H,0,0) -> 0 | AD58: =H58+Z58+AB58 -> 0 | AE58: =J58+AA58+AC58 -> 0
A59: N0056 | B59: Orca Angling Club X | C59: Alec | D59: Landers | E59: Men Senior | F59: 8 | G59: 15 | H59: 23 | I59: 154.2 | J59: 48.34 | K59: =I59/H59 -> 6.7043478 | L59: =U59+Y59+Q59 -> 1931 | M59: =(U59*0.3)+(Y59*0.2)+(Q59*0.5) -> 772.2 | N59: 3 | O59: 7 | P59: 166.6 | Q59: 1103 | R59: 0 | S59: 2 | T59: 43.5 | U59: 551 | V59: 0 | W59: 4 | X59: 32.5 | Y59: 277 | Z59: =_xlfn.XLOOKUP(A59,'2024-NAT-01'!B:B,'2024-NAT-01'!F:F,0,0)+_xlfn.XLOOKUP('Nominations (2)'!A59,'2024-NAT-01'!B:B,'2024-NAT-01'!G:G,0,0) -> 0 | AA59: =_xlfn.XLOOKUP(A59,'2024-NAT-01'!B:B,'2024-NAT-01'!H:H,0,0) -> 0 | AB59: =_xlfn.XLOOKUP(A59,'2024-NAT-02'!B:B,'2024-NAT-02'!F:F,0,0)+_xlfn.XLOOKUP(A59,'2024-NAT-02'!B:B,'2024-NAT-02'!G:G,0,0) -> 0 | AC59: =_xlfn.XLOOKUP(A59,'2024-NAT-02'!B:B,'2024-NAT-02'!H:H,0,0) -> 0 | AD59: =H59+Z59+AB59 -> 23 | AE59: =J59+AA59+AC59 -> 48.34
A60: N0057 | B60: xMako | C60: Jeri | D60: Drake | E60: Men Grand Masters | F60: 3 | G60: 6 | H60: 9 | I60: 73.6 | J60: 16.46 | K60: =I60/H60 -> 8.1777778 | L60: =U60+Y60+Q60 -> 1123 | M60: =(U60*0.3)+(Y60*0.2)+(Q60*0.5) -> 408.6 | N60: 2 | O60: 0 | P60: 5.7 | Q60: 449 | R60: 0 | S60: 2 | T60: 18.9 | U60: 493 | V60: 0 | W60: 2 | X60: 4 | Y60: 181 | Z60: =_xlfn.XLOOKUP(A60,'2024-NAT-01'!B:B,'2024-NAT-01'!F:F,0,0)+_xlfn.XLOOKUP('Nominations (2)'!A60,'2024-NAT-01'!B:B,'2024-NAT-01'!G:G,0,0) -> 0 | AA60: =_xlfn.XLOOKUP(A60,'2024-NAT-01'!B:B,'2024-NAT-01'!H:H,0,0) -> 0 | AB60: =_xlfn.XLOOKUP(A60,'2024-NAT-02'!B:B,'2024-NAT-02'!F:F,0,0)+_xlfn.XLOOKUP(A60,'2024-NAT-02'!B:B,'2024-NAT-02'!G:G,0,0) -> 0 | AC60: =_xlfn.XLOOKUP(A60,'2024-NAT-02'!B:B,'2024-NAT-02'!H:H,0,0) -> 0 | AD60: =H60+Z60+AB60 -> 9 | AE60: =J60+AA60+AC60 -> 16.46
A61: N0058 | B61: xSkeleton Coast | C61: Jan | D61: Olivier | E61: Men Master | F61: 0 | G61: 0 | H61: 0 | I61: 0 | J61: 0 | K61: =I61/H61 -> #DIV/0! | L61: =U61+Y61+Q61 -> 100 | M61: =(U61*0.3)+(Y61*0.2)+(Q61*0.5) -> 32 | N61: 0 | O61: 0 | P61: 0 | Q61: 20 | R61: 0 | S61: 0 | T61: 0 | U61: 60 | V61: 0 | W61: 0 | X61: 0 | Y61: 20 | Z61: =_xlfn.XLOOKUP(A61,'2024-NAT-01'!B:B,'2024-NAT-01'!F:F,0,0)+_xlfn.XLOOKUP('Nominations (2)'!A61,'2024-NAT-01'!B:B,'2024-NAT-01'!G:G,0,0) -> 0 | AA61: =_xlfn.XLOOKUP(A61,'2024-NAT-01'!B:B,'2024-NAT-01'!H:H,0,0) -> 0 | AB61: =_xlfn.XLOOKUP(A61,'2024-NAT-02'!B:B,'2024-NAT-02'!F:F,0,0)+_xlfn.XLOOKUP(A61,'2024-NAT-02'!B:B,'2024-NAT-02'!G:G,0,0) -> 0 | AC61: =_xlfn.XLOOKUP(A61,'2024-NAT-02'!B:B,'2024-NAT-02'!H:H,0,0) -> 0 | AD61: =H61+Z61+AB61 -> 0 | AE61: =J61+AA61+AC61 -> 0
A62: N0059 | B62: Welwitschia X | C62: Hennie | D62: Du Plessis | E62: Men Veteran | F62: 0 | G62: 0 | H62: 0 | I62: 0 | J62: 0 | K62: =I62/H62 -> #DIV/0! | L62: =U62+Y62+Q62 -> 2108 | M62: =(U62*0.3)+(Y62*0.2)+(Q62*0.5) -> 810.6 | N62: 0 | O62: 7 | P62: 81.1 | Q62: 1007 | R62: 0 | S62: 11 | T62: 189.8 | U62: 869 | V62: 0 | W62: 4 | X62: 26.3 | Y62: 232 | Z62: =_xlfn.XLOOKUP(A62,'2024-NAT-01'!B:B,'2024-NAT-01'!F:F,0,0)+_xlfn.XLOOKUP('Nominations (2)'!A62,'2024-NAT-01'!B:B,'2024-NAT-01'!G:G,0,0) -> 0 | AA62: =_xlfn.XLOOKUP(A62,'2024-NAT-01'!B:B,'2024-NAT-01'!H:H,0,0) -> 0 | AB62: =_xlfn.XLOOKUP(A62,'2024-NAT-02'!B:B,'2024-NAT-02'!F:F,0,0)+_xlfn.XLOOKUP(A62,'2024-NAT-02'!B:B,'2024-NAT-02'!G:G,0,0) -> 0 | AC62: =_xlfn.XLOOKUP(A62,'2024-NAT-02'!B:B,'2024-NAT-02'!H:H,0,0) -> 0 | AD62: =H62+Z62+AB62 -> 0 | AE62: =J62+AA62+AC62 -> 0
A63: N0060 | B63: Penguin X | C63: Julian | D63: Viljoen | E63: Men Grand Masters | F63: 0 | G63: 2 | H63: 2 | I63: 7.7 | J63: 2.31 | K63: =I63/H63 -> 3.85 | L63: =U63+Y63+Q63 -> 1347 | M63: =(U63*0.3)+(Y63*0.2)+(Q63*0.5) -> 491.1 | N63: 1 | O63: 1 | P63: 5.1 | Q63: 445 | R63: 1 | S63: 7 | T63: 45.3 | U63: 882 | V63: 0 | W63: 0 | X63: 0 | Y63: 20 | Z63: =_xlfn.XLOOKUP(A63,'2024-NAT-01'!B:B,'2024-NAT-01'!F:F,0,0)+_xlfn.XLOOKUP('Nominations (2)'!A63,'2024-NAT-01'!B:B,'2024-NAT-01'!G:G,0,0) -> 0 | AA63: =_xlfn.XLOOKUP(A63,'2024-NAT-01'!B:B,'2024-NAT-01'!H:H,0,0) -> 0 | AB63: =_xlfn.XLOOKUP(A63,'2024-NAT-02'!B:B,'2024-NAT-02'!F:F,0,0)+_xlfn.XLOOKUP(A63,'2024-NAT-02'!B:B,'2024-NAT-02'!G:G,0,0) -> 0 | AC63: =_xlfn.XLOOKUP(A63,'2024-NAT-02'!B:B,'2024-NAT-02'!H:H,0,0) -> 0 | AD63: =H63+Z63+AB63 -> 2 | AE63: =J63+AA63+AC63 -> 2.31
A64: N0061 | B64: Penguin X | C64: Frans | D64: Klimas | E64: Men Grand Masters | F64: 1 | G64: 3 | H64: 4 | I64: 27.1 | J64: 7.61 | K64: =I64/H64 -> 6.775 | L64: =U64+Y64+Q64 -> 2376 | M64: =(U64*0.3)+(Y64*0.2)+(Q64*0.5) -> 893.5 | N64: 1 | O64: 10 | P64: 122.1 | Q64: 1049 | R64: 1 | S64: 15 | T64: 145.7 | U64: 1036 | V64: 0 | W64: 7 | X64: 79.9 | Y64: 291 | Z64: =_xlfn.XLOOKUP(A64,'2024-NAT-01'!B:B,'2024-NAT-01'!F:F,0,0)+_xlfn.XLOOKUP('Nominations (2)'!A64,'2024-NAT-01'!B:B,'2024-NAT-01'!G:G,0,0) -> 0 | AA64: =_xlfn.XLOOKUP(A64,'2024-NAT-01'!B:B,'2024-NAT-01'!H:H,0,0) -> 0 | AB64: =_xlfn.XLOOKUP(A64,'2024-NAT-02'!B:B,'2024-NAT-02'!F:F,0,0)+_xlfn.XLOOKUP(A64,'2024-NAT-02'!B:B,'2024-NAT-02'!G:G,0,0) -> 0 | AC64: =_xlfn.XLOOKUP(A64,'2024-NAT-02'!B:B,'2024-NAT-02'!H:H,0,0) -> 0 | AD64: =H64+Z64+AB64 -> 4 | AE64: =J64+AA64+AC64 -> 7.61
A65: N0195 | B65: Henties Bay | C65: Louis | D65: Fenaux | E65: Men Veteran | F65: 2 | G65: 26 | H65: 28 | I65: 268.3 | J65: 71.4 | Z65: =_xlfn.XLOOKUP(A65,'2024-NAT-01'!B:B,'2024-NAT-01'!F:F,0,0)+_xlfn.XLOOKUP(A65,'2024-NAT-01'!B:B,'2024-NAT-01'!G:G,0,0) -> 3 | AA65: =_xlfn.XLOOKUP(A65,'2024-NAT-01'!B:B,'2024-NAT-01'!H:H,0,0) -> 10.9 | AB65: =_xlfn.XLOOKUP(A65,'2024-NAT-02'!B:B,'2024-NAT-02'!F:F,0,0)+_xlfn.XLOOKUP(A65,'2024-NAT-02'!B:B,'2024-NAT-02'!G:G,0,0) -> 0 | AC65: =_xlfn.XLOOKUP(A65,'2024-NAT-02'!B:B,'2024-NAT-02'!H:H,0,0) -> 0 | AD65: =H65+Z65+AB65 -> 31 | AE65: =J65+AA65+AC65 -> 82.3
A66: N0063 | B66: xPenguin | C66: Lurock | D66: Viljoen | E66: Men Senior | F66: 0 | G66: 0 | H66: 0 | I66: 0 | J66: 0 | K66: =I66/H66 -> #DIV/0! | L66: =U66+Y66+Q66 -> 1513 | M66: =(U66*0.3)+(Y66*0.2)+(Q66*0.5) -> 541.5 | N66: 1 | O66: 1 | P66: 5.5 | Q66: 523 | R66: 1 | S66: 6 | T66: 28.2 | U66: 820 | V66: 0 | W66: 1 | X66: 3.4 | Y66: 170 | Z66: =_xlfn.XLOOKUP(A66,'2024-NAT-01'!B:B,'2024-NAT-01'!F:F,0,0)+_xlfn.XLOOKUP('Nominations (2)'!A66,'2024-NAT-01'!B:B,'2024-NAT-01'!G:G,0,0) -> 0 | AA66: =_xlfn.XLOOKUP(A66,'2024-NAT-01'!B:B,'2024-NAT-01'!H:H,0,0) -> 0 | AB66: =_xlfn.XLOOKUP(A66,'2024-NAT-02'!B:B,'2024-NAT-02'!F:F,0,0)+_xlfn.XLOOKUP(A66,'2024-NAT-02'!B:B,'2024-NAT-02'!G:G,0,0) -> 0 | AC66: =_xlfn.XLOOKUP(A66,'2024-NAT-02'!B:B,'2024-NAT-02'!H:H,0,0) -> 0 | AD66: =H66+Z66+AB66 -> 0 | AE66: =J66+AA66+AC66 -> 0
A67: N0064 | B67: Mako X | C67: Gerrie | D67: Hough | E67: Men Master | F67: 0 | G67: 1 | H67: 1 | I67: 1.8 | J67: 0.9 | K67: =I67/H67 -> 1.8 | L67: =U67+Y67+Q67 -> 2013 | M67: =(U67*0.3)+(Y67*0.2)+(Q67*0.5) -> 727.3 | N67: 1 | O67: 7 | P67: 78.8 | Q67: 760 | R67: 2 | S67: 4 | T67: 57.1 | U67: 967 | V67: 0 | W67: 5 | X67: 45.8 | Y67: 286 | Z67: =_xlfn.XLOOKUP(A67,'2024-NAT-01'!B:B,'2024-NAT-01'!F:F,0,0)+_xlfn.XLOOKUP('Nominations (2)'!A67,'2024-NAT-01'!B:B,'2024-NAT-01'!G:G,0,0) -> 0 | AA67: =_xlfn.XLOOKUP(A67,'2024-NAT-01'!B:B,'2024-NAT-01'!H:H,0,0) -> 0 | AB67: =_xlfn.XLOOKUP(A67,'2024-NAT-02'!B:B,'2024-NAT-02'!F:F,0,0)+_xlfn.XLOOKUP(A67,'2024-NAT-02'!B:B,'2024-NAT-02'!G:G,0,0) -> 0 | AC67: =_xlfn.XLOOKUP(A67,'2024-NAT-02'!B:B,'2024-NAT-02'!H:H,0,0) -> 0 | AD67: =H67+Z67+AB67 -> 1 | AE67: =J67+AA67+AC67 -> 0.9
A68: N0065 | B68: xNamib Park | C68: Henry | D68: Van Bosch | E68: Men Senior | F68: 0 | G68: 0 | H68: 0 | I68: 0 | J68: 0 | K68: =I68/H68 -> #DIV/0! | L68: =U68+Y68+Q68 -> 1893 | M68: =(U68*0.3)+(Y68*0.2)+(Q68*0.5) -> 699.2 | N68: 0 | O68: 6 | P68: 46.8 | Q68: 746 | R68: 0 | S68: 7 | T68: 72.3 | U68: 968 | V68: 0 | W68: 1 | X68: 3.8 | Y68: 179 | Z68: =_xlfn.XLOOKUP(A68,'2024-NAT-01'!B:B,'2024-NAT-01'!F:F,0,0)+_xlfn.XLOOKUP('Nominations (2)'!A68,'2024-NAT-01'!B:B,'2024-NAT-01'!G:G,0,0) -> 0 | AA68: =_xlfn.XLOOKUP(A68,'2024-NAT-01'!B:B,'2024-NAT-01'!H:H,0,0) -> 0 | AB68: =_xlfn.XLOOKUP(A68,'2024-NAT-02'!B:B,'2024-NAT-02'!F:F,0,0)+_xlfn.XLOOKUP(A68,'2024-NAT-02'!B:B,'2024-NAT-02'!G:G,0,0) -> 0 | AC68: =_xlfn.XLOOKUP(A68,'2024-NAT-02'!B:B,'2024-NAT-02'!H:H,0,0) -> 0 | AD68: =H68+Z68+AB68 -> 0 | AE68: =J68+AA68+AC68 -> 0
A69: N0066 | B69: Welwitschia X | C69: Nols | D69: Diedericks | E69: Men Senior | F69: 0 | G69: 5 | H69: 5 | I69: 12.8 | J69: 2.66 | K69: =I69/H69 -> 2.56 | L69: =U69+Y69+Q69 -> 786 | M69: =(U69*0.3)+(Y69*0.2)+(Q69*0.5) -> 259.6 | N69: 0 | O69: 2 | P69: 3.1 | Q69: 231 | R69: 0 | S69: 1 | T69: 1.9 | U69: 331 | V69: 0 | W69: 3 | X69: 8.7 | Y69: 224 | Z69: =_xlfn.XLOOKUP(A69,'2024-NAT-01'!B:B,'2024-NAT-01'!F:F,0,0)+_xlfn.XLOOKUP('Nominations (2)'!A69,'2024-NAT-01'!B:B,'2024-NAT-01'!G:G,0,0) -> 6 | AA69: =_xlfn.XLOOKUP(A69,'2024-NAT-01'!B:B,'2024-NAT-01'!H:H,0,0) -> 48.7 | AB69: =_xlfn.XLOOKUP(A69,'2024-NAT-02'!B:B,'2024-NAT-02'!F:F,0,0)+_xlfn.XLOOKUP(A69,'2024-NAT-02'!B:B,'2024-NAT-02'!G:G,0,0) -> 1 | AC69: =_xlfn.XLOOKUP(A69,'2024-NAT-02'!B:B,'2024-NAT-02'!H:H,0,0) -> 10.9 | AD69: =H69+Z69+AB69 -> 12 | AE69: =J69+AA69+AC69 -> 62.26
A70: N0844 | B70: Seagull Angling Club | C70: Heiko Jnr | D70: Doll | E70: Men U/16 | F70: 3 | G70: 3 | H70: 6 | I70: 34.6 | J70: 12.02 | Z70: =_xlfn.XLOOKUP(A70,'2024-NAT-01'!B:B,'2024-NAT-01'!F:F,0,0)+_xlfn.XLOOKUP(A70,'2024-NAT-01'!B:B,'2024-NAT-01'!G:G,0,0) -> 10 | AA70: =_xlfn.XLOOKUP(A70,'2024-NAT-01'!B:B,'2024-NAT-01'!H:H,0,0) -> 103.5 | AB70: =_xlfn.XLOOKUP(A70,'2024-NAT-02'!B:B,'2024-NAT-02'!F:F,0,0)+_xlfn.XLOOKUP(A70,'2024-NAT-02'!B:B,'2024-NAT-02'!G:G,0,0) -> 6 | AC70: =_xlfn.XLOOKUP(A70,'2024-NAT-02'!B:B,'2024-NAT-02'!H:H,0,0) -> 48.4 | AD70: =H70+Z70+AB70 -> 22 | AE70: =J70+AA70+AC70 -> 163.92
A71: N0068 | B71: Otjiwarongo X | C71: Chris | D71: Feyerabend | E71: Men Veteran | F71: 0 | G71: 10 | H71: 10 | I71: 110.9 | J71: 24.81 | K71: =I71/H71 -> 11.09 | L71: =U71+Y71+Q71 -> 1668 | M71: =(U71*0.3)+(Y71*0.2)+(Q71*0.5) -> 669.7 | N71: 3 | O71: 3 | P71: 39.8 | Q71: 928 | R71: 0 | S71: 2 | T71: 75.7 | U71: 577 | V71: 0 | W71: 1 | X71: 1.8 | Y71: 163 | Z71: =_xlfn.XLOOKUP(A71,'2024-NAT-01'!B:B,'2024-NAT-01'!F:F,0,0)+_xlfn.XLOOKUP('Nominations (2)'!A71,'2024-NAT-01'!B:B,'2024-NAT-01'!G:G,0,0) -> 11 | AA71: =_xlfn.XLOOKUP(A71,'2024-NAT-01'!B:B,'2024-NAT-01'!H:H,0,0) -> 70.2 | AB71: =_xlfn.XLOOKUP(A71,'2024-NAT-02'!B:B,'2024-NAT-02'!F:F,0,0)+_xlfn.XLOOKUP(A71,'2024-NAT-02'!B:B,'2024-NAT-02'!G:G,0,0) -> 1 | AC71: =_xlfn.XLOOKUP(A71,'2024-NAT-02'!B:B,'2024-NAT-02'!H:H,0,0) -> 1.5 | AD71: =H71+Z71+AB71 -> 22 | AE71: =J71+AA71+AC71 -> 96.51
A72: N0401 | B72: Penguin | C72: Henco | D72: Snyman | E72: Men Senior | F72: 4 | G72: 15 | H72: 19 | I72: 194.9 | J72: 69.63 | Z72: =_xlfn.XLOOKUP(A72,'2024-NAT-01'!B:B,'2024-NAT-01'!F:F,0,0)+_xlfn.XLOOKUP(A72,'2024-NAT-01'!B:B,'2024-NAT-01'!G:G,0,0) -> 7 | AA72: =_xlfn.XLOOKUP(A72,'2024-NAT-01'!B:B,'2024-NAT-01'!H:H,0,0) -> 44.8 | AB72: =_xlfn.XLOOKUP(A72,'2024-NAT-02'!B:B,'2024-NAT-02'!F:F,0,0)+_xlfn.XLOOKUP(A72,'2024-NAT-02'!B:B,'2024-NAT-02'!G:G,0,0) -> 1 | AC72: =_xlfn.XLOOKUP(A72,'2024-NAT-02'!B:B,'2024-NAT-02'!H:H,0,0) -> 7.6 | AD72: =H72+Z72+AB72 -> 27 | AE72: =J72+AA72+AC72 -> 122.03
A73: N0070 | B73: Seagull Angling Club X | C73: Herbert | D73: Van Niekerk | E73: Men Master | F73: 1 | G73: 4 | H73: 5 | I73: 28.2 | J73: 7.95 | K73: =I73/H73 -> 5.64 | L73: =U73+Y73+Q73 -> 1109 | M73: =(U73*0.3)+(Y73*0.2)+(Q73*0.5) -> 415.2 | N73: 0 | O73: 4 | P73: 57.3 | Q73: 499 | R73: 0 | S73: 4 | T73: 28.7 | U73: 437 | V73: 0 | W73: 1 | X73: 2.8 | Y73: 173 | Z73: =_xlfn.XLOOKUP(A73,'2024-NAT-01'!B:B,'2024-NAT-01'!F:F,0,0)+_xlfn.XLOOKUP('Nominations (2)'!A73,'2024-NAT-01'!B:B,'2024-NAT-01'!G:G,0,0) -> 0 | AA73: =_xlfn.XLOOKUP(A73,'2024-NAT-01'!B:B,'2024-NAT-01'!H:H,0,0) -> 0 | AB73: =_xlfn.XLOOKUP(A73,'2024-NAT-02'!B:B,'2024-NAT-02'!F:F,0,0)+_xlfn.XLOOKUP(A73,'2024-NAT-02'!B:B,'2024-NAT-02'!G:G,0,0) -> 0 | AC73: =_xlfn.XLOOKUP(A73,'2024-NAT-02'!B:B,'2024-NAT-02'!H:H,0,0) -> 0 | AD73: =H73+Z73+AB73 -> 5 | AE73: =J73+AA73+AC73 -> 7.95
A74: N0643 | B74: Walvis Bay | C74: Frikkie | D74: Ferreira | E74: Men Master | F74: 0 | G74: 22 | H74: 22 | I74: 244.2 | J74: 87.08 | Z74: =_xlfn.XLOOKUP(A74,'2024-NAT-01'!B:B,'2024-NAT-01'!F:F,0,0)+_xlfn.XLOOKUP(A74,'2024-NAT-01'!B:B,'2024-NAT-01'!G:G,0,0) -> 5 | AA74: =_xlfn.XLOOKUP(A74,'2024-NAT-01'!B:B,'2024-NAT-01'!H:H,0,0) -> 41.8 | AB74: =_xlfn.XLOOKUP(A74,'2024-NAT-02'!B:B,'2024-NAT-02'!F:F,0,0)+_xlfn.XLOOKUP(A74,'2024-NAT-02'!B:B,'2024-NAT-02'!G:G,0,0) -> 2 | AC74: =_xlfn.XLOOKUP(A74,'2024-NAT-02'!B:B,'2024-NAT-02'!H:H,0,0) -> 15.9 | AD74: =H74+Z74+AB74 -> 29 | AE74: =J74+AA74+AC74 -> 144.78
A75: N0072 | B75: Steenbras X | C75: Louis | D75: Heath | E75: Men Grand Masters | F75: 0 | G75: 3 | H75: 3 | I75: 8.8 | J75: 1.76 | K75: =I75/H75 -> 2.9333333 | L75: =U75+Y75+Q75 -> 767 | M75: =(U75*0.3)+(Y75*0.2)+(Q75*0.5) -> 287.3 | N75: 1 | O75: 1 | P75: 16.7 | Q75: 286 | R75: 1 | S75: 2 | T75: 7.4 | U75: 481 | Z75: =_xlfn.XLOOKUP(A75,'2024-NAT-01'!B:B,'2024-NAT-01'!F:F,0,0)+_xlfn.XLOOKUP('Nominations (2)'!A75,'2024-NAT-01'!B:B,'2024-NAT-01'!G:G,0,0) -> 0 | AA75: =_xlfn.XLOOKUP(A75,'2024-NAT-01'!B:B,'2024-NAT-01'!H:H,0,0) -> 0 | AB75: =_xlfn.XLOOKUP(A75,'2024-NAT-02'!B:B,'2024-NAT-02'!F:F,0,0)+_xlfn.XLOOKUP(A75,'2024-NAT-02'!B:B,'2024-NAT-02'!G:G,0,0) -> 0 | AC75: =_xlfn.XLOOKUP(A75,'2024-NAT-02'!B:B,'2024-NAT-02'!H:H,0,0) -> 0 | AD75: =H75+Z75+AB75 -> 3 | AE75: =J75+AA75+AC75 -> 1.76
A76: N0073 | B76: xBenguella | C76: Marina | D76: Kruger | E76: Ladies Master | F76: 0 | G76: 5 | H76: 5 | I76: 37.3 | J76: 7.46 | Z76: =_xlfn.XLOOKUP(A76,'2024-NAT-01'!B:B,'2024-NAT-01'!F:F,0,0)+_xlfn.XLOOKUP('Nominations (2)'!A76,'2024-NAT-01'!B:B,'2024-NAT-01'!G:G,0,0) -> 0 | AA76: =_xlfn.XLOOKUP(A76,'2024-NAT-01'!B:B,'2024-NAT-01'!H:H,0,0) -> 0 | AB76: =_xlfn.XLOOKUP(A76,'2024-NAT-02'!B:B,'2024-NAT-02'!F:F,0,0)+_xlfn.XLOOKUP(A76,'2024-NAT-02'!B:B,'2024-NAT-02'!G:G,0,0) -> 0 | AC76: =_xlfn.XLOOKUP(A76,'2024-NAT-02'!B:B,'2024-NAT-02'!H:H,0,0) -> 0 | AD76: =H76+Z76+AB76 -> 5 | AE76: =J76+AA76+AC76 -> 7.46
A77: N0074 | B77: xHenties Bay | C77: Corne | D77: Agenbag | E77: Men Senior | F77: 0 | G77: 0 | H77: 0 | I77: 0 | J77: 0 | Z77: =_xlfn.XLOOKUP(A77,'2024-NAT-01'!B:B,'2024-NAT-01'!F:F,0,0)+_xlfn.XLOOKUP('Nominations (2)'!A77,'2024-NAT-01'!B:B,'2024-NAT-01'!G:G,0,0) -> 0 | AA77: =_xlfn.XLOOKUP(A77,'2024-NAT-01'!B:B,'2024-NAT-01'!H:H,0,0) -> 0 | AB77: =_xlfn.XLOOKUP(A77,'2024-NAT-02'!B:B,'2024-NAT-02'!F:F,0,0)+_xlfn.XLOOKUP(A77,'2024-NAT-02'!B:B,'2024-NAT-02'!G:G,0,0) -> 0 | AC77: =_xlfn.XLOOKUP(A77,'2024-NAT-02'!B:B,'2024-NAT-02'!H:H,0,0) -> 0 | AD77: =H77+Z77+AB77 -> 0 | AE77: =J77+AA77+AC77 -> 0
A78: N0075 | B78: xWalvis Bay | C78: Philip | D78: Bredenhann | E78: Men Veteran | F78: 0 | G78: 0 | H78: 0 | I78: 0 | J78: 0 | Z78: =_xlfn.XLOOKUP(A78,'2024-NAT-01'!B:B,'2024-NAT-01'!F:F,0,0)+_xlfn.XLOOKUP('Nominations (2)'!A78,'2024-NAT-01'!B:B,'2024-NAT-01'!G:G,0,0) -> 0 | AA78: =_xlfn.XLOOKUP(A78,'2024-NAT-01'!B:B,'2024-NAT-01'!H:H,0,0) -> 0 | AB78: =_xlfn.XLOOKUP(A78,'2024-NAT-02'!B:B,'2024-NAT-02'!F:F,0,0)+_xlfn.XLOOKUP(A78,'2024-NAT-02'!B:B,'2024-NAT-02'!G:G,0,0) -> 0 | AC78: =_xlfn.XLOOKUP(A78,'2024-NAT-02'!B:B,'2024-NAT-02'!H:H,0,0) -> 0 | AD78: =H78+Z78+AB78 -> 0 | AE78: =J78+AA78+AC78 -> 0
A79: N0076 | B79: xOkahandja | C79: Eddie | D79: Cowley | E79: Men Grand Masters | F79: 0 | G79: 0 | H79: 0 | I79: 0 | J79: 0 | Z79: =_xlfn.XLOOKUP(A79,'2024-NAT-01'!B:B,'2024-NAT-01'!F:F,0,0)+_xlfn.XLOOKUP('Nominations (2)'!A79,'2024-NAT-01'!B:B,'2024-NAT-01'!G:G,0,0) -> 0 | AA79: =_xlfn.XLOOKUP(A79,'2024-NAT-01'!B:B,'2024-NAT-01'!H:H,0,0) -> 0 | AB79: =_xlfn.XLOOKUP(A79,'2024-NAT-02'!B:B,'2024-NAT-02'!F:F,0,0)+_xlfn.XLOOKUP(A79,'2024-NAT-02'!B:B,'2024-NAT-02'!G:G,0,0) -> 0 | AC79: =_xlfn.XLOOKUP(A79,'2024-NAT-02'!B:B,'2024-NAT-02'!H:H,0,0) -> 0 | AD79: =H79+Z79+AB79 -> 0 | AE79: =J79+AA79+AC79 -> 0
A80: N0077 | B80: xHenties Bay | C80: Wanda | D80: Langeveldt | E80: Ladies Senior | F80: 0 | G80: 0 | H80: 0 | I80: 0 | J80: 0 | Z80: =_xlfn.XLOOKUP(A80,'2024-NAT-01'!B:B,'2024-NAT-01'!F:F,0,0)+_xlfn.XLOOKUP('Nominations (2)'!A80,'2024-NAT-01'!B:B,'2024-NAT-01'!G:G,0,0) -> 0 | AA80: =_xlfn.XLOOKUP(A80,'2024-NAT-01'!B:B,'2024-NAT-01'!H:H,0,0) -> 0 | AB80: =_xlfn.XLOOKUP(A80,'2024-NAT-02'!B:B,'2024-NAT-02'!F:F,0,0)+_xlfn.XLOOKUP(A80,'2024-NAT-02'!B:B,'2024-NAT-02'!G:G,0,0) -> 0 | AC80: =_xlfn.XLOOKUP(A80,'2024-NAT-02'!B:B,'2024-NAT-02'!H:H,0,0) -> 0 | AD80: =H80+Z80+AB80 -> 0 | AE80: =J80+AA80+AC80 -> 0
A81: N0078 | B81: Seagull Angling Club X | C81: Richard | D81: Kotze | E81: Men Grand Masters | F81: 9 | G81: 1 | H81: 10 | I81: 24.1 | J81: 5.99 | Z81: =_xlfn.XLOOKUP(A81,'2024-NAT-01'!B:B,'2024-NAT-01'!F:F,0,0)+_xlfn.XLOOKUP('Nominations (2)'!A81,'2024-NAT-01'!B:B,'2024-NAT-01'!G:G,0,0) -> 0 | AA81: =_xlfn.XLOOKUP(A81,'2024-NAT-01'!B:B,'2024-NAT-01'!H:H,0,0) -> 0 | AB81: =_xlfn.XLOOKUP(A81,'2024-NAT-02'!B:B,'2024-NAT-02'!F:F,0,0)+_xlfn.XLOOKUP(A81,'2024-NAT-02'!B:B,'2024-NAT-02'!G:G,0,0) -> 0 | AC81: =_xlfn.XLOOKUP(A81,'2024-NAT-02'!B:B,'2024-NAT-02'!H:H,0,0) -> 0 | AD81: =H81+Z81+AB81 -> 10 | AE81: =J81+AA81+AC81 -> 5.99
A82: N0079 | B82: xOkahandja | C82: Botha | D82: Jansen | E82: Men Veteran | F82: 0 | G82: 0 | H82: 0 | I82: 0 | J82: 0 | Z82: =_xlfn.XLOOKUP(A82,'2024-NAT-01'!B:B,'2024-NAT-01'!F:F,0,0)+_xlfn.XLOOKUP('Nominations (2)'!A82,'2024-NAT-01'!B:B,'2024-NAT-01'!G:G,0,0) -> 0 | AA82: =_xlfn.XLOOKUP(A82,'2024-NAT-01'!B:B,'2024-NAT-01'!H:H,0,0) -> 0 | AB82: =_xlfn.XLOOKUP(A82,'2024-NAT-02'!B:B,'2024-NAT-02'!F:F,0,0)+_xlfn.XLOOKUP(A82,'2024-NAT-02'!B:B,'2024-NAT-02'!G:G,0,0) -> 0 | AC82: =_xlfn.XLOOKUP(A82,'2024-NAT-02'!B:B,'2024-NAT-02'!H:H,0,0) -> 0 | AD82: =H82+Z82+AB82 -> 0 | AE82: =J82+AA82+AC82 -> 0
A83: N0080 | B83: xPenguin | C83: Shane | D83: Milne | E83: Men Master | F83: 0 | G83: 0 | H83: 0 | I83: 0 | J83: 0 | Z83: =_xlfn.XLOOKUP(A83,'2024-NAT-01'!B:B,'2024-NAT-01'!F:F,0,0)+_xlfn.XLOOKUP('Nominations (2)'!A83,'2024-NAT-01'!B:B,'2024-NAT-01'!G:G,0,0) -> 0 | AA83: =_xlfn.XLOOKUP(A83,'2024-NAT-01'!B:B,'2024-NAT-01'!H:H,0,0) -> 0 | AB83: =_xlfn.XLOOKUP(A83,'2024-NAT-02'!B:B,'2024-NAT-02'!F:F,0,0)+_xlfn.XLOOKUP(A83,'2024-NAT-02'!B:B,'2024-NAT-02'!G:G,0,0) -> 0 | AC83: =_xlfn.XLOOKUP(A83,'2024-NAT-02'!B:B,'2024-NAT-02'!H:H,0,0) -> 0 | AD83: =H83+Z83+AB83 -> 0 | AE83: =J83+AA83+AC83 -> 0
A84: N0081 | B84: Mako X | C84: John-John | D84: Warrington | E84: Men Veteran | F84: 2 | G84: 14 | H84: 16 | I84: 199 | J84: 61.49 | Z84: =_xlfn.XLOOKUP(A84,'2024-NAT-01'!B:B,'2024-NAT-01'!F:F,0,0)+_xlfn.XLOOKUP('Nominations (2)'!A84,'2024-NAT-01'!B:B,'2024-NAT-01'!G:G,0,0) -> 0 | AA84: =_xlfn.XLOOKUP(A84,'2024-NAT-01'!B:B,'2024-NAT-01'!H:H,0,0) -> 0 | AB84: =_xlfn.XLOOKUP(A84,'2024-NAT-02'!B:B,'2024-NAT-02'!F:F,0,0)+_xlfn.XLOOKUP(A84,'2024-NAT-02'!B:B,'2024-NAT-02'!G:G,0,0) -> 0 | AC84: =_xlfn.XLOOKUP(A84,'2024-NAT-02'!B:B,'2024-NAT-02'!H:H,0,0) -> 0 | AD84: =H84+Z84+AB84 -> 16 | AE84: =J84+AA84+AC84 -> 61.49
A85: N0082 | B85: xOrca Angling Club | C85: Johan | D85: Potgieter | E85: Men Senior | F85: 1 | G85: 0 | H85: 1 | I85: 5.2 | J85: 1.04 | Z85: =_xlfn.XLOOKUP(A85,'2024-NAT-01'!B:B,'2024-NAT-01'!F:F,0,0)+_xlfn.XLOOKUP('Nominations (2)'!A85,'2024-NAT-01'!B:B,'2024-NAT-01'!G:G,0,0) -> 0 | AA85: =_xlfn.XLOOKUP(A85,'2024-NAT-01'!B:B,'2024-NAT-01'!H:H,0,0) -> 0 | AB85: =_xlfn.XLOOKUP(A85,'2024-NAT-02'!B:B,'2024-NAT-02'!F:F,0,0)+_xlfn.XLOOKUP(A85,'2024-NAT-02'!B:B,'2024-NAT-02'!G:G,0,0) -> 0 | AC85: =_xlfn.XLOOKUP(A85,'2024-NAT-02'!B:B,'2024-NAT-02'!H:H,0,0) -> 0 | AD85: =H85+Z85+AB85 -> 1 | AE85: =J85+AA85+AC85 -> 1.04
A86: N0083 | B86: xOtjiwarongo | C86: Wikus | D86: Van Wyk | E86: Men Veteran | F86: 0 | G86: 0 | H86: 0 | I86: 0 | J86: 0 | Z86: =_xlfn.XLOOKUP(A86,'2024-NAT-01'!B:B,'2024-NAT-01'!F:F,0,0)+_xlfn.XLOOKUP('Nominations (2)'!A86,'2024-NAT-01'!B:B,'2024-NAT-01'!G:G,0,0) -> 0 | AA86: =_xlfn.XLOOKUP(A86,'2024-NAT-01'!B:B,'2024-NAT-01'!H:H,0,0) -> 0 | AB86: =_xlfn.XLOOKUP(A86,'2024-NAT-02'!B:B,'2024-NAT-02'!F:F,0,0)+_xlfn.XLOOKUP(A86,'2024-NAT-02'!B:B,'2024-NAT-02'!G:G,0,0) -> 0 | AC86: =_xlfn.XLOOKUP(A86,'2024-NAT-02'!B:B,'2024-NAT-02'!H:H,0,0) -> 0 | AD86: =H86+Z86+AB86 -> 0 | AE86: =J86+AA86+AC86 -> 0
A87: N0009 | B87: Penguin | C87: Henry | D87: Loubser | E87: Men Grand Masters | F87: 5 | G87: 24 | H87: 29 | I87: 295.4 | J87: 102.8 | K87: =I87/H87 -> 10.186207 | L87: =U87+Y87+Q87 -> 1969 | M87: =(U87*0.3)+(Y87*0.2)+(Q87*0.5) -> 714.3 | N87: 1 | O87: 4 | P87: 45.5 | Q87: 759 | R87: 3 | S87: 2 | T87: 58.9 | U87: 928 | V87: 0 | W87: 3 | X87: 56.1 | Y87: 282 | Z87: =_xlfn.XLOOKUP(A87,'2024-NAT-01'!B:B,'2024-NAT-01'!F:F,0,0)+_xlfn.XLOOKUP(A87,'2024-NAT-01'!B:B,'2024-NAT-01'!G:G,0,0) -> 0 | AA87: =_xlfn.XLOOKUP(A87,'2024-NAT-01'!B:B,'2024-NAT-01'!H:H,0,0) -> 0 | AB87: =_xlfn.XLOOKUP(A87,'2024-NAT-02'!B:B,'2024-NAT-02'!F:F,0,0)+_xlfn.XLOOKUP(A87,'2024-NAT-02'!B:B,'2024-NAT-02'!G:G,0,0) -> 0 | AC87: =_xlfn.XLOOKUP(A87,'2024-NAT-02'!B:B,'2024-NAT-02'!H:H,0,0) -> 0 | AD87: =H87+Z87+AB87 -> 29 | AE87: =J87+AA87+AC87 -> 102.8
A88: N0085 | B88: xSteenbras | C88: Charlene | D88: Wiggil | E88: Ladies Senior | F88: 0 | G88: 0 | H88: 0 | I88: 0 | J88: 0 | Z88: =_xlfn.XLOOKUP(A88,'2024-NAT-01'!B:B,'2024-NAT-01'!F:F,0,0)+_xlfn.XLOOKUP('Nominations (2)'!A88,'2024-NAT-01'!B:B,'2024-NAT-01'!G:G,0,0) -> 0 | AA88: =_xlfn.XLOOKUP(A88,'2024-NAT-01'!B:B,'2024-NAT-01'!H:H,0,0) -> 0 | AB88: =_xlfn.XLOOKUP(A88,'2024-NAT-02'!B:B,'2024-NAT-02'!F:F,0,0)+_xlfn.XLOOKUP(A88,'2024-NAT-02'!B:B,'2024-NAT-02'!G:G,0,0) -> 0 | AC88: =_xlfn.XLOOKUP(A88,'2024-NAT-02'!B:B,'2024-NAT-02'!H:H,0,0) -> 0 | AD88: =H88+Z88+AB88 -> 0 | AE88: =J88+AA88+AC88 -> 0
A89: N0086 | B89: Mako X | C89: Hendrik | D89: Dry | E89: Men Veteran | F89: 1 | G89: 3 | H89: 4 | I89: 42.1 | J89: 10.68 | Z89: =_xlfn.XLOOKUP(A89,'2024-NAT-01'!B:B,'2024-NAT-01'!F:F,0,0)+_xlfn.XLOOKUP('Nominations (2)'!A89,'2024-NAT-01'!B:B,'2024-NAT-01'!G:G,0,0) -> 0 | AA89: =_xlfn.XLOOKUP(A89,'2024-NAT-01'!B:B,'2024-NAT-01'!H:H,0,0) -> 0 | AB89: =_xlfn.XLOOKUP(A89,'2024-NAT-02'!B:B,'2024-NAT-02'!F:F,0,0)+_xlfn.XLOOKUP(A89,'2024-NAT-02'!B:B,'2024-NAT-02'!G:G,0,0) -> 0 | AC89: =_xlfn.XLOOKUP(A89,'2024-NAT-02'!B:B,'2024-NAT-02'!H:H,0,0) -> 0 | AD89: =H89+Z89+AB89 -> 4 | AE89: =J89+AA89+AC89 -> 10.68
A90: N0087 | B90: xBenguella | C90: Pieter | D90: De Beer | E90: Men Grand Masters | F90: 0 | G90: 0 | H90: 0 | I90: 0 | J90: 0 | Z90: =_xlfn.XLOOKUP(A90,'2024-NAT-01'!B:B,'2024-NAT-01'!F:F,0,0)+_xlfn.XLOOKUP('Nominations (2)'!A90,'2024-NAT-01'!B:B,'2024-NAT-01'!G:G,0,0) -> 0 | AA90: =_xlfn.XLOOKUP(A90,'2024-NAT-01'!B:B,'2024-NAT-01'!H:H,0,0) -> 0 | AB90: =_xlfn.XLOOKUP(A90,'2024-NAT-02'!B:B,'2024-NAT-02'!F:F,0,0)+_xlfn.XLOOKUP(A90,'2024-NAT-02'!B:B,'2024-NAT-02'!G:G,0,0) -> 0 | AC90: =_xlfn.XLOOKUP(A90,'2024-NAT-02'!B:B,'2024-NAT-02'!H:H,0,0) -> 0 | AD90: =H90+Z90+AB90 -> 0 | AE90: =J90+AA90+AC90 -> 0
A91: N0088 | B91: xSeagull Angling Club | C91: Heiko | D91: Halbich | E91: Men Veteran | F91: 0 | G91: 1 | H91: 1 | I91: 2.2 | J91: 0.44 | Z91: =_xlfn.XLOOKUP(A91,'2024-NAT-01'!B:B,'2024-NAT-01'!F:F,0,0)+_xlfn.XLOOKUP('Nominations (2)'!A91,'2024-NAT-01'!B:B,'2024-NAT-01'!G:G,0,0) -> 0 | AA91: =_xlfn.XLOOKUP(A91,'2024-NAT-01'!B:B,'2024-NAT-01'!H:H,0,0) -> 0 | AB91: =_xlfn.XLOOKUP(A91,'2024-NAT-02'!B:B,'2024-NAT-02'!F:F,0,0)+_xlfn.XLOOKUP(A91,'2024-NAT-02'!B:B,'2024-NAT-02'!G:G,0,0) -> 0 | AC91: =_xlfn.XLOOKUP(A91,'2024-NAT-02'!B:B,'2024-NAT-02'!H:H,0,0) -> 0 | AD91: =H91+Z91+AB91 -> 1 | AE91: =J91+AA91+AC91 -> 0.44
A92: N0089 | B92: Welwitschia X | C92: Michael | D92: Maree | E92: Men Veteran | F92: 3 | G92: 0 | H92: 3 | I92: 1.5 | J92: 0.75 | Z92: =_xlfn.XLOOKUP(A92,'2024-NAT-01'!B:B,'2024-NAT-01'!F:F,0,0)+_xlfn.XLOOKUP('Nominations (2)'!A92,'2024-NAT-01'!B:B,'2024-NAT-01'!G:G,0,0) -> 0 | AA92: =_xlfn.XLOOKUP(A92,'2024-NAT-01'!B:B,'2024-NAT-01'!H:H,0,0) -> 0 | AB92: =_xlfn.XLOOKUP(A92,'2024-NAT-02'!B:B,'2024-NAT-02'!F:F,0,0)+_xlfn.XLOOKUP(A92,'2024-NAT-02'!B:B,'2024-NAT-02'!G:G,0,0) -> 0 | AC92: =_xlfn.XLOOKUP(A92,'2024-NAT-02'!B:B,'2024-NAT-02'!H:H,0,0) -> 0 | AD92: =H92+Z92+AB92 -> 3 | AE92: =J92+AA92+AC92 -> 0.75
A93: N0090 | B93: xOkahandja | C93: James | D93: Scholtz | E93: Men Veteran | F93: 0 | G93: 1 | H93: 1 | I93: 15.5 | J93: 3.1 | Z93: =_xlfn.XLOOKUP(A93,'2024-NAT-01'!B:B,'2024-NAT-01'!F:F,0,0)+_xlfn.XLOOKUP('Nominations (2)'!A93,'2024-NAT-01'!B:B,'2024-NAT-01'!G:G,0,0) -> 0 | AA93: =_xlfn.XLOOKUP(A93,'2024-NAT-01'!B:B,'2024-NAT-01'!H:H,0,0) -> 0 | AB93: =_xlfn.XLOOKUP(A93,'2024-NAT-02'!B:B,'2024-NAT-02'!F:F,0,0)+_xlfn.XLOOKUP(A93,'2024-NAT-02'!B:B,'2024-NAT-02'!G:G,0,0) -> 0 | AC93: =_xlfn.XLOOKUP(A93,'2024-NAT-02'!B:B,'2024-NAT-02'!H:H,0,0) -> 0 | AD93: =H93+Z93+AB93 -> 1 | AE93: =J93+AA93+AC93 -> 3.1
A94: N0769 | B94: Mako | C94: Sven | D94: Welzig | E94: Men U/21 | F94: 2 | G94: 31 | H94: 33 | I94: 305.5 | J94: 84.62 | Z94: =_xlfn.XLOOKUP(A94,'2024-NAT-01'!B:B,'2024-NAT-01'!F:F,0,0)+_xlfn.XLOOKUP(A94,'2024-NAT-01'!B:B,'2024-NAT-01'!G:G,0,0) -> 6 | AA94: =_xlfn.XLOOKUP(A94,'2024-NAT-01'!B:B,'2024-NAT-01'!H:H,0,0) -> 21.4 | AB94: =_xlfn.XLOOKUP(A94,'2024-NAT-02'!B:B,'2024-NAT-02'!F:F,0,0)+_xlfn.XLOOKUP(A94,'2024-NAT-02'!B:B,'2024-NAT-02'!G:G,0,0) -> 2 | AC94: =_xlfn.XLOOKUP(A94,'2024-NAT-02'!B:B,'2024-NAT-02'!H:H,0,0) -> 4.2 | AD94: =H94+Z94+AB94 -> 41 | AE94: =J94+AA94+AC94 -> 110.22
A95: N0092 | B95: xOtjiwarongo | C95: Joseph | D95: Payne | E95: Men Veteran | F95: 1 | G95: 6 | H95: 7 | I95: 43.5 | J95: 11.84 | Z95: =_xlfn.XLOOKUP(A95,'2024-NAT-01'!B:B,'2024-NAT-01'!F:F,0,0)+_xlfn.XLOOKUP('Nominations (2)'!A95,'2024-NAT-01'!B:B,'2024-NAT-01'!G:G,0,0) -> 0 | AA95: =_xlfn.XLOOKUP(A95,'2024-NAT-01'!B:B,'2024-NAT-01'!H:H,0,0) -> 0 | AB95: =_xlfn.XLOOKUP(A95,'2024-NAT-02'!B:B,'2024-NAT-02'!F:F,0,0)+_xlfn.XLOOKUP(A95,'2024-NAT-02'!B:B,'2024-NAT-02'!G:G,0,0) -> 0 | AC95: =_xlfn.XLOOKUP(A95,'2024-NAT-02'!B:B,'2024-NAT-02'!H:H,0,0) -> 0 | AD95: =H95+Z95+AB95 -> 7 | AE95: =J95+AA95+AC95 -> 11.84
A96: N0375 | B96: Walvis Bay | C96: Cristiano | D96: Bampton | E96: Men U/16 | F96: 4 | G96: 3 | H96: 7 | I96: 61.5 | J96: 30.75 | Z96: =_xlfn.XLOOKUP(A96,'2024-NAT-01'!B:B,'2024-NAT-01'!F:F,0,0)+_xlfn.XLOOKUP(A96,'2024-NAT-01'!B:B,'2024-NAT-01'!G:G,0,0) -> 14 | AA96: =_xlfn.XLOOKUP(A96,'2024-NAT-01'!B:B,'2024-NAT-01'!H:H,0,0) -> 107 | AB96: =_xlfn.XLOOKUP(A96,'2024-NAT-02'!B:B,'2024-NAT-02'!F:F,0,0)+_xlfn.XLOOKUP(A96,'2024-NAT-02'!B:B,'2024-NAT-02'!G:G,0,0) -> 8 | AC96: =_xlfn.XLOOKUP(A96,'2024-NAT-02'!B:B,'2024-NAT-02'!H:H,0,0) -> 42.3 | AD96: =H96+Z96+AB96 -> 29 | AE96: =J96+AA96+AC96 -> 180.05
A97: N0094 | B97: xPenguin | C97: Japsie | D97: Blaauw | E97: Men Senior | F97: 0 | G97: 0 | H97: 0 | I97: 0 | J97: 0 | Z97: =_xlfn.XLOOKUP(A97,'2024-NAT-01'!B:B,'2024-NAT-01'!F:F,0,0)+_xlfn.XLOOKUP('Nominations (2)'!A97,'2024-NAT-01'!B:B,'2024-NAT-01'!G:G,0,0) -> 0 | AA97: =_xlfn.XLOOKUP(A97,'2024-NAT-01'!B:B,'2024-NAT-01'!H:H,0,0) -> 0 | AB97: =_xlfn.XLOOKUP(A97,'2024-NAT-02'!B:B,'2024-NAT-02'!F:F,0,0)+_xlfn.XLOOKUP(A97,'2024-NAT-02'!B:B,'2024-NAT-02'!G:G,0,0) -> 0 | AC97: =_xlfn.XLOOKUP(A97,'2024-NAT-02'!B:B,'2024-NAT-02'!H:H,0,0) -> 0 | AD97: =H97+Z97+AB97 -> 0 | AE97: =J97+AA97+AC97 -> 0
A98: N0150 | B98: Orca Angling Club | C98: Lindie | D98: Krauze | E98: Ladies Veteran | F98: 2 | G98: 11 | H98: 13 | I98: 122.3 | J98: 36.58 | Z98: =_xlfn.XLOOKUP(A98,'2024-NAT-01'!B:B,'2024-NAT-01'!F:F,0,0)+_xlfn.XLOOKUP(A98,'2024-NAT-01'!B:B,'2024-NAT-01'!G:G,0,0) -> 8 | AA98: =_xlfn.XLOOKUP(A98,'2024-NAT-01'!B:B,'2024-NAT-01'!H:H,0,0) -> 83.7 | AB98: =_xlfn.XLOOKUP(A98,'2024-NAT-02'!B:B,'2024-NAT-02'!F:F,0,0)+_xlfn.XLOOKUP(A98,'2024-NAT-02'!B:B,'2024-NAT-02'!G:G,0,0) -> 3 | AC98: =_xlfn.XLOOKUP(A98,'2024-NAT-02'!B:B,'2024-NAT-02'!H:H,0,0) -> 32.5 | AD98: =H98+Z98+AB98 -> 24 | AE98: =J98+AA98+AC98 -> 152.78
A99: N0096 | B99: xOrca Angling Club | C99: Christiaan | D99: Rossouw | E99: Men Senior | F99: 0 | G99: 4 | H99: 4 | I99: 56.5 | J99: 24.41 | Z99: =_xlfn.XLOOKUP(A99,'2024-NAT-01'!B:B,'2024-NAT-01'!F:F,0,0)+_xlfn.XLOOKUP('Nominations (2)'!A99,'2024-NAT-01'!B:B,'2024-NAT-01'!G:G,0,0) -> 0 | AA99: =_xlfn.XLOOKUP(A99,'2024-NAT-01'!B:B,'2024-NAT-01'!H:H,0,0) -> 0 | AB99: =_xlfn.XLOOKUP(A99,'2024-NAT-02'!B:B,'2024-NAT-02'!F:F,0,0)+_xlfn.XLOOKUP(A99,'2024-NAT-02'!B:B,'2024-NAT-02'!G:G,0,0) -> 0 | AC99: =_xlfn.XLOOKUP(A99,'2024-NAT-02'!B:B,'2024-NAT-02'!H:H,0,0) -> 0 | AD99: =H99+Z99+AB99 -> 4 | AE99: =J99+AA99+AC99 -> 24.41
A100: N0097 | B100: xPenguin | C100: Christo | D100: Lensing | E100: Men Veteran | F100: 0 | G100: 6 | H100: 6 | I100: 59.8 | J100: 17.94 | Z100: =_xlfn.XLOOKUP(A100,'2024-NAT-01'!B:B,'2024-NAT-01'!F:F,0,0)+_xlfn.XLOOKUP('Nominations (2)'!A100,'2024-NAT-01'!B:B,'2024-NAT-01'!G:G,0,0) -> 0 | AA100: =_xlfn.XLOOKUP(A100,'2024-NAT-01'!B:B,'2024-NAT-01'!H:H,0,0) -> 0 | AB100: =_xlfn.XLOOKUP(A100,'2024-NAT-02'!B:B,'2024-NAT-02'!F:F,0,0)+_xlfn.XLOOKUP(A100,'2024-NAT-02'!B:B,'2024-NAT-02'!G:G,0,0) -> 0 | AC100: =_xlfn.XLOOKUP(A100,'2024-NAT-02'!B:B,'2024-NAT-02'!H:H,0,0) -> 0 | AD100: =H100+Z100+AB100 -> 6 | AE100: =J100+AA100+AC100 -> 17.94
...

Sheet Lists
A1: Clubs | C1: Status | D1: Scientific Name | E1: Min Length | F1: Length to measure | G1: Edibles | H1: Scientific Name | I1: Min Length | J1: Length to measure | K1: Inedibles | M1: length | Q1: KgList
A2: Atlantic Angling Club | B2: AAC | C2: Deseased | D2: Diplodus sargus capensis | E2: 25 | F2: Fork length | G2: Blacktail | H2: Galeichthys ater | I2: 40 | J2: Fork length | K2: Catfish - Sea Black | L2: cm | M2: Blacktail | N2: Galjoen | O2: Kob | P2: Steenbras West Coast | Q2: Garrick | R2: Shad | S2: Redfinger | T2: Shark Copper (Male) | U2: Shark Copper (Female) | V2: Shark Cow / Sevengill | W2: Shark Spotted Gully | X2: Shark Hound Smooth | Y2: Shark Soupfin | Z2: Guitarfish - Lesser | AA2: Elephantfish | AB2: Ray Blue (Male) | AC2: Ray Blue (Female) | AD2: Ray Bull / Eagle | AE2: Ray Diamond / ButterFly | AF2: Skate Spearnose | AG2: Green Eye Spurdog shark | AH2: Catfish - Sea Black
A3: Benguella | B3: BEN | C3: Ladies Grand Master | G3: Bluefin Gurnard | H3: Galeichthys feliceps | J3: Fork length | K3: Catfish - Sea White | L3: 1
A4: Henties Bay | B4: HEN | C4: Ladies Master | G4: Cape Gurnard | H4: Callorhinchus capensis | I4: 50 | J4: Total length | K4: Elephantfish | L4: 2
A5: Mako | B5: MAKO | C5: Ladies Veteran | D5: Dichistius capensis | E5: 30 | F5: Total length | G5: Galjoen | H5: Squalus chloroculus | I5: 66 | K5: Green Eye Spurdog shark | L5: 3
A6: Namib Park | B6: NPAC | C6: Ladies Senoir | D6: Lichia amia | E6: 36 | F6: Fork length | G6: Garrick | H6: Rhinobatos blochii | J6: Total length | K6: Guitarfish - Bluntnose | L6: 4
A7: Okahandja | B7: OKH | C7: Ladies U/21 | G7: Geelbek | H7: Rhinobatos leucospilus | J7: Total length | K7: Guitarfish - Greyspot | L7: 5
A8: Orca Angling Club | B8: ORCA | C8: Ladies U/16 | G8: Grunter - Spotted | H8: Rhinobatos annulatus | I8: 65 | J8: Total length | K8: Guitarfish - Lesser | L8: 6
A9: Otjiwarongo | B9: OTJ | C9: Men Grandmasters | D9: Argyrosomus inodorus | E9: 40 | F9: Total length | G9: Kob | H9: Dasyatis chrysonota chrysonota | I9: 30 | J9: Disc width | K9: Ray Blue (Female) | L9: 7
A10: Penguin | B10: PEN | C10: Men Masters | G10: Lyre Gurnard | H10: Dasyatis chrysonota chrysonota | I10: 32 | J10: Disc width | K10: Ray Blue (Male) | L10: 8
A11: Seagulls WHK | B11: SWHK | C11: Men Veterans | G11: Maasbanker | H11: Myliobatus aquila | I11: 38 | J11: Disc width | K11: Ray Bull / Eagle | L11: 9
A12: Seagulls WVB | B12: SWVB | C12: Men Senior | G12: Redfinger | H12: Gymnura natalensis | I12: 48 | J12: Disc width | K12: Ray Diamond / ButterFly | L12: 10
A13: Skeleton Coast | B13: SKUL | C13: Men U/21 | D13: Pomatomus saltatrix | E13: 38 | F13: Fork length | G13: Shad | H13: Pteromylaeus bovinus | J13: Disc width | K13: Ray Duckbill | L13: 11
A14: Steenbras | B14: STEEN | C14: Men U/16 | G14: Steenbras Sand | H14: Carcharhinus brachyurus | I14: 44 | J14: Pre-caudal length | K14: Shark Copper (Female) | L14: 12
A15: Walvis Bay | B15: WAL | D15: Lithognathus aureti | E15: 40 | F15: Fork length | G15: Steenbras West Coast | H15: Carcharhinus brachyurus | I15: 44 | J15: Pre-caudal length | K15: Shark Copper (Male) | L15: 13
A16: Welwitschia | B16: WEL | G16: Steenbras White | H16: Notorynchus cepedianus | I16: 53 | J16: Pre-caudal length | K16: Shark Cow / Sevengill | L16: 14
G17: Strepie | H17: Mustelus mustelus | I17: 68 | J17: Total length | K17: Shark Hound Smooth | L17: 15
G18: Striped Mullet | H18: Mustelus palumbes | I18: 68 | J18: Total length | K18: Shark Hound Whitespotted | L18: 16
G19: Tuna Eastern Little | H19: Galeocerdo cuvier | J19: Pre-caudal length | K19: Shark Ragged Tooth | L19: 17
G20: White Stumpnose | H20: Galeorhinus galeus | I20: 36 | J20: Pre-caudal length | K20: Shark Soupfin | L20: 18
G21: Yellowtail amberjack | H21: Triakis megalopterus | I21: 65 | J21: Total length | K21: Shark Spotted Gully | L21: 19
H22: Dipturus doutrei | J22: Disc width | K22: Skate - Javelin | L22: 20
H23: Raja clavata | J23: Disc width | K23: Skate - Thornback | L23: 21
H24: Raja alba | I24: 50 | J24: Disc width | K24: Skate Spearnose | L24: 23 | M24: 0.3 | S24: 0
K25: Spiney dogfish Bluntnose | L25: 24 | M25: 0.4 | S25: 0
K26: Spiney dogfish Spotted | L26: 25 | M26: 0.4 | S26: 0
K27: Spinner shark - Long nose | L27: 26 | M27: 0.5 | S27: 0
K28: Tresher Shark | L28: 27 | M28: 0.6 | S28: 0
L29: 28 | M29: 0.6 | S29: 0
L30: 29 | M30: 0.7 | S30: 0
L31: 30 | M31: 0.84160148 | N31: 0.5 | S31: 0 | AC31: 1.0179249
L32: 31 | M32: 0.9282937 | N32: 0.5 | S32: 0 | AC32: 1.1324446
L33: 32 | M33: 1.0207335 | N33: 0.6 | P33: 0.7 | S33: 0 | AB33: 0.95836376 | AC33: 1.2555905
L34: 33 | M34: 1.1191044 | N34: 0.7 | P34: 0.8 | S34: 0 | AB34: 1.0570748 | AC34: 1.3729856
L35: 34 | M35: 1.22359 | N35: 0.7 | P35: 0.9 | S35: 0 | AB35: 1.1557858 | AC35: 1.4918184
L36: 35 | M36: 1.3343735 | N36: 0.78195192 | P36: 0.9 | S36: 0 | AB36: 1.2544969 | AC36: 1.680296
L37: 36 | M37: 1.4516383 | N37: 0.85379096 | P37: 1 | Q37: 0.67361769 | S37: 0 | Y37: 1.0020532 | AB37: 1.3532079 | AC37: 1.8414706
L38: 37 | M38: 1.5755678 | N38: 0.92998754 | P38: 1.1 | Q38: 0.7258366 | S38: 0 | Y38: 1.0678087 | AB38: 1.451919 | AC38: 2.0136313
L39: 38 | M39: 1.7063452 | N39: 1.0106774 | P39: 1.2 | Q39: 0.78054773 | R39: 0.73085122 | S39: 0 | Y39: 1.1335641 | AB39: 1.6569162 | AC39: 2.1960132 | AD39: 0.9628367
L40: 39 | M40: 1.8441537 | N40: 1.0959969 | P40: 1.3 | Q40: 0.83779974 | R40: 0.78967185 | S40: 0 | Y40: 1.1993196 | AB40: 1.7998651 | AC40: 2.389526 | AD40: 1.0424834
L41: 40 | M41: 1.9891765 | N41: 1.1860826 | O41: 0.65065738 | P41: 1.4 | Q41: 0.89764092 | R41: 0.85155591 | S41: 0 | Y41: 1.2650751 | AB41: 1.9505771 | AC41: 2.5945375 | AD41: 1.127331 | AH41: 0.98692061
L42: 41 | M42: 2.1415966 | N42: 1.2810715 | O42: 0.70137925 | P42: 1.5 | Q42: 0.96011925 | R42: 0.91658036 | S42: 0 | Y42: 1.3308306 | AB42: 2.1102279 | AC42: 2.8114178 | AD42: 1.2234013 | AH42: 1.0649112
L43: 42 | M43: 2.3015972 | N43: 1.3811013 | O43: 0.75468867 | P43: 1.6 | Q43: 1.0252824 | R43: 0.9848592 | S43: 0 | Y43: 1.396586 | AB43: 2.2786218 | AC43: 3.0405392 | AD43: 1.3194716 | AH43: 1.1469608
L44: 43 | M44: 2.4693612 | N44: 1.4863098 | O44: 0.81065132 | P44: 1.7 | Q44: 1.0931776 | R44: 1.0563972 | S44: 0 | Y44: 1.4623415 | AB44: 2.4560121 | AC44: 3.2822764 | AD44: 1.4155418 | AH44: 1.2331764
L45: 44 | M45: 2.6450717 | N45: 1.5968352 | O45: 0.86933292 | P45: 1.8 | Q45: 1.1638519 | R45: 1.1313064 | S45: 0 | T45: 0.9695481 | U45: 0.96756273 | Y45: 1.596075 | AB45: 2.6426535 | AC45: 3.5370064 | AD45: 1.5078594 | AH45: 1.3236652
L46: 45 | M46: 2.8289115 | N46: 1.7128163 | O46: 0.93079926 | P46: 1.9 | Q46: 1.237352 | R46: 1.2096634 | S46: 0 | T46: 1.0404588 | U46: 1.0376029 | Y46: 1.6844899 | AB46: 2.8388018 | AC46: 3.8051084 | AD46: 1.6151878 | AH46: 1.4185347
L47: 46 | M47: 3.0210635 | N47: 1.8343922 | O47: 0.9951162 | P47: 2.1 | Q47: 1.3137244 | R47: 1.2915452 | S47: 0 | T47: 1.1148248 | U47: 1.1110052 | Y47: 1.7842344 | AB47: 3.0447136 | AC47: 4.0869636 | AD47: 1.7 | AH47: 1.5178926
L48: 47 | M48: 3.2217107 | N48: 1.9617021 | O48: 1.0623496 | P48: 2.2 | Q48: 1.3930151 | R48: 1.3770283 | S48: 0 | T48: 1.1927338 | U48: 1.1878527 | Y48: 1.8839789 | AB48: 3.2606469 | AC48: 4.3829555 | AD48: 1.8 | AH48: 1.6218466
L49: 48 | M49: 3.4310357 | N49: 2.0948861 | O49: 1.1325656 | P49: 2.4 | Q49: 1.4752701 | R49: 1.4661896 | S49: 0 | T49: 1.2742739 | U49: 1.2682285 | Y49: 1.9530418 | AB49: 3.4868606 | AC49: 4.6934697 | AD49: 2 | AE49: 0.96047262 | AH49: 1.7305048
L50: 49 | N50: 2.2340841 | O50: 1.20583 | P50: 2.5 | Q50: 1.5605349 | R50: 1.5591058 | S50: 0 | T50: 1.3595333 | U50: 1.3522162 | Y50: 2.0487272 | AB50: 3.7236145 | AC50: 5.0188938 | AD50: 2.1 | AE50: 1.0285084 | AH50: 1.8439754
L51: 50 | N51: 2.3794367 | O51: 1.2822089 | P51: 2.7 | Q51: 1.6488549 | R51: 1.6558534 | S51: 0 | T51: 1.4486005 | U51: 1.4398992 | Y51: 2.1470246 | AA51: 0.99625 | AB51: 3.9711696 | AC51: 5.3596174 | AD51: 2.2 | AE51: 1.0965443 | AF51: 1 | AH51: 1.9623668
L52: 51 | N52: 2.5310848 | O52: 1.3617686 | P52: 2.8 | Q52: 1.7402751 | R52: 1.756509 | S52: 0 | T52: 1.5415644 | U52: 1.5313614 | Y52: 2.2435806 | AA52: 1.0572285 | AB52: 4.2297878 | AC52: 5.7160322 | AD52: 2.4 | AE52: 1.1645801 | AF52: 1.1 | AH52: 2.0857875
L53: 52 | N53: 2.6891695 | O53: 1.4445752 | P53: 3 | Q53: 1.8348403 | R53: 1.8611493 | S53: 0 | T53: 1.6385139 | U53: 1.6266868 | Y53: 2.340572 | AA53: 1.1206458 | AB53: 4.499732 | AC53: 6.0885318 | AD53: 2.5 | AE53: 1.2266098 | AF53: 1.1 | AH53: 2.2143462
L54: 53 | N54: 2.8538324 | O54: 1.5306949 | P54: 3.1 | Q54: 1.9325953 | R54: 1.9698509 | S54: 0 | T54: 1.7395385 | U54: 1.7259596 | V54: 1.0148951 | Y54: 2.457758 | AA54: 1.1865497 | AB54: 4.7812662 | AC54: 6.4775119 | AD54: 2.7 | AE54: 1.3060911 | AF54: 1.2 | AH54: 2.348152
L55: 54 | N55: 3.0252152 | O55: 1.620194 | P55: 3.3 | Q55: 2.0335842 | R55: 2.0826902 | S55: 0 | T55: 1.8447276 | U55: 1.829264 | V55: 1.1726034 | Y55: 2.5666711 | AA55: 1.2549881 | AB55: 5.074655 | AC55: 6.8833698 | AD55: 2.8 | AE55: 1.3855723 | AF55: 1.3 | AH55: 2.4873137
L56: 55 | N56: 3.2034603 | O56: 1.7131388 | P56: 3.5 | Q56: 2.1378513 | R56: 2.1997437 | S56: 0 | T56: 1.954171 | U56: 1.9366847 | V56: 1.3303117 | Y56: 2.6755841 | AA56: 1.3260087 | AB56: 5.3801642 | AC56: 7.306505 | AD56: 3 | AE56: 1.4650536 | AF56: 1.3 | AH56: 2.6319408
L57: 56 | N57: 3.3887099 | O57: 1.8095958 | P57: 3.7 | Q57: 2.2454404 | R57: 2.3210879 | S57: 0 | T57: 2.0679586 | U57: 2.0483062 | V57: 1.48802 | Y57: 2.7844972 | AA57: 1.3996595 | AB57: 5.6980605 | AC57: 7.7473187 | AD57: 3.2 | AE57: 1.5 | AF57: 1.4 | AH57: 2.7821425
L58: 57 | N58: 3.581107 | O58: 1.9096314 | P58: 3.9 | Q58: 2.3563953 | R58: 2.4467992 | S58: 0 | T58: 2.1861809 | U58: 2.1642134 | V58: 1.6457283 | Y58: 2.9096408 | AA58: 1.4759882 | AB58: 6.0286114 | AC58: 8.206214 | AD58: 3.3 | AE58: 1.6 | AF58: 1.5 | AH58: 2.9380285
L59: 58 | N59: 3.7807947 | O59: 2.013312 | P59: 4.1 | Q59: 2.4707594 | R59: 2.5769541 | S59: 0 | T59: 2.3089281 | U59: 2.2844915 | V59: 1.8034366 | Y59: 3.0185539 | AA59: 1.5550426 | AB59: 6.3720854 | AC59: 8.6835958 | AD59: 3.5 | AE59: 1.7 | AF59: 1.6 | AH59: 3.0997085
L60: 59 | N60: 3.9879162 | O60: 2.1207042 | P60: 4.3 | Q60: 2.5885759 | R60: 2.7116289 | S60: 0 | T60: 2.436291 | U60: 2.4092255 | V60: 1.9611449 | Y60: 3.1323361 | AA60: 1.6368706 | AB60: 6.7287518 | AC60: 9.1798708 | AD60: 3.7 | AE60: 1.8 | AF60: 1.7 | AH60: 3.2672923
L61: 60 | N61: 4.2026154 | O61: 2.2318746 | P61: 4.5 | Q61: 2.7098879 | R61: 2.8509 | S61: 0 | T61: 2.5683605 | U61: 2.5385008 | V61: 2.1188532 | Y61: 3.2461184 | AA61: 1.72152 | AB61: 7.0988808 | AC61: 9.6954474 | AD61: 3.9 | AE61: 1.9 | AF61: 1.8 | AH61: 3.4408899
L62: 61 | N62: 4.4250363 | O62: 2.3468897 | P62: 4.8 | Q62: 2.8347383 | R62: 2.9948437 | S62: 0 | T62: 2.7052277 | U62: 2.6724029 | V62: 2.2765615 | Y62: 3.3599006 | AA62: 1.8090386 | AB62: 7.4827434 | AC62: 10.230736 | AD62: 4.1 | AE62: 2 | AF62: 1.9 | AH62: 3.6206116
L63: 62 | N63: 4.655323 | O63: 2.4658163 | P63: 5 | Q63: 2.9631697 | R63: 3.1435364 | S63: 0 | T63: 2.846984 | U63: 2.8110174 | V63: 2.4342698 | Y63: 3.5362877 | AA63: 1.8994742 | AB63: 7.8806116 | AC63: 10.786148 | AD63: 4.3 | AE63: 2.1 | AF63: 2 | AH63: 3.8065677
L64: 63 | N64: 4.8936202 | O64: 2.5887211 | P64: 5.2 | Q64: 3.0952246 | R64: 3.2970543 | S64: 0 | T64: 2.9937209 | U64: 2.9544303 | V64: 2.5919781 | Y64: 3.670007 | AA64: 1.9928746 | AB64: 8.292758 | AC64: 11.362097 | AD64: 4.5 | AE64: 2.2 | AF64: 2.1 | AH64: 3.9988686
L65: 64 | N65: 5.1400728 | O65: 2.7156707 | P65: 5.5 | Q65: 3.2309452 | R65: 3.4554736 | S65: 0 | T65: 3.1455303 | U65: 3.1027275 | V65: 2.7496864 | Y65: 3.8037262 | Z65: 0.90796475 | AA65: 2.0892877 | AB65: 8.7194561 | AC65: 11.958999 | AD65: 4.7 | AE65: 2.3 | AF65: 2.2 | AH65: 4.1976249
L66: 65 | N66: 5.3948258 | O66: 2.8467321 | P66: 5.7 | Q66: 3.3703738 | R66: 3.6188707 | S66: 0 | T66: 3.3025039 | U66: 3.255995 | V66: 2.9073947 | W66: 0.98816706 | Y66: 3.9374454 | Z66: 0.95381995 | AA66: 2.1887612 | AB66: 9.1609804 | AC66: 12.577271 | AD66: 5 | AE66: 2.4 | AF66: 2.3 | AH66: 4.4029474
L67: 66 | N67: 5.6580246 | O67: 2.9819719 | P67: 6 | Q67: 3.513552 | R67: 3.7873216 | S67: 0 | T67: 3.4647341 | U67: 3.4143192 | V67: 3.0659975 | W67: 1.0413009 | Y67: 4.0711646 | Z67: 0.99967514 | AA67: 2.2913431 | AB67: 9.6176059 | AC67: 13.217331 | AD67: 5.2 | AE67: 2.6 | AF67: 2.4 | AG67: 0.98816706 | AH67: 4.6149469
L68: 67 | N68: 5.9298149 | O68: 3.1214572 | P68: 6.3 | Q68: 3.6605219 | R68: 3.9609027 | S68: 0 | T68: 3.6323132 | U68: 3.5777865 | V68: 3.2210225 | W68: 1.0964278 | Y68: 4.2048838 | Z68: 1.0502458 | AA68: 2.3970811 | AB68: 10.089609 | AC68: 13.879599 | AD68: 5.5 | AE68: 2.7 | AF68: 2.5 | AG68: 1.0413009 | AH68: 4.8337346
L69: 68 | N69: 6.2103426 | O69: 3.2652548 | P69: 6.6 | Q69: 3.8113247 | R69: 4.13969 | S69: 0 | T69: 3.8053337 | U69: 3.7464834 | V69: 3.3814141 | W69: 1.150226 | X69: 0.95651425 | Y69: 4.3813469 | Z69: 1.0913855 | AA69: 2.506023 | AB69: 10.577265 | AC69: 14.564497 | AD69: 5.7 | AE69: 2.8 | AF69: 2.6 | AG69: 1.0964278 | AH69: 5.0594215
L70: 69 | N70: 6.4997539 | O70: 3.4134317 | P70: 6.8 | Q70: 3.9660021 | R70: 4.3237597 | S70: 0 | T70: 3.9838885 | U70: 3.9204967 | V70: 3.5472749 | W70: 1.2043564 | X70: 1.0066815 | Y70: 4.5322616 | Z70: 1.1531485 | AA70: 2.6182167 | AB70: 11.080853 | AC70: 15.272449 | AD70: 6 | AE70: 2.9 | AF70: 2.7 | AG70: 1.150226 | AH70: 5.292119
L71: 70 | N71: 6.7981953 | O71: 3.5660549 | P71: 7.1 | Q71: 4.1245951 | R71: 4.5131879 | S71: 0 | T71: 4.1680704 | U71: 4.0999131 | V71: 3.6959363 | W71: 1.2584868 | X71: 1.0587008 | Y71: 4.6831764 | Z71: 1.2149115 | AA71: 2.73371 | AB71: 11.600651 | AC71: 16.003879 | AD71: 6.2 | AE71: 3 | AF71: 2.9 | AG71: 1.2043564 | AH71: 5.5319385
L72: 71 | N72: 7.1058134 | O72: 3.7231914 | P72: 7.5 | Q72: 4.2871449 | R72: 4.7080508 | S72: 0 | T72: 4.3579727 | U72: 4.2848197 | V72: 3.8536446 | W72: 1.3126172 | X72: 1.1126128 | Y72: 4.8340911 | Z72: 1.2766744 | AA72: 2.8525507 | AB72: 12.136937 | AC72: 16.759214 | AD72: 6.5 | AE72: 3.2 | AF72: 3.0333333 | AG72: 1.2584868 | AH72: 5.7789915
L73: 72 | N73: 7.4227552 | O73: 3.8849083 | P73: 7.8 | Q73: 4.4536924 | R73: 4.9084243 | S73: 0 | T73: 4.5536886 | U73: 4.4753036 | V73: 4.0787066 | W73: 1.3667476 | X73: 1.1684581 | Y73: 4.9850058 | Z73: 1.3384374 | AA73: 2.9747866 | AB73: 12.689992 | AC73: 17.538883 | AD73: 6.8 | AE73: 3.3 | AF73: 3.1833333 | AG73: 1.3126172 | AH73: 6.0333897
L74: 73 | N74: 7.749168 | O74: 4.0512727 | P74: 8.1 | Q74: 4.6242783 | R74: 5.1143846 | S74: 0 | T74: 4.7553117 | U74: 4.6714521 | V74: 4.2588662 | W74: 1.420878 | X74: 1.2262778 | Y74: 5.1359205 | Z74: 1.4002003 | AA74: 3.1004655 | AB74: 13.260095 | AC74: 18.343314 | AD74: 7.1 | AE74: 3.5 | AF74: 3.3333333 | AG74: 1.3667476 | AH74: 6.295245
L75: 74 | N75: 8.085199 | O75: 4.2223518 | P75: 8.4 | Q75: 4.7989431 | R75: 5.3260076 | S75: 0 | T75: 4.9629357 | U75: 4.8733524 | V75: 4.4502514 | W75: 1.4750084 | X75: 1.2861131 | Y75: 5.2868353 | Z75: 1.4619633 | AA75: 3.2296353 | AB75: 13.847528 | AC75: 19.172938 | AD75: 7.4 | AE75: 3.6 | AF75: 3.4833333 | AG75: 1.420878 | AH75: 6.5646692
L76: 75 | N76: 8.4309962 | O76: 4.3982127 | P76: 8.8 | Q76: 4.9777274 | R76: 5.5433694 | S76: 0 | T76: 5.1766545 | U76: 5.0810922 | V76: 4.6631007 | W76: 1.6144539 | X76: 1.3429456 | Y76: 5.4994146 | Z76: 1.5237263 | AA76: 3.3623437 | AB76: 14.452573 | AC76: 20.028189 | AD76: 7.7 | AE76: 3.4 | AF76: 3.6333333 | AG76: 1.4750084 | AH76: 6.8417744
L77: 76 | N77: 8.7867073 | O77: 4.5789227 | P77: 9.1 | Q77: 5.1606714 | R77: 5.766546 | S77: 0 | T77: 5.396562 | U77: 5.2947591 | V77: 4.8616406 | W77: 1.6970227 | X77: 1.4007777 | Y77: 5.6710067 | Z77: 1.5854892 | AA77: 3.4986387 | AB77: 15.075513 | AC77: 20.909501 | AD77: 8 | AE77: 3.5 | AF77: 3.7833333 | AG77: 1.6144539 | AH77: 7.1266728
L78: 77 | N78: 9.1524805 | O78: 4.7645489 | P78: 9.5 | Q78: 5.3478152 | R78: 5.9956134 | S78: 0 | T78: 5.6227527 | U78: 5.5144408 | V78: 5.0637579 | W78: 1.7938107 | X78: 1.4586098 | Y78: 5.8425987 | Z78: 1.6472522 | AA78: 3.638568 | AB78: 15.716631 | AC78: 21.817308 | AD78: 8.4 | AE78: 3.6 | AF78: 3.9333333 | AG78: 1.6970227 | AH78: 7.4194767
L79: 78 | N79: 9.5284643 | O79: 4.9551588 | P79: 9.8 | Q79: 5.5391989 | R79: 6.2306474 | S79: 0 | T79: 5.8553208 | U79: 5.7402253 | V79: 5.2658751 | W79: 1.8905986 | X79: 1.5164419 | Y79: 6.0141908 | Z79: 1.7090152 | AA79: 3.7821794 | AB79: 16.37621 | AC79: 22.752047 | AD79: 8.7 | AF79: 4 | AG79: 1.7938107 | AH79: 7.7202985
L80: 79 | N80: 9.9148072 | O80: 5.1508197 | P80: 10.2 | Q80: 5.7348622 | R80: 6.4717241 | S80: 0 | T80: 6.094361 | U80: 5.9722006 | V80: 5.4679924 | W80: 1.9294637 | X80: 1.574274 | Y80: 6.1857829 | Z80: 1.7707781 | AA80: 3.9295208 | AB80: 17.054536 | AC80: 23.714158 | AD80: 9 | AF80: 4.2333333 | AG80: 1.8905986 | AH80: 8.0292507
L81: 80 | N81: 10.311658 | O81: 5.3515988 | P81: 10.6 | Q81: 5.934845 | R81: 6.7189192 | S81: 0 | T81: 6.339968 | U81: 6.2104549 | V81: 5.7667845 | W81: 2.0141958 | X81: 1.6898047 | Y81: 6.3573749 | Z81: 1.8325411 | AA81: 4.08064 | AB81: 17.751894 | AC81: 24.704079 | AD81: 9.4 | AF81: 4.3833333 | AG81: 1.9294637 | AH81: 8.3464461
L82: 81 | N82: 10.719166 | O82: 5.5575636 | P82: 11 | Q82: 6.1391867 | R82: 6.9723088 | S82: 0 | T82: 6.5922368 | U82: 6.4550763 | V82: 6.0066099 | W82: 2.1018921 | X82: 1.7668696 | Y82: 6.574302 | Z82: 1.894304 | AA82: 4.2355848 | AB82: 18.46857 | AC82: 25.722253 | AD82: 9.8 | AF82: 4.6 | AG82: 2.0141958 | AH82: 8.6719973
L83: 82 | N83: 11.137481 | O83: 5.7687816 | P83: 11.4 | Q83: 6.3479269 | R83: 7.2319687 | S83: 0 | T83: 6.8512624 | U83: 6.7061534 | V83: 6.2532818 | W83: 2.19226 | X83: 1.853551 | Y83: 6.7307824 | Z83: 1.9922866 | AA83: 4.394403 | AB83: 19.204851 | AC83: 26.769121 | AD83: 10.1 | AF83: 4.7 | AG83: 2.1018921 | AH83: 9.0060172
L84: 83 | N84: 11.566751 | O84: 5.9853202 | P84: 11.8 | Q84: 6.5611047 | R84: 7.4979748 | S84: 0 | T84: 7.1171401 | U84: 6.9637746 | V84: 6.5069086 | W84: 2.2853466 | X84: 1.9222952 | Y84: 6.957007 | Z84: 2.0705804 | AA84: 4.5571424 | AB84: 19.961023 | AC84: 27.845127 | AD84: 10.5 | AF84: 4.9 | AG84: 2.19226 | AH84: 9.3486188
L85: 84 | N85: 12.007128 | O85: 6.2072468 | P85: 12.2 | Q85: 6.7787594 | R85: 7.7704028 | S85: 0 | T85: 7.3899653 | U85: 7.2280286 | V85: 6.7675991 | W85: 2.3811997 | X85: 2.0100813 | Y85: 7.1529907 | Z85: 2.1509578 | AA85: 4.7238509 | AB85: 20.737376 | AC85: 28.950717 | AD85: 10.9 | AF85: 5.1 | AG85: 2.2853466 | AH85: 9.6999153
L86: 85 | N86: 12.458759 | O86: 6.4346291 | P86: 12.7 | Q86: 7.0009301 | R86: 8.0493286 | S86: 0 | T86: 7.6698337 | U86: 7.4990041 | V86: 7.0354623 | W86: 2.4798669 | X86: 2.0950389 | Y86: 7.3520779 | Z86: 2.2334485 | AA86: 4.8945762 | AB86: 21.534198 | AC86: 30.086337 | AD86: 11.3 | AF86: 5.3 | AG86: 2.3811997 | AH86: 10.06002
L87: 86 | N87: 12.921797 | O87: 6.6675346 | P87: 13.1 | Q87: 7.2276555 | R87: 8.334828 | S87: 0 | T87: 7.956841 | U87: 7.7767901 | V87: 7.3106078 | W87: 2.5813965 | X87: 2.1825302 | Y87: 7.5490962 | Z87: 2.3180822 | AA87: 5.0693663 | AB87: 22.351778 | AC87: 31.252436 | AD87: 11.7 | AF87: 5.5 | AG87: 2.4798669 | AH87: 10.429046
L88: 87 | N88: 13.396391 | O88: 6.9060309 | P88: 13.6 | Q88: 7.4589746 | S88: 0 | T88: 8.251083 | U88: 8.0614753 | V88: 7.5931453 | W88: 2.6858365 | X88: 2.2726002 | Y88: 7.7466316 | Z88: 2.4048887 | AA88: 5.2482689 | AB88: 23.190405 | AC88: 32.449462 | AD88: 12.1 | AF88: 5.7 | AG88: 2.5813965 | AH88: 10.807106
L89: 88 | N89: 13.882692 | O89: 7.1501855 | P89: 14 | Q89: 7.694926 | S89: 0 | T89: 8.5526559 | U89: 8.3531491 | V89: 7.8831852 | W89: 2.7932356 | X89: 2.3652937 | Y89: 7.9441671 | Z89: 2.4938978 | AA89: 5.4313318 | AB89: 24.050372 | AC89: 33.677867 | AD89: 12.6 | AF89: 5.9 | AG89: 2.6858365 | AH89: 11.194315
L90: 89 | N90: 14.38085 | O90: 7.4000662 | P90: 14.5 | Q90: 7.9355482 | S90: 0 | T90: 8.8616558 | U90: 8.6519006 | V90: 8.1808378 | W90: 2.9036427 | X90: 2.4606562 | Y90: 8.1796944 | Z90: 2.5851395 | AA90: 5.6186029 | AB90: 24.931968 | AC90: 34.938101 | AD90: 13 | AF90: 6.1 | AG90: 2.7932356 | AH90: 11.590786
L91: 90 | N91: 14.891018 | O91: 7.6557407 | P91: 15 | Q91: 8.1808797 | S91: 0 | T91: 9.1781791 | U91: 8.957819 | V91: 8.4862143 | W91: 3.0171066 | X91: 2.5587331 | Y91: 8.4 | Z91: 2.6786436 | AA91: 5.81013 | AB91: 25.835486 | AC91: 36.230619 | AD91: 13.5 | AF91: 6.3 | AG91: 2.9036427 | AH91: 11.996632
L92: 91 | O92: 7.9172766 | P92: 15.5 | Q92: 8.4309587 | S92: 0 | T92: 9.5023225 | U92: 9.2709939 | V92: 8.7994257 | W92: 3.1336766 | X92: 2.6595703 | Y92: 8.6 | Z92: 2.7744403 | AA92: 6.0059609 | AB92: 26.761218 | AC92: 37.555875 | AD92: 13.9 | AF92: 6.6 | AG92: 3.0171066 | AH92: 12.411968
L93: 92 | O93: 8.1847418 | P93: 16 | Q93: 8.6858234 | S93: 0 | T93: 9.8341824 | U93: 9.5915148 | V93: 9.1205838 | W93: 3.2534023 | X93: 2.7632139 | Y93: 8.8 | Z93: 2.8725596 | AA93: 6.2061434 | AB93: 27.709457 | AC93: 38.914324 | AD93: 14.4 | AF93: 6.8 | AG93: 3.1336766 | AH93: 12.836908
L94: 93 | O94: 8.4582039 | P94: 16.5 | Q94: 8.945512 | S94: 0 | T94: 10.173856 | U94: 9.9194714 | V94: 9.4498004 | W94: 3.3763334 | X94: 2.8697102 | Y94: 9.1 | Z94: 2.9730316 | AA94: 6.4107253 | AB94: 28.680497 | AC94: 40.306424 | AD94: 14.9 | AF94: 7 | AG94: 3.2534023 | AH94: 13.271564
L95: 94 | O95: 8.7377308 | P95: 17 | Q95: 9.2100623 | S95: 0 | T95: 10.52144 | U95: 10.254953 | V95: 9.7871878 | W95: 3.5025198 | X95: 2.9791058 | Y95: 9.3 | Z95: 3.0758867 | AA95: 6.6197545 | AB95: 29.674632 | AC95: 41.732633 | AD95: 15.4 | AF95: 7.3 | AG95: 3.3763334 | AH95: 13.716053
L96: 95 | O96: 9.0233904 | P96: 17.6 | Q96: 9.4795122 | S96: 0 | T96: 10.877031 | U96: 10.59805 | V96: 10.132859 | W96: 3.6320117 | X96: 3.0914474 | Y96: 9.5 | Z96: 3.1811549 | AA96: 6.8332787 | AB96: 30.692157 | AC96: 43.19341 | AD96: 15.9 | AF96: 7.5 | AG96: 3.5025198 | AH96: 14.170487
L97: 96 | O97: 9.3152504 | P97: 18.1 | Q97: 9.7538995 | S97: 0 | T97: 11.240727 | U97: 10.948853 | V97: 10.486926 | W97: 3.7648597 | X97: 3.2067822 | Y97: 9.8 | Z97: 3.2888667 | AA97: 7.0513459 | AB97: 31.733367 | AC97: 44.689217 | AD97: 16.4 | AF97: 7.8 | AG97: 3.6320117 | AH97: 14.634982
L98: 97 | O98: 9.6133789 | P98: 18.7 | Q98: 10.033262 | S98: 0 | T98: 11.612626 | U98: 11.307451 | V98: 10.849503 | W98: 3.9011142 | X98: 3.3251575 | Y98: 10 | Z98: 3.3990525 | AA98: 7.2740038 | AB98: 32.798558 | AC98: 46.220514 | AD98: 16.9 | AF98: 8 | AG98: 3.7648597 | AH98: 15.109651
L99: 98 | O99: 9.9178436 | P99: 19.2 | Q99: 10.317636 | S99: 0 | T99: 11.992824 | U99: 11.673934 | V99: 11.220704 | W99: 4.0408262 | X99: 3.4466208 | Y99: 10.2 | Z99: 3.5117426 | AA99: 7.5013002 | AB99: 33.888026 | AC99: 47.787766 | AD99: 17.5 | AF99: 8.3 | AG99: 3.9011142 | AH99: 15.594609
L100: 99 | O100: 10.228713 | P100: 19.8 | Q100: 10.607061 | S100: 0 | T100: 12.38142 | U100: 12.048393 | V100: 11.600641 | W100: 4.1840468 | X100: 3.57122 | Y100: 10.5 | Z100: 3.6269676 | AA100: 7.733283 | AB100: 35.00207 | AC100: 49.391436 | AD100: 18 | AF100: 8.6 | AG100: 4.0408262 | AH100: 16.089972
...

Sheet Sign
B1: Club | C1: Weigh Master | D1: Signature
B2: Atlantic Angling Club
B3: Benguella
B4: Henties Bay
B5: Mako
B6: Namib Park
B7: Okahandja
B8: Orca Angling Club
B9: Otjiwarongo
B10: Penguin
B11: Seagull Angling Club
B12: Steenbras
B13: Walvis Bay
... B18: Johan Kotze

Sheet MASTERLIST
A1: Only complete Black areas on sheet
B2: MASTER ANGLERS LIST
A4: Number | B4: Club | C4: Name | D4: Surname | E4: Status | F4: DOB | G4: Date Today | H4: Age | I4: Status | J4: Gender | K4: ID Number | L4: Nationality
A5: N0277 | B5: Seagull Angling Club | C5: Jonandre | D5: Mertens | E5: Men U/16 | F5: 42093 | G5: 45657 | H5: =INT(YEARFRAC(F5,G5)) -> 9 | I5: =IF(H5="","Senior",IF(H5>59.999,"Grand Masters",IF(H5>49.999,"Master",IF(H5>39.999,"Veteran",IF(H5>21.999,"Senior",IF(H5>16.999,"U/21","U/16")))))) -> U/16 | J5: Men | K5: 20110316 | L5: Nam
A6: N0302 | B6: Welwitschia | C6: Wian | D6: De Klerk | E6: Men Senior | F6: 30435 | G6: =$G$5 -> 45657 | H6: 10 | I6: U/16 | J6: Ladies | K6: 83032510597 | L6: Nam
A7: N0517 | B7: Atlantic Angling Club | C7: Luigi | D7: Strappazzon | E7: Men U/16 | F7: 41731 | G7: =$G$5 -> 45657 | H7: =INT(YEARFRAC(F7,G7)) -> 10 | I7: =IF(H7="","Senior",IF(H7>59.999,"Grand Masters",IF(H7>49.999,"Master",IF(H7>39.999,"Veteran",IF(H7>21.999,"Senior",IF(H7>16.999,"U/21","U/16")))))) -> U/16 | J7: Men | K7: 6010300356 | L7: Nam
A8: N0658 | B8: Otjiwarongo | C8: Franco | D8: Feyerabend | E8: Men U/16 | F8: 41669 | G8: =$G$5 -> 45657 | H8: =INT(YEARFRAC(F8,G8)) -> 10 | I8: =IF(H8="","Senior",IF(H8>59.999,"Grand Masters",IF(H8>49.999,"Master",IF(H8>39.999,"Veteran",IF(H8>21.999,"Senior",IF(H8>16.999,"U/21","U/16")))))) -> U/16 | J8: Men | K8: 60010501142 | L8: Nam
A9: N0320 | B9: xSeagull Angling Club | C9: Tristan | D9: Van Den Heuvel | E9: Men U/16 | F9: 41337 | G9: =$G$5 -> 45657 | H9: =INT(YEARFRAC(F9,G9)) -> 11 | I9: =IF(H9="","Senior",IF(H9>59.999,"Grand Masters",IF(H9>49.999,"Master",IF(H9>39.999,"Veteran",IF(H9>21.999,"Senior",IF(H9>16.999,"U/21","U/16")))))) -> U/16 | J9: Men | K9: 67051900234 | L9: Nam
A10: N0386 | B10: Steenbras | C10: Robert Jnr | D10: Dickman | E10: Men U/16 | F10: 41627 | G10: =$G$5 -> 45657 | H10: =INT(YEARFRAC(F10,G10)) -> 11 | I10: =IF(H10="","Senior",IF(H10>59.999,"Grand Masters",IF(H10>49.999,"Master",IF(H10>39.999,"Veteran",IF(H10>21.999,"Senior",IF(H10>16.999,"U/21","U/16")))))) -> U/16 | J10: Men | K10: 75080500042 | L10: Nam
A11: N0589 | B11: Steenbras | C11: Luan | D11: Hansen | E11: Men U/16 | F11: 41529 | G11: =$G$5 -> 45657 | H11: =INT(YEARFRAC(F11,G11)) -> 11 | I11: =IF(H11="","Men Senior",IF(H11>59.999,"Grand Masters",IF(H11>49.999,"Master",IF(H11>39.999,"Veteran",IF(H11>21.999,"Senior",IF(H11>16.999,"U/21","U/16")))))) -> U/16 | J11: Men | K11: 86111600125 | L11: Nam
A12: N0699 | B12: Steenbras | C12: Megan | D12: Durant | E12: Ladies U/16 | F12: 41594 | G12: =$G$5 -> 45657 | H12: =INT(YEARFRAC(F12,G12)) -> 11 | I12: =IF(H12="","Senior",IF(H12>59.999,"Grand Masters",IF(H12>49.999,"Master",IF(H12>39.999,"Veteran",IF(H12>21.999,"Senior",IF(H12>16.999,"U/21","U/16")))))) -> U/16 | J12: Ladies | K12: 58112200165 | L12: Nam
A13: N0262 | B13: Seagull Angling Club | C13: Ewald J. | D13: Potgieter | E13: Men U/16 | F13: 41008 | G13: =$G$5 -> 45657 | H13: =INT(YEARFRAC(F13,G13)) -> 12 | I13: =IF(H13="","Senior",IF(H13>59.999,"Grand Masters",IF(H13>49.999,"Master",IF(H13>39.999,"Veteran",IF(H13>21.999,"Senior",IF(H13>16.999,"U/21","U/16")))))) -> U/16 | J13: Men | K13: 61022700219 | L13: Nam
A14: N0364 | B14: xPenguin | C14: Neil | D14: Pretorius | E14: Men U/16 | F14: 40917 | G14: =$G$5 -> 45657 | H14: =INT(YEARFRAC(F14,G14)) -> 12 | I14: =IF(H14="","Senior",IF(H14>59.999,"Grand Masters",IF(H14>49.999,"Master",IF(H14>39.999,"Veteran",IF(H14>21.999,"Senior",IF(H14>16.999,"U/21","U/16")))))) -> U/16 | J14: Men | K14: 84050510057 | L14: Nam
A15: N0607 | B15: Steenbras | C15: Marna | D15: Viljoen | E15: Ladies U/16 | F15: 41001 | G15: =$G$5 -> 45657 | H15: =INT(YEARFRAC(F15,G15)) -> 12 | I15: =IF(H15="","Senior",IF(H15>59.999,"Grand Masters",IF(H15>49.999,"Master",IF(H15>39.999,"Veteran",IF(H15>21.999,"Senior",IF(H15>16.999,"U/21","U/16")))))) -> U/16 | J15: Ladies | K15: 84102010033 | L15: Nam
A16: N0618 | B16: Walvis Bay | C16: Miguel | D16: Strzelecki | E16: Men U/16 | F16: 41166 | G16: =$G$5 -> 45657 | H16: =INT(YEARFRAC(F16,G16)) -> 12 | I16: =IF(H16="","Senior",IF(H16>59.999,"Grand Masters",IF(H16>49.999,"Master",IF(H16>39.999,"Veteran",IF(H16>21.999,"Senior",IF(H16>16.999,"U/21","U/16")))))) -> U/16 | J16: Men | K16: 65071800039 | L16: Nam
A17: N0626 | B17: xWelwitschia | C17: Neil | D17: Pretorius | E17: Men U/16 | F17: 40917 | G17: =$G$5 -> 45657 | H17: =INT(YEARFRAC(F17,G17)) -> 12 | I17: =IF(H17="","Senior",IF(H17>59.999,"Grand Masters",IF(H17>49.999,"Master",IF(H17>39.999,"Veteran",IF(H17>21.999,"Senior",IF(H17>16.999,"U/21","U/16")))))) -> U/16 | J17: Men | K17: 67011410031 | L17: Nam
A18: N0001 | B18: Mako | C18: Philip | D18: Swartz | E18: Men U/16 | F18: 40618 | G18: 45657 | H18: =INT(YEARFRAC(F18,G18)) -> 13 | I18: =IF(H18="","Senior",IF(H18>59.999,"Grand Masters",IF(H18>49.999,"Master",IF(H18>39.999,"Veteran",IF(H18>21.999,"Senior",IF(H18>16.999,"U/21","U/16")))))) -> U/16 | J18: Men | K18: 80040210723 | L18: Nam
A19: N0270 | B19: Seagull Angling Club | C19: Christiaan | D19: Potgieter | E19: Men U/16 | F19: 40611 | G19: =$G$5 -> 45657 | H19: =INT(YEARFRAC(F19,G19)) -> 13 | I19: =IF(H19="","Senior",IF(H19>59.999,"Grand Masters",IF(H19>49.999,"Master",IF(H19>39.999,"Veteran",IF(H19>21.999,"Senior",IF(H19>16.999,"U/21","U/16")))))) -> U/16 | J19: Men | K19: 57111000857 | L19: Nam
A20: N0303 | B20: xOkahandja | C20: Jani-Mari | D20: Van Heerden | E20: Ladies U/16 | F20: 40802 | G20: =$G$5 -> 45657 | H20: =INT(YEARFRAC(F20,G20)) -> 13 | I20: =IF(H20="","Senior",IF(H20>59.999,"Grand Masters",IF(H20>49.999,"Master",IF(H20>39.999,"Veteran",IF(H20>21.999,"Senior",IF(H20>16.999,"U/21","U/16")))))) -> U/16 | J20: Ladies | K20: 8406211010 | L20: Nam
A21: N0330 | B21: xAtlantic Angling Club | C21: Enya | D21: Mac Gillicuddy | E21: Ladies U/16 | F21: 40779 | G21: =$G$5 -> 45657 | H21: =INT(YEARFRAC(F21,G21)) -> 13 | I21: =IF(H21="","Senior",IF(H21>59.999,"Grand Masters",IF(H21>49.999,"Master",IF(H21>39.999,"Veteran",IF(H21>21.999,"Senior",IF(H21>16.999,"U/21","U/16")))))) -> U/16 | J21: Ladies | K21: 80072910364 | L21: Nam
A22: N0398 | B22: xMako | C22: Jayden | D22: Warrington | E22: Men U/16 | F22: 40787 | G22: =$G$5 -> 45657 | H22: =INT(YEARFRAC(F22,G22)) -> 13 | I22: =IF(H22="","Senior",IF(H22>59.999,"Grand Masters",IF(H22>49.999,"Master",IF(H22>39.999,"Veteran",IF(H22>21.999,"Senior",IF(H22>16.999,"U/21","U/16")))))) -> U/16 | J22: Men | K22: 8007115166081 | L22: SA
A23: N0484 | B23: xMako | C23: Valentino Andre | D23: De Villiers | E23: Men U/16 | F23: 40887 | G23: =$G$5 -> 45657 | H23: =INT(YEARFRAC(F23,G23)) -> 13 | I23: =IF(H23="","Senior",IF(H23>59.999,"Grand Masters",IF(H23>49.999,"Master",IF(H23>39.999,"Veteran",IF(H23>21.999,"Senior",IF(H23>16.999,"U/21","U/16")))))) -> U/16 | J23: Men | K23: 83110110075 | L23: Nam
A24: N0848 | B24: xOtjiwarongo | C24: SW | D24: Van Wyk | E24: Men U/16 | F24: 40822 | G24: =$G$5 -> 45657 | H24: =INT(YEARFRAC(F24,G24)) -> 13 | I24: =IF(H24="","Senior",IF(H24>59.999,"Grand Masters",IF(H24>49.999,"Master",IF(H24>39.999,"Veteran",IF(H24>21.999,"Senior",IF(H24>16.999,"U/21","U/16")))))) -> U/16 | J24: Men | K24: 741112500052 | L24: Nam
A25: N0764 | B25: Welwitschia | C25: Janco | D25: Duvenhage | E25: Men U/16 | F25: 40246 | G25: =$G$5 -> 45657 | H25: =INT(YEARFRAC(F25,G25)) -> 14 | I25: =IF(H25="","Senior",IF(H25>59.999,"Grand Masters",IF(H25>49.999,"Master",IF(H25>39.999,"Veteran",IF(H25>21.999,"Senior",IF(H25>16.999,"U/21","U/16")))))) -> U/16 | J25: Men | K25: 88061400073 | L25: Nam
A26: N0839 | B26: xHenties Bay | C26: Dawid | D26: Du Toit | E26: Men U/16 | F26: 40247 | G26: =$G$5 -> 45657 | H26: =INT(YEARFRAC(F26,G26)) -> 14 | I26: =IF(H26="","Senior",IF(H26>59.999,"Grand Masters",IF(H26>49.999,"Master",IF(H26>39.999,"Veteran",IF(H26>21.999,"Senior",IF(H26>16.999,"U/21","U/16")))))) -> U/16 | J26: Men | K26: 79072810236 | L26: Nam
A27: N0844 | B27: Seagull Angling Club | C27: Heiko Jnr | D27: Doll | E27: Men U/16 | F27: 40312 | G27: =$G$5 -> 45657 | H27: =INT(YEARFRAC(F27,G27)) -> 14 | I27: =IF(H27="","Senior",IF(H27>59.999,"Grand Masters",IF(H27>49.999,"Master",IF(H27>39.999,"Veteran",IF(H27>21.999,"Senior",IF(H27>16.999,"U/21","U/16")))))) -> U/16 | J27: Men | K27: 58081800913 | L27: Nam
A28: N0847 | B28: Otjiwarongo | C28: Maritz JNR | D28: Jansen Van Vuuren | E28: Men U/16 | F28: 40532 | G28: =$G$5 -> 45657 | H28: =INT(YEARFRAC(F28,G28)) -> 14 | I28: =IF(H28="","Senior",IF(H28>59.999,"Grand Masters",IF(H28>49.999,"Master",IF(H28>39.999,"Veteran",IF(H28>21.999,"Senior",IF(H28>16.999,"U/21","U/16")))))) -> U/16 | J28: Men | K28: 78110710131 | L28: Nam
A29: N0238 | B29: Steenbras | C29: Jayden | D29: Hansen | E29: Men U/16 | F29: 40165 | G29: =$G$5 -> 45657 | H29: =INT(YEARFRAC(F29,G29)) -> 15 | I29: =IF(H29="","Senior",IF(H29>59.999,"Grand Masters",IF(H29>49.999,"Master",IF(H29>39.999,"Veteran",IF(H29>21.999,"Senior",IF(H29>16.999,"U/21","U/16")))))) -> U/16 | J29: Men | K29: 90041100816 | L29: Nam
A30: N0822 | B30: Steenbras | C30: L'wyk | D30: Viljoen | E30: Men U/16 | F30: 39972 | G30: =$G$5 -> 45657 | H30: =INT(YEARFRAC(F30,G30)) -> 15 | I30: =IF(H30="","Senior",IF(H30>59.999,"Grand Masters",IF(H30>49.999,"Master",IF(H30>39.999,"Veteran",IF(H30>21.999,"Senior",IF(H30>16.999,"U/21","U/16")))))) -> U/16 | J30: Men | K30: 68101800654 | L30: Nam
... A45: N0772 | B45: Walvis Bay | C45: Zillan | D45: Du Pisani | E45: Men U/16 | F45: 39115 | G45: =$G$5 -> 45657 | H45: =INT(YEARFRAC(F45,G45)) -> 17 | I45: =IF(H45="","Senior",IF(H45>59.999,"Grand Masters",IF(H45>49.999,"Master",IF(H45>39.999,"Veteran",IF(H45>21.999,"Senior",IF(H45>16.999,"U/21","U/16")))))) -> U/21 | J45: Ladies | K45: 62030700894 | L45: Nam
A46: N0136 | B46: xBenguella | C46: Stewert | D46: Reimann | E46: Men U/21 | F46: 38875 | G46: =$G$5 -> 45657 | H46: =INT(YEARFRAC(F46,G46)) -> 18 | I46: =IF(H46="","Senior",IF(H46>59.999,"Grand Masters",IF(H46>49.999,"Master",IF(H46>39.999,"Veteran",IF(H46>21.999,"Senior",IF(H46>16.999,"U/21","U/16")))))) -> U/21 | J46: Men
A47: N0206 | B47: xOtjiwarongo | C47: Michael | D47: Durand | E47: Men U/21 | F47: 38817 | G47: =$G$5 -> 45657 | H47: =INT(YEARFRAC(F47,G47)) -> 18 | I47: =IF(H47="","Senior",IF(H47>59.999,"Grand Masters",IF(H47>49.999,"Master",IF(H47>39.999,"Veteran",IF(H47>21.999,"Senior",IF(H47>16.999,"U/21","U/16")))))) -> U/21 | J47: Men | K47: 70081000162 | L47: Nam
A48: N0531 | B48: Mako | C48: Rudi(Jnr.) | D48: Swartz | E48: Men Seniors / U/21 | F48: 39066 | G48: =$G$5 -> 45657 | H48: =INT(YEARFRAC(F48,G48)) -> 18 | I48: =IF(H48="","Senior",IF(H48>59.999,"Grand Masters",IF(H48>49.999,"Master",IF(H48>39.999,"Veteran",IF(H48>21.999,"Senior",IF(H48>16.999,"U/21","U/16")))))) -> U/21 | J48: Men | K48: 75030810390 | L48: Nam
A49: N0603 | B49: Penguin | C49: Toy | D49: Page | E49: Men U/21 | F49: 38961 | G49: =$G$5 -> 45657 | H49: =INT(YEARFRAC(F49,G49)) -> 18 | I49: =IF(H49="","Senior",IF(H49>59.999,"Grand Masters",IF(H49>49.999,"Master",IF(H49>39.999,"Veteran",IF(H49>21.999,"Senior",IF(H49>16.999,"U/21","U/16")))))) -> U/21 | J49: Men | K49: 83062610476 | L49: Nam
A50: N0660 | B50: xOtjiwarongo | C50: Francois | D50: Van Solms | E50: Men U/21 | F50: 38890 | G50: =$G$5 -> 45657 | H50: =INT(YEARFRAC(F50,G50)) -> 18 | I50: =IF(H50="","Senior",IF(H50>59.999,"Grand Masters",IF(H50>49.999,"Master",IF(H50>39.999,"Veteran",IF(H50>21.999,"Senior",IF(H50>16.999,"U/21","U/16")))))) -> U/21 | J50: Men | K50: 75091510613 | L50: Nam
A51: N0674 | B51: xSkeleton Coast | C51: Janre | D51: Olivier | E51: Men U/21 | F51: 38827 | G51: =$G$5 -> 45657 | H51: =INT(YEARFRAC(F51,G51)) -> 18 | I51: =IF(H51="","Senior",IF(H51>59.999,"Grand Masters",IF(H51>49.999,"Master",IF(H51>39.999,"Veteran",IF(H51>21.999,"Senior",IF(H51>16.999,"U/21","U/16")))))) -> U/21 | J51: Men
A52: N0878 | B52: Walvis Bay | C52: Stefan | D52: Borruso | E52: Men U/21 | F52: 38758 | G52: =$G$5 -> 45657 | H52: =INT(YEARFRAC(F52,G52)) -> 18 | I52: =IF(H52="","Senior",IF(H52>59.999,"Grand Masters",IF(H52>49.999,"Master",IF(H52>39.999,"Veteran",IF(H52>21.999,"Senior",IF(H52>16.999,"U/21","U/16")))))) -> U/21 | J52: Men | K52: 75070200097 | L52: Nam
A53: N0141 | B53: Namib Park | C53: Tiaan | D53: Bornman | E53: Men U/21 | F53: 38441 | G53: =$G$5 -> 45657 | H53: =INT(YEARFRAC(F53,G53)) -> 19 | I53: =IF(H53="","Senior",IF(H53>59.999,"Grand Masters",IF(H53>49.999,"Master",IF(H53>39.999,"Veteran",IF(H53>21.999,"Senior",IF(H53>16.999,"U/21","U/16")))))) -> U/21 | J53: Men | K53: 70090100115 | L53: Nam
A54: N0178 | B54: Penguin | C54: Devon | D54: Burger | E54: Men U/21 | F54: 38698 | G54: =$G$5 -> 45657 | H54: =INT(YEARFRAC(F54,G54)) -> 19 | I54: =IF(H54="","Senior",IF(H54>59.999,"Grand Masters",IF(H54>49.999,"Master",IF(H54>39.999,"Veteran",IF(H54>21.999,"Senior",IF(H54>16.999,"U/21","U/16")))))) -> U/21 | J54: Men | K54: 77111010566 | L54: Nam
A55: N0343 | B55: Walvis Bay | C55: Xavier | D55: Mouton | E55: Men U/21 | F55: 38566 | G55: =$G$5 -> 45657 | H55: =INT(YEARFRAC(F55,G55)) -> 19 | I55: =IF(H55="","Senior",IF(H55>59.999,"Grand Masters",IF(H55>49.999,"Master",IF(H55>39.999,"Veteran",IF(H55>21.999,"Senior",IF(H55>16.999,"U/21","U/16")))))) -> U/21 | J55: Men | K55: 6805045042088 | L55: SA
A56: N0501 | B56: Otjiwarongo | C56: Otto | D56: Feyerabend | E56: Men Seniors / U/21 | F56: 38682 | G56: =$G$5 -> 45657 | H56: =INT(YEARFRAC(F56,G56)) -> 19 | I56: =IF(H56="","Senior",IF(H56>59.999,"Grand Masters",IF(H56>49.999,"Master",IF(H56>39.999,"Veteran",IF(H56>21.999,"Senior",IF(H56>16.999,"U/21","U/16")))))) -> U/21 | J56: Men | K56: 78040510678 | L56: Nam
A57: N0599 | B57: Namib Park | C57: Daniel | D57: Janse Van Vuuren | E57: Men U/21 | F57: 38462 | G57: =$G$5 -> 45657 | H57: =INT(YEARFRAC(F57,G57)) -> 19 | I57: =IF(H57="","Senior",IF(H57>59.999,"Grand Masters",IF(H57>49.999,"Master",IF(H57>39.999,"Veteran",IF(H57>21.999,"Senior",IF(H57>16.999,"U/21","U/16")))))) -> U/21 | J57: Men | K57: 6803175151084 | L57: SA
A58: N0654 | B58: xOtjiwarongo | C58: JW | D58: Coetzee | E58: Men U/21 | F58: 38420 | G58: =$G$5 -> 45657 | H58: =INT(YEARFRAC(F58,G58)) -> 19 | I58: =IF(H58="","Senior",IF(H58>59.999,"Grand Masters",IF(H58>49.999,"Master",IF(H58>39.999,"Veteran",IF(H58>21.999,"Senior",IF(H58>16.999,"U/21","U/16")))))) -> U/21 | J58: Men | K58: 87090400174 | L58: Nam
A59: N0706 | B59: xSkeleton Coast | C59: Ane | D59: Oberholzer | E59: Ladies U/21 | F59: 38373 | G59: =$G$5 -> 45657 | H59: =INT(YEARFRAC(F59,G59)) -> 19 | I59: =IF(H59="","Senior",IF(H59>59.999,"Grand Masters",IF(H59>49.999,"Master",IF(H59>39.999,"Veteran",IF(H59>21.999,"Senior",IF(H59>16.999,"U/21","U/16")))))) -> U/21 | J59: Ladies | K59: 95060100073 | L59: Nam
A60: N0774 | B60: Walvis Bay | C60: Francois Jnr | D60: Wolfaardt | E60: Men U/21 | F60: 38434 | G60: =$G$5 -> 45657 | H60: =INT(YEARFRAC(F60,G60)) -> 19 | I60: =IF(H60="","Senior",IF(H60>59.999,"Grand Masters",IF(H60>49.999,"Master",IF(H60>39.999,"Veteran",IF(H60>21.999,"Senior",IF(H60>16.999,"U/21","U/16")))))) -> U/21 | J60: Men | K60: 88111200021 | L60: Nam
A61: N0099 | B61: xOkahandja | C61: JJ | D61: Joubert | E61: Men U/21 | F61: 38321 | G61: =$G$5 -> 45657 | H61: =INT(YEARFRAC(F61,G61)) -> 20 | I61: =IF(H61="","Senior",IF(H61>59.999,"Grand Masters",IF(H61>49.999,"Master",IF(H61>39.999,"Veteran",IF(H61>21.999,"Senior",IF(H61>16.999,"U/21","U/16")))))) -> U/21 | J61: Men | K61: 56010410061 | L61: Brit
A62: N0124 | B62: Walvis Bay | C62: Stefan Jnr | D62: Du Preez | E62: Men U/21 | F62: 38105 | G62: =$G$5 -> 45657 | H62: =INT(YEARFRAC(F62,G62)) -> 20 | I62: =IF(H62="","Senior",IF(H62>59.999,"Grand Masters",IF(H62>49.999,"Master",IF(H62>39.999,"Veteran",IF(H62>21.999,"Senior",IF(H62>16.999,"U/21","U/16")))))) -> U/21 | J62: Men | K62: 69121910049 | L62: Nam
A63: N0307 | B63: Orca Angling Club | C63: Herman | D63: Krauze | E63: Men Seniors / U/21 | F63: 38026 | G63: =$G$5 -> 45657 | H63: =INT(YEARFRAC(F63,G63)) -> 20 | I63: =IF(H63="","Senior",IF(H63>59.999,"Grand Masters",IF(H63>49.999,"Master",IF(H63>39.999,"Veteran",IF(H63>21.999,"Senior",IF(H63>16.999,"U/21","U/16")))))) -> U/21 | J63: Men | K63: 84122410436 | L63: Nam
... A80: N0236 | B80: xSteenbras | C80: Demar | D80: Opperman | E80: Men Senior | F80: 37544 | G80: =$G$5 -> 45657 | H80: =INT(YEARFRAC(F80,G80)) -> 22 | I80: =IF(H80="","Senior",IF(H80>59.999,"Grand Masters",IF(H80>49.999,"Master",IF(H80>39.999,"Veteran",IF(H80>21.999,"Senior",IF(H80>16.999,"U/21","U/16")))))) -> Senior | J80: Men | K80: 50122300181 | L80: Nam
A81: N0353 | B81: Henties Bay | C81: Divan | D81: Van Vreden | E81: Men Senior / U/21 | F81: 37294 | G81: =$G$5 -> 45657 | H81: =INT(YEARFRAC(F81,G81)) -> 22 | I81: =IF(H81="","Senior",IF(H81>59.999,"Grand Masters",IF(H81>49.999,"Master",IF(H81>39.999,"Veteran",IF(H81>21.999,"Senior",IF(H81>16.999,"U/21","U/16")))))) -> Senior | J81: Men
A82: N0362 | B82: xPenguin | C82: Kyle | D82: Burger | E82: Men Senior / U/21 | F82: 37370 | G82: =$G$5 -> 45657 | H82: =INT(YEARFRAC(F82,G82)) -> 22 | I82: =IF(H82="","Senior",IF(H82>59.999,"Grand Masters",IF(H82>49.999,"Master",IF(H82>39.999,"Veteran",IF(H82>21.999,"Senior",IF(H82>16.999,"U/21","U/16")))))) -> Senior | J82: Men | K82: 61053010028 | L82: Nam
A83: N0506 | B83: Welwitschia | C83: Bernd | D83: Beddies | E83: Men Senior / U/21 | F83: 37330 | G83: =$G$5 -> 45657 | H83: =INT(YEARFRAC(F83,G83)) -> 22 | I83: =IF(H83="","Senior",IF(H83>59.999,"Grand Masters",IF(H83>49.999,"Master",IF(H83>39.999,"Veteran",IF(H83>21.999,"Senior",IF(H83>16.999,"U/21","U/16")))))) -> Senior | J83: Men
A84: N0677 | B84: XWelwitschia | C84: Wallace | D84: Grove | E84: Men Senior | F84: 37582 | G84: =$G$5 -> 45657 | H84: =INT(YEARFRAC(F84,G84)) -> 22 | I84: =IF(H84="","Senior",IF(H84>59.999,"Grand Masters",IF(H84>49.999,"Master",IF(H84>39.999,"Veteran",IF(H84>21.999,"Senior",IF(H84>16.999,"U/21","U/16")))))) -> Senior | J84: Men
A85: N0704 | B85: Mako | C85: Kay | D85: Bachran | E85: Men Senior / U/21 | F85: 37299 | G85: =$G$5 -> 45657 | H85: =INT(YEARFRAC(F85,G85)) -> 22 | I85: =IF(H85="","Senior",IF(H85>59.999,"Grand Masters",IF(H85>49.999,"Master",IF(H85>39.999,"Veteran",IF(H85>21.999,"Senior",IF(H85>16.999,"U/21","U/16")))))) -> Senior | J85: Men | K85: 8104091035 | L85: Nam
A86: N0785 | B86: Walvis Bay | C86: Frankie Jnr | D86: Borruso | E86: Men Senior / U/21 | F86: 37449 | G86: =$G$5 -> 45657 | H86: =INT(YEARFRAC(F86,G86)) -> 22 | I86: =IF(H86="","Senior",IF(H86>59.999,"Grand Masters",IF(H86>49.999,"Master",IF(H86>39.999,"Veteran",IF(H86>21.999,"Senior",IF(H86>16.999,"U/21","U/16")))))) -> Senior | J86: Men | K86: 90081900667 | L86: Nam
A87: N0882 | B87: Orca Angling Club | C87: Alexander Albert | D87: Jansen | E87: Men Senior / U/21 | F87: 37281 | G87: =$G$5 -> 45657 | H87: =INT(YEARFRAC(F87,G87)) -> 22 | I87: =IF(H87="","Senior",IF(H87>59.999,"Grand Masters",IF(H87>49.999,"Master",IF(H87>39.999,"Veteran",IF(H87>21.999,"Senior",IF(H87>16.999,"U/21","U/16")))))) -> Senior | J87: Men | K87: 79080610798 | L87: Nam
A88: N0183 | B88: Benguella | C88: Ray | D88: Moody | E88: Men Senior | F88: 36956 | G88: =$G$5 -> 45657 | H88: =INT(YEARFRAC(F88,G88)) -> 23 | I88: =IF(H88="","Senior",IF(H88>59.999,"Grand Masters",IF(H88>49.999,"Master",IF(H88>39.999,"Veteran",IF(H88>21.999,"Senior",IF(H88>16.999,"U/21","U/16")))))) -> Senior | J88: Men | K88: 6906040033088 | L88: SA
A89: N0283 | B89: Penguin | C89: Kevin | D89: Page | E89: Men Senior | F89: 37196 | G89: =$G$5 -> 45657 | H89: =INT(YEARFRAC(F89,G89)) -> 23 | I89: =IF(H89="","Senior",IF(H89>59.999,"Grand Masters",IF(H89>49.999,"Master",IF(H89>39.999,"Veteran",IF(H89>21.999,"Senior",IF(H89>16.999,"U/21","U/16")))))) -> Senior | J89: Men | K89: 90062000713 | L89: Nam
A90: N0308 | B90: xHenties Bay | C90: Milandie | D90: Krauze | E90: Ladies Senior | F90: 36956 | G90: =$G$5 -> 45657 | H90: =INT(YEARFRAC(F90,G90)) -> 23 | I90: =IF(H90="","Senior",IF(H90>59.999,"Grand Masters",IF(H90>49.999,"Master",IF(H90>39.999,"Veteran",IF(H90>21.999,"Senior",IF(H90>16.999,"U/21","U/16")))))) -> Senior | J90: Ladies | K90: 77090700046 | L90: Nam
A91: N0341 | B91: xOrca Angling Club | C91: Ettiene | D91: Du Toit | E91: Men Senior | F91: 36961 | G91: =$G$5 -> 45657 | H91: =INT(YEARFRAC(F91,G91)) -> 23 | I91: =IF(H91="","Senior",IF(H91>59.999,"Grand Masters",IF(H91>49.999,"Master",IF(H91>39.999,"Veteran",IF(H91>21.999,"Senior",IF(H91>16.999,"U/21","U/16")))))) -> Senior | J91: Men | K91: 62100510029 | L91: Nam
A92: N0401 | B92: Penguin | C92: Henco | D92: Snyman | E92: Men Senior | F92: 37256 | G92: =$G$5 -> 45657 | H92: =INT(YEARFRAC(F92,G92)) -> 23 | I92: =IF(H92="","Senior",IF(H92>59.999,"Grand Masters",IF(H92>49.999,"Master",IF(H92>39.999,"Veteran",IF(H92>21.999,"Senior",IF(H92>16.999,"U/21","U/16")))))) -> Senior | J92: Men | K92: 761124102801 | L92: Nam
A93: N0409 | B93: xBenguella | C93: Andre-Louis | D93: Stipp | E93: Men Senior | F93: 36942 | G93: =$G$5 -> 45657 | H93: =INT(YEARFRAC(F93,G93)) -> 23 | I93: =IF(H93="","Senior",IF(H93>59.999,"Grand Masters",IF(H93>49.999,"Master",IF(H93>39.999,"Veteran",IF(H93>21.999,"Senior",IF(H93>16.999,"U/21","U/16")))))) -> Senior | J93: Men | K93: 77070810547 | L93: Nam
A94: N0438 | B94: Orca Angling Club | C94: Gerhard | D94: De Jager | E94: Men Senior | F94: 37165 | G94: =$G$5 -> 45657 | H94: =INT(YEARFRAC(F94,G94)) -> 23 | I94: =IF(H94="","Senior",IF(H94>59.999,"Grand Masters",IF(H94>49.999,"Master",IF(H94>39.999,"Veteran",IF(H94>21.999,"Senior",IF(H94>16.999,"U/21","U/16")))))) -> Senior | J94: Men | K94: 82110110252 | L94: Nam
A95: N0507 | B95: Walvis Bay | C95: Jarred Joshua | D95: Mouton | E95: Men Senior | F95: 37257 | G95: =$G$5 -> 45657 | H95: =INT(YEARFRAC(F95,G95)) -> 23 | I95: =IF(H95="","Senior",IF(H95>59.999,"Grand Masters",IF(H95>49.999,"Master",IF(H95>39.999,"Veteran",IF(H95>21.999,"Senior",IF(H95>16.999,"U/21","U/16")))))) -> Senior | J95: Men | K95: 53080610059 | L95: Nam
A96: N0650 | B96: xOkahandja | C96: De Vo | D96: Joubert | E96: Men Senior | F96: 37096 | G96: =$G$5 -> 45657 | H96: =INT(YEARFRAC(F96,G96)) -> 23 | I96: =IF(H96="","Senior",IF(H96>59.999,"Grand Masters",IF(H96>49.999,"Master",IF(H96>39.999,"Veteran",IF(H96>21.999,"Senior",IF(H96>16.999,"U/21","U/16")))))) -> Senior | J96: Men | K96: 80031710557 | L96: Nam
... A102: N0156 | B102: Mako | C102: Gerard | D102: Hough | E102: Men Senior | F102: 36537 | G102: =$G$5 -> 45657 | H102: =INT(YEARFRAC(F102,G102)) -> 24 | I102: =IF(H102="","Senior",IF(H102>59.999,"Grand Masters",IF(H102>49.999,"Master",IF(H102>39.999,"Veteran",IF(H102>21.999,"Senior",IF(H102>16.999,"U/21","U/16")))))) -> Senior | J102: Men | K102: 53051000264 | L102: Nam
A103: N0167 | B103: xAtlantic Angling Club | C103: Mekayla | D103: De Lange | E103: Ladies U/21 | F103: 36838 | G103: =$G$5 -> 45657 | H103: =INT(YEARFRAC(F103,G103)) -> 24 | I103: =IF(H103="","Senior",IF(H103>59.999,"Grand Masters",IF(H103>49.999,"Master",IF(H103>39.999,"Veteran",IF(H103>21.999,"Senior",IF(H103>16.999,"U/21","U/16")))))) -> Senior | J103: Men | L103: Nam
A104: N0187 | B104: Walvis Bay | C104: Alessandro | D104: Engelbrecht | E104: Men Senior | F104: 36841 | G104: =$G$5 -> 45657 | H104: =INT(YEARFRAC(F104,G104)) -> 24 | I104: =IF(H104="","Senior",IF(H104>59.999,"Grand Masters",IF(H104>49.999,"Master",IF(H104>39.999,"Veteran",IF(H104>21.999,"Senior",IF(H104>16.999,"U/21","U/16")))))) -> Senior | J104: Men | K104: 81090210930 | L104: Nam
A105: N0359 | B105: xMako | C105: Johan | D105: Retief | E105: Men Senior | F105: 36745 | G105: =$G$5 -> 45657 | H105: =INT(YEARFRAC(F105,G105)) -> 24 | I105: =IF(H105="","Senior",IF(H105>59.999,"Grand Masters",IF(H105>49.999,"Master",IF(H105>39.999,"Veteran",IF(H105>21.999,"Senior",IF(H105>16.999,"U/21","U/16")))))) -> Senior | J105: Men | K105: 85031410469 | L105: Nam
A106: N0361 | B106: xPenguin | C106: Rowan | D106: Burger | E106: Men Senior | F106: 36745 | G106: =$G$5 -> 45657 | H106: =INT(YEARFRAC(F106,G106)) -> 24 | I106: =IF(H106="","Senior",IF(H106>59.999,"Grand Masters",IF(H106>49.999,"Master",IF(H106>39.999,"Veteran",IF(H106>21.999,"Senior",IF(H106>16.999,"U/21","U/16")))))) -> Senior | J106: Men | K106: 82042100013 | L106: Nam
A107: N0492 | B107: Steenbras | C107: Brian | D107: Roodt | E107: Men Senior | F107: 36670 | G107: =$G$5 -> 45657 | H107: =INT(YEARFRAC(F107,G107)) -> 24 | I107: =IF(H107="","Senior",IF(H107>59.999,"Grand Masters",IF(H107>49.999,"Master",IF(H107>39.999,"Veteran",IF(H107>21.999,"Senior",IF(H107>16.999,"U/21","U/16")))))) -> Senior | J107: Men | K107: 82040710582 | L107: Nam
A108: N0493 | B108: Steenbras | C108: Manie | D108: Du Preez | E108: Men Veteran | F108: 36762 | G108: =$G$5 -> 45657 | H108: =INT(YEARFRAC(F108,G108)) -> 24 | I108: =IF(H108="","Senior",IF(H108>59.999,"Grand Masters",IF(H108>49.999,"Master",IF(H108>39.999,"Veteran",IF(H108>21.999,"Senior",IF(H108>16.999,"U/21","U/16")))))) -> Senior | J108: Men | K108: 72121910131 | L108: Nam
A109: N0571 | B109: XHenties Bay | C109: Juan | D109: Janse van Vuuren | E109: Men Senior | F109: 36643 | G109: =$G$5 -> 45657 | H109: =INT(YEARFRAC(F109,G109)) -> 24 | I109: =IF(H109="","Senior",IF(H109>59.999,"Grand Masters",IF(H109>49.999,"Master",IF(H109>39.999,"Veteran",IF(H109>21.999,"Senior",IF(H109>16.999,"U/21","U/16")))))) -> Senior | J109: Men
A110: N0585 | B110: Atlantic Angling Club | C110: Hendrik | D110: Burger | E110: Men Veteran | F110: 36795 | G110: =$G$5 -> 45657 | H110: =INT(YEARFRAC(F110,G110)) -> 24 | I110: =IF(H110="","Senior",IF(H110>59.999,"Grand Masters",IF(H110>49.999,"Master",IF(H110>39.999,"Veteran",IF(H110>21.999,"Senior",IF(H110>16.999,"U/21","U/16")))))) -> Senior | J110: Men | K110: 54091900216 | L110: Nam
A111: N0627 | B111: xWalvis Bay | C111: Justin | D111: Smith | E111: Men Senior | F111: 36535 | G111: =$G$5 -> 45657 | H111: =INT(YEARFRAC(F111,G111)) -> 24 | I111: =IF(H111="","Senior",IF(H111>59.999,"Grand Masters",IF(H111>49.999,"Master",IF(H111>39.999,"Veteran",IF(H111>21.999,"Senior",IF(H111>16.999,"U/21","U/16")))))) -> Senior | J111: Men | K111: 67082710038 | L111: Nam
A112: N0747 | B112: xHenties Bay | C112: Benjamin | D112: Jung | E112: Men Senior | F112: 36570 | G112: =$G$5 -> 45657 | H112: =INT(YEARFRAC(F112,G112)) -> 24 | I112: =IF(H112="","Senior",IF(H112>59.999,"Grand Masters",IF(H112>49.999,"Master",IF(H112>39.999,"Veteran",IF(H112>21.999,"Senior",IF(H112>16.999,"U/21","U/16")))))) -> Senior | J112: Men | K112: 2071100387 | L112: Nam
A113: N0757 | B113: xWalvis Bay | C113: Brandon | D113: Grane | E113: Men Senior | F113: 36728 | G113: =$G$5 -> 45657 | H113: =INT(YEARFRAC(F113,G113)) -> 24 | I113: =IF(H113="","Senior",IF(H113>59.999,"Grand Masters",IF(H113>49.999,"Master",IF(H113>39.999,"Veteran",IF(H113>21.999,"Senior",IF(H113>16.999,"U/21","U/16")))))) -> Senior | J113: Men
A114: N0875 | B114: Orca Angling Club | C114: Terence | D114: Knowles | E114: Men Senior | F114: 36876 | G114: =$G$5 -> 45657 | H114: =INT(YEARFRAC(F114,G114)) -> 24 | I114: =IF(H114="","Senior",IF(H114>59.999,"Grand Masters",IF(H114>49.999,"Master",IF(H114>39.999,"Veteran",IF(H114>21.999,"Senior",IF(H114>16.999,"U/21","U/16")))))) -> Senior | J114: Men | K114: 83021610676 | L114: Nam
A115: N0340 | B115: Seagull Angling Club | C115: Izak | D115: Van Der Merwe | E115: Men Senior | F115: 36245 | G115: =$G$5 -> 45657 | H115: =INT(YEARFRAC(F115,G115)) -> 25 | I115: =IF(H115="","Senior",IF(H115>59.999,"Grand Masters",IF(H115>49.999,"Master",IF(H115>39.999,"Veteran",IF(H115>21.999,"Senior",IF(H115>16.999,"U/21","U/16")))))) -> Senior | J115: Men | K115: 89052100799 | L115: Nam
A116: N0392 | B116: Benguella | C116: Estian | D116: Jacobs | E116: Men Senior | F116: 36300 | G116: =$G$5 -> 45657 | H116: =INT(YEARFRAC(F116,G116)) -> 25 | I116: =IF(H116="","Senior",IF(H116>59.999,"Grand Masters",IF(H116>49.999,"Master",IF(H116>39.999,"Veteran",IF(H116>21.999,"Senior",IF(H116>16.999,"U/21","U/16")))))) -> Senior | J116: Men | K116: 79121010722 | L116: Nam
A117: N0473 | B117: Seagull Angling Club | C117: Lloyd | D117: Mills | E117: Men Senior | F117: 36168 | G117: =$G$5 -> 45657 | H117: =INT(YEARFRAC(F117,G117)) -> 25 | I117: =IF(H117="","Senior",IF(H117>59.999,"Grand Masters",IF(H117>49.999,"Master",IF(H117>39.999,"Veteran",IF(H117>21.999,"Senior",IF(H117>16.999,"U/21","U/16")))))) -> Senior | J117: Men | K117: 79091610522 | L117: Nam
A118: N0519 | B118: xSkeleton Coast | C118: Armand | D118: Esterhuysen | E118: Men Senior | F118: 36189 | G118: =$G$5 -> 45657 | H118: =INT(YEARFRAC(F118,G118)) -> 25 | I118: =IF(H118="","Senior",IF(H118>59.999,"Grand Masters",IF(H118>49.999,"Master",IF(H118>39.999,"Veteran",IF(H118>21.999,"Senior",IF(H118>16.999,"U/21","U/16")))))) -> Senior | J118: Men | K118: 5409070035181 | L118: Belg
A119: N0535 | B119: xBenguella | C119: Daniel-David | D119: Francis | E119: Men Senior | F119: 36452 | G119: =$G$5 -> 45657 | H119: =INT(YEARFRAC(F119,G119)) -> 25 | I119: =IF(H119="","Senior",IF(H119>59.999,"Grand Masters",IF(H119>49.999,"Master",IF(H119>39.999,"Veteran",IF(H119>21.999,"Senior",IF(H119>16.999,"U/21","U/16")))))) -> Senior | J119: Men | K119: 92062800886 | L119: Nam
A120: N0567 | B120: xSeagulls WVB | C120: Pieter | D120: du Preez | E120: Men Senior | F120: 36504 | G120: =$G$5 -> 45657 | H120: =INT(YEARFRAC(F120,G120)) -> 25 | I120: =IF(H120="","Senior",IF(H120>59.999,"Grand Masters",IF(H120>49.999,"Master",IF(H120>39.999,"Veteran",IF(H120>21.999,"Senior",IF(H120>16.999,"U/21","U/16")))))) -> Senior | J120: Men | K120: 93092900103 | L120: Nam
A121: N0586 | B121: xOrca Angling Club | C121: Henk | D121: Rossouw | E121: Men Senior | F121: 36178 | G121: =$G$5 -> 45657 | H121: =INT(YEARFRAC(F121,G121)) -> 25 | I121: =IF(H121="","Senior",IF(H121>59.999,"Grand Masters",IF(H121>49.999,"Master",IF(H121>39.999,"Veteran",IF(H121>21.999,"Senior",IF(H121>16.999,"U/21","U/16")))))) -> Senior | J121: Men | K121: 80042010845 | L121: Nam
A122: N0591 | B122: xSeagull Angling Club | C122: Pieter Jnr. | D122: Du Preez | E122: Men Senior | F122: 36504 | G122: =$G$5 -> 45657 | H122: =INT(YEARFRAC(F122,G122)) -> 25 | I122: =IF(H122="","Senior",IF(H122>59.999,"Grand Masters",IF(H122>49.999,"Master",IF(H122>39.999,"Veteran",IF(H122>21.999,"Senior",IF(H122>16.999,"U/21","U/16")))))) -> Senior | J122: Men | K122: 85082610120 | L122: Nam
A123: N0605 | B123: XSeagulls WHK | C123: Enjo | D123: Malan | E123: Men Senior | F123: 36513 | G123: =$G$5 -> 45657 | H123: =INT(YEARFRAC(F123,G123)) -> 25 | I123: =IF(H123="","Senior",IF(H123>59.999,"Grand Masters",IF(H123>49.999,"Master",IF(H123>39.999,"Veteran",IF(H123>21.999,"Senior",IF(H123>16.999,"U/21","U/16")))))) -> Senior | J123: Men | K123: 9304175009080 | L123: SA
A124: N0687 | B124: Penguin | C124: Barren | D124: Van Es | E124: Men Senior | F124: 36199 | G124: =$G$5 -> 45657 | H124: =INT(YEARFRAC(F124,G124)) -> 25 | I124: =IF(H124="","Senior",IF(H124>59.999,"Grand Masters",IF(H124>49.999,"Master",IF(H124>39.999,"Veteran",IF(H124>21.999,"Senior",IF(H124>16.999,"U/21","U/16")))))) -> Senior | J124: Men | K124: 88101000291 | L124: Nam
A125: N0130 | B125: Okahandja | C125: Loandro | D125: Erasmus | E125: Men Senior | F125: 35961 | G125: =$G$5 -> 45657 | H125: =INT(YEARFRAC(F125,G125)) -> 26 | I125: =IF(H125="","Senior",IF(H125>59.999,"Grand Masters",IF(H125>49.999,"Master",IF(H125>39.999,"Veteran",IF(H125>21.999,"Senior",IF(H125>16.999,"U/21","U/16")))))) -> Senior | J125: Men | K125: 77091900014 | L125: Nam
... A129: N0357 | B129: Seagull Angling Club | C129: Laurika | D129: Hattingh | E129: Ladies Veteran | F129: 35873 | G129: =$G$5 -> 45657 | H129: =INT(YEARFRAC(F129,G129)) -> 26 | I129: =IF(H129="","Senior",IF(H129>59.999,"Grand Masters",IF(H129>49.999,"Master",IF(H129>39.999,"Veteran",IF(H129>21.999,"Senior",IF(H129>16.999,"U/21","U/16")))))) -> Senior | J129: Men | K129: 60122000617 | L129: Nam
A130: N0381 | B130: Orca Angling Club | C130: Luke | D130: Jansen | E130: Men Senior | F130: 35848 | G130: =$G$5 -> 45657 | H130: =INT(YEARFRAC(F130,G130)) -> 26 | I130: =IF(H130="","Senior",IF(H130>59.999,"Grand Masters",IF(H130>49.999,"Master",IF(H130>39.999,"Veteran",IF(H130>21.999,"Senior",IF(H130>16.999,"U/21","U/16")))))) -> Senior | J130: Men
A131: N0428 | B131: xOrca Angling Club | C131: Simone | D131: Willers | E131: Ladies Senior | F131: 36116 | G131: =$G$5 -> 45657 | H131: =INT(YEARFRAC(F131,G131)) -> 26 | I131: =IF(H131="","Senior",IF(H131>59.999,"Grand Masters",IF(H131>49.999,"Master",IF(H131>39.999,"Veteran",IF(H131>21.999,"Senior",IF(H131>16.999,"U/21","U/16")))))) -> Senior | J131: Ladies | K131: 79041310290 | L131: Nam
A132: N0600 | B132: xOtjiwarongo | C132: Handre | D132: Klazinga | E132: Men Senior | F132: 36006 | G132: =$G$5 -> 45657 | H132: =INT(YEARFRAC(F132,G132)) -> 26 | I132: =IF(H132="","Senior",IF(H132>59.999,"Grand Masters",IF(H132>49.999,"Master",IF(H132>39.999,"Veteran",IF(H132>21.999,"Senior",IF(H132>16.999,"U/21","U/16")))))) -> Senior | J132: Men | K132: 56080400863 | L132: Nam
A133: N0629 | B133: Orca Angling Club | C133: Lian | D133: De Jager | E133: Men Senior | F133: 36032 | G133: =$G$5 -> 45657 | H133: =INT(YEARFRAC(F133,G133)) -> 26 | I133: =IF(H133="","Senior",IF(H133>59.999,"Grand Masters",IF(H133>49.999,"Master",IF(H133>39.999,"Veteran",IF(H133>21.999,"Senior",IF(H133>16.999,"U/21","U/16")))))) -> Senior | J133: Men | K133: 88062900495 | L133: Nam
A134: N0729 | B134: xSeagull Angling Club | C134: Gert | D134: Visage | E134: Men Senior | F134: 35870 | G134: =$G$5 -> 45657 | H134: =INT(YEARFRAC(F134,G134)) -> 26 | I134: =IF(H134="","Senior",IF(H134>59.999,"Grand Masters",IF(H134>49.999,"Master",IF(H134>39.999,"Veteran",IF(H134>21.999,"Senior",IF(H134>16.999,"U/21","U/16")))))) -> Senior | J134: Men | K134: 98061500027 | L134: Nam
A135: N0790 | B135: Seagull Angling Club | C135: Iwan | D135: Kotze | E135: Men Senior | F135: 35873 | G135: =$G$5 -> 45657 | H135: =INT(YEARFRAC(F135,G135)) -> 26 | I135: =IF(H135="","Senior",IF(H135>59.999,"Grand Masters",IF(H135>49.999,"Master",IF(H135>39.999,"Veteran",IF(H135>21.999,"Senior",IF(H135>16.999,"U/21","U/16")))))) -> Senior | J135: Men | K135: 69122235136082 | L135: Nam
A136: N0818 | B136: xSkeleton Coast | C136: Rohann | D136: Blaauw | E136: Men Senior | F136: 35812 | G136: =$G$5 -> 45657 | H136: =INT(YEARFRAC(F136,G136)) -> 26 | I136: =IF(H136="","Senior",IF(H136>59.999,"Grand Masters",IF(H136>49.999,"Master",IF(H136>39.999,"Veteran",IF(H136>21.999,"Senior",IF(H136>16.999,"U/21","U/16")))))) -> Senior | J136: Men | K136: 77032900259 | L136: Nam
A137: N0827 | B137: xOtjiwarongo | C137: Franco | D137: Kuhn | E137: Men Senior | F137: 35873 | G137: =$G$5 -> 45657 | H137: =INT(YEARFRAC(F137,G137)) -> 26 | I137: =IF(H137="","Senior",IF(H137>59.999,"Grand Masters",IF(H137>49.999,"Master",IF(H137>39.999,"Veteran",IF(H137>21.999,"Senior",IF(H137>16.999,"U/21","U/16")))))) -> Senior | J137: Men | K137: 518168758 | L137: Brit
A138: N0859 | B138: xHenties Bay | C138: Johan | D138: Bergh | E138: Men Senior | F138: 35874 | G138: =$G$5 -> 45657 | H138: =INT(YEARFRAC(F138,G138)) -> 26 | I138: =IF(H138="","Senior",IF(H138>59.999,"Grand Masters",IF(H138>49.999,"Master",IF(H138>39.999,"Veteran",IF(H138>21.999,"Senior",IF(H138>16.999,"U/21","U/16")))))) -> Senior | J138: Men | K138: 570627500 | L138: Nam
A139: N0151 | B139: Seagull Angling Club | C139: Japie | D139: Jacobs | E139: Men Master | F139: 35445 | G139: =$G$5 -> 45657 | H139: =INT(YEARFRAC(F139,G139)) -> 27 | I139: =IF(H139="","Senior",IF(H139>59.999,"Grand Masters",IF(H139>49.999,"Master",IF(H139>39.999,"Veteran",IF(H139>21.999,"Senior",IF(H139>16.999,"U/21","U/16")))))) -> Senior | J139: Ladies | K139: 96050800332 | L139: Nam
...

Sheet DATA ENTRY
A1: Competition | B1: Date | C1: Venue | D1: ID | E1: Name | F1: Surname | G1: Status | H1: Team | I1: Edibles | J1: Inedibles | K1: length | L1: kg | M1: Points
A2: 2023-NAT-01 | B2: 45001 | C2: Day 1 | D2: N0583 | E2: =IF(D2="","",VLOOKUP(D2,Master,3,FALSE)) -> Karmen | F2: =IF(D2="","",VLOOKUP(D2,Master,4,FALSE)) -> Mynhardt | G2: =IF(D2="","",VLOOKUP(D2,Master,5,FALSE)) -> Ladies Master | H2: =IF(D2="","",VLOOKUP(D2,Master,2,FALSE)) -> Atlantic Angling Club | J2: Shark Soupfin | K2: 80 | L2: =IF(K2="","",IF(I2="",ROUND(HLOOKUP(J2,kgList,K2,FALSE),1),ROUND(HLOOKUP(I2,kgList,K2,FALSE),1))) -> 6.4 | M2: =IF(L2="","",IF(COUNTA(I2:J2)>1,"Edible or Inedible",IF(COUNTA(I2)=1,L2*1,IF(COUNTA(J2)=1,L2*1,"ERROR")))) -> 6.4
A3: =IF(D3="","",A2) -> 2023-NAT-01 | B3: =IF(D3="","",B2) -> 45001 | C3: =IF(D3="","",C2) -> Day 1 | D3: N0583 | E3: =IF(D3="","",VLOOKUP(D3,Master,3,FALSE)) -> Karmen | F3: =IF(D3="","",VLOOKUP(D3,Master,4,FALSE)) -> Mynhardt | G3: =IF(D3="","",VLOOKUP(D3,Master,5,FALSE)) -> Ladies Master | H3: =IF(D3="","",VLOOKUP(D3,Master,2,FALSE)) -> Atlantic Angling Club | J3: Guitarfish - Lesser | K3: 66 | L3: =IF(K3="","",IF(I3="",ROUND(HLOOKUP(J3,kgList,K3,FALSE),1),ROUND(HLOOKUP(I3,kgList,K3,FALSE),1))) -> 1 | M3: =IF(L3="","",IF(COUNTA(I3:J3)>1,"Edible or Inedible",IF(COUNTA(I3)=1,L3*1,IF(COUNTA(J3)=1,L3*1,"ERROR")))) -> 1
A4: =IF(D4="","",A3) -> 2023-NAT-01 | B4: =IF(D4="","",B3) -> 45001 | C4: =IF(D4="","",C3) -> Day 1 | D4: N0769 | E4: =IF(D4="","",VLOOKUP(D4,Master,3,FALSE)) -> Sven | F4: =IF(D4="","",VLOOKUP(D4,Master,4,FALSE)) -> Welzig | G4: =IF(D4="","",VLOOKUP(D4,Master,5,FALSE)) -> Men Seniors / U/21 | H4: =IF(D4="","",VLOOKUP(D4,Master,2,FALSE)) -> Mako | J4: Shark Copper (Female) | K4: 170 | L4: =IF(K4="","",IF(I4="",ROUND(HLOOKUP(J4,kgList,K4,FALSE),1),ROUND(HLOOKUP(I4,kgList,K4,FALSE),1))) -> 67.7 | M4: =IF(L4="","",IF(COUNTA(I4:J4)>1,"Edible or Inedible",IF(COUNTA(I4)=1,L4*1,IF(COUNTA(J4)=1,L4*1,"ERROR")))) -> 67.7
A5: =IF(D5="","",A4) -> 2023-NAT-01 | B5: =IF(D5="","",B4) -> 45001 | C5: =IF(D5="","",C4) -> Day 1 | D5: N0704 | E5: =IF(D5="","",VLOOKUP(D5,Master,3,FALSE)) -> Kay | F5: =IF(D5="","",VLOOKUP(D5,Master,4,FALSE)) -> Bachran | G5: =IF(D5="","",VLOOKUP(D5,Master,5,FALSE)) -> Men Senior / U/21 | H5: =IF(D5="","",VLOOKUP(D5,Master,2,FALSE)) -> Mako | J5: Guitarfish - Lesser | K5: 82 | L5: =IF(K5="","",IF(I5="",ROUND(HLOOKUP(J5,kgList,K5,FALSE),1),ROUND(HLOOKUP(I5,kgList,K5,FALSE),1))) -> 2 | M5: =IF(L5="","",IF(COUNTA(I5:J5)>1,"Edible or Inedible",IF(COUNTA(I5)=1,L5*1,IF(COUNTA(J5)=1,L5*1,"ERROR")))) -> 2
A6: =IF(D6="","",A5) -> 2023-NAT-01 | B6: =IF(D6="","",B5) -> 45001 | C6: =IF(D6="","",C5) -> Day 1 | D6: N0704 | E6: =IF(D6="","",VLOOKUP(D6,Master,3,FALSE)) -> Kay | F6: =IF(D6="","",VLOOKUP(D6,Master,4,FALSE)) -> Bachran | G6: =IF(D6="","",VLOOKUP(D6,Master,5,FALSE)) -> Men Senior / U/21 | H6: =IF(D6="","",VLOOKUP(D6,Master,2,FALSE)) -> Mako | J6: Ray Bull / Eagle | K6: 62 | L6: =IF(K6="","",IF(I6="",ROUND(HLOOKUP(J6,kgList,K6,FALSE),1),ROUND(HLOOKUP(I6,kgList,K6,FALSE),1))) -> 4.3 | M6: =IF(L6="","",IF(COUNTA(I6:J6)>1,"Edible or Inedible",IF(COUNTA(I6)=1,L6*1,IF(COUNTA(J6)=1,L6*1,"ERROR")))) -> 4.3
A7: =IF(D7="","",A6) -> 2023-NAT-01 | B7: =IF(D7="","",B6) -> 45001 | C7: =IF(D7="","",C6) -> Day 1 | D7: N0464 | E7: =IF(D7="","",VLOOKUP(D7,Master,3,FALSE)) -> Sarel | F7: =IF(D7="","",VLOOKUP(D7,Master,4,FALSE)) -> Mynhardt | G7: =IF(D7="","",VLOOKUP(D7,Master,5,FALSE)) -> Men Master | H7: =IF(D7="","",VLOOKUP(D7,Master,2,FALSE)) -> Atlantic Angling Club | J7: Ray Bull / Eagle | K7: 67 | L7: =IF(K7="","",IF(I7="",ROUND(HLOOKUP(J7,kgList,K7,FALSE),1),ROUND(HLOOKUP(I7,kgList,K7,FALSE),1))) -> 5.5 | M7: =IF(L7="","",IF(COUNTA(I7:J7)>1,"Edible or Inedible",IF(COUNTA(I7)=1,L7*1,IF(COUNTA(J7)=1,L7*1,"ERROR")))) -> 5.5
A8: =IF(D8="","",A7) -> 2023-NAT-01 | B8: =IF(D8="","",B7) -> 45001 | C8: =IF(D8="","",C7) -> Day 1 | D8: N0464 | E8: =IF(D8="","",VLOOKUP(D8,Master,3,FALSE)) -> Sarel | F8: =IF(D8="","",VLOOKUP(D8,Master,4,FALSE)) -> Mynhardt | G8: =IF(D8="","",VLOOKUP(D8,Master,5,FALSE)) -> Men Master | H8: =IF(D8="","",VLOOKUP(D8,Master,2,FALSE)) -> Atlantic Angling Club | J8: Shark Spotted Gully | K8: 107 | L8: =IF(K8="","",IF(I8="",ROUND(HLOOKUP(J8,kgList,K8,FALSE),1),ROUND(HLOOKUP(I8,kgList,K8,FALSE),1))) -> 5.5 | M8: =IF(L8="","",IF(COUNTA(I8:J8)>1,"Edible or Inedible",IF(COUNTA(I8)=1,L8*1,IF(COUNTA(J8)=1,L8*1,"ERROR")))) -> 5.5
A9: =IF(D9="","",A8) -> 2023-NAT-01 | B9: =IF(D9="","",B8) -> 45001 | C9: =IF(D9="","",C8) -> Day 1 | D9: N0234 | E9: =IF(D9="","",VLOOKUP(D9,Master,3,FALSE)) -> Henning | F9: =IF(D9="","",VLOOKUP(D9,Master,4,FALSE)) -> Du Plessis | G9: =IF(D9="","",VLOOKUP(D9,Master,5,FALSE)) -> Men Master | H9: =IF(D9="","",VLOOKUP(D9,Master,2,FALSE)) -> Atlantic Angling Club | J9: Ray Bull / Eagle | K9: 49 | L9: =IF(K9="","",IF(I9="",ROUND(HLOOKUP(J9,kgList,K9,FALSE),1),ROUND(HLOOKUP(I9,kgList,K9,FALSE),1))) -> 2.1 | M9: =IF(L9="","",IF(COUNTA(I9:J9)>1,"Edible or Inedible",IF(COUNTA(I9)=1,L9*1,IF(COUNTA(J9)=1,L9*1,"ERROR")))) -> 2.1
A10: =IF(D10="","",A9) -> 2023-NAT-01 | B10: =IF(D10="","",B9) -> 45001 | C10: =IF(D10="","",C9) -> Day 1 | D10: N0234 | E10: =IF(D10="","",VLOOKUP(D10,Master,3,FALSE)) -> Henning | F10: =IF(D10="","",VLOOKUP(D10,Master,4,FALSE)) -> Du Plessis | G10: =IF(D10="","",VLOOKUP(D10,Master,5,FALSE)) -> Men Master | H10: =IF(D10="","",VLOOKUP(D10,Master,2,FALSE)) -> Atlantic Angling Club | J10: Shark Spotted Gully | K10: 119 | L10: =IF(K10="","",IF(I10="",ROUND(HLOOKUP(J10,kgList,K10,FALSE),1),ROUND(HLOOKUP(I10,kgList,K10,FALSE),1))) -> 7.9 | M10: =IF(L10="","",IF(COUNTA(I10:J10)>1,"Edible or Inedible",IF(COUNTA(I10)=1,L10*1,IF(COUNTA(J10)=1,L10*1,"ERROR")))) -> 7.9
A11: =IF(D11="","",A10) -> 2023-NAT-01 | B11: =IF(D11="","",B10) -> 45001 | C11: =IF(D11="","",C10) -> Day 1 | D11: N0234 | E11: =IF(D11="","",VLOOKUP(D11,Master,3,FALSE)) -> Henning | F11: =IF(D11="","",VLOOKUP(D11,Master,4,FALSE)) -> Du Plessis | G11: =IF(D11="","",VLOOKUP(D11,Master,5,FALSE)) -> Men Master | H11: =IF(D11="","",VLOOKUP(D11,Master,2,FALSE)) -> Atlantic Angling Club | J11: Shark Spotted Gully | K11: 101 | L11: =IF(K11="","",IF(I11="",ROUND(HLOOKUP(J11,kgList,K11,FALSE),1),ROUND(HLOOKUP(I11,kgList,K11,FALSE),1))) -> 4.5 | M11: =IF(L11="","",IF(COUNTA(I11:J11)>1,"Edible or Inedible",IF(COUNTA(I11)=1,L11*1,IF(COUNTA(J11)=1,L11*1,"ERROR")))) -> 4.5
A12: =IF(D12="","",A11) -> 2023-NAT-01 | B12: =IF(D12="","",B11) -> 45001 | C12: =IF(D12="","",C11) -> Day 1 | D12: N0761 | E12: =IF(D12="","",VLOOKUP(D12,Master,3,FALSE)) -> Stefano | F12: =IF(D12="","",VLOOKUP(D12,Master,4,FALSE)) -> Strappazzon | G12: =IF(D12="","",VLOOKUP(D12,Master,5,FALSE)) -> Men Veteran | H12: =IF(D12="","",VLOOKUP(D12,Master,2,FALSE)) -> Atlantic Angling Club | J12: Ray Bull / Eagle | K12: 72 | L12: =IF(K12="","",IF(I12="",ROUND(HLOOKUP(J12,kgList,K12,FALSE),1),ROUND(HLOOKUP(I12,kgList,K12,FALSE),1))) -> 6.8 | M12: =IF(L12="","",IF(COUNTA(I12:J12)>1,"Edible or Inedible",IF(COUNTA(I12)=1,L12*1,IF(COUNTA(J12)=1,L12*1,"ERROR")))) -> 6.8
A13: =IF(D13="","",A12) -> 2023-NAT-01 | B13: =IF(D13="","",B12) -> 45001 | C13: =IF(D13="","",C12) -> Day 1 | D13: N0460 | E13: =IF(D13="","",VLOOKUP(D13,Master,3,FALSE)) -> Jaco | F13: =IF(D13="","",VLOOKUP(D13,Master,4,FALSE)) -> Venter | G13: =IF(D13="","",VLOOKUP(D13,Master,5,FALSE)) -> Men Master | H13: =IF(D13="","",VLOOKUP(D13,Master,2,FALSE)) -> Atlantic Angling Club | J13: Shark Spotted Gully | K13: 129 | L13: =IF(K13="","",IF(I13="",ROUND(HLOOKUP(J13,kgList,K13,FALSE),1),ROUND(HLOOKUP(I13,kgList,K13,FALSE),1))) -> 10.4 | M13: =IF(L13="","",IF(COUNTA(I13:J13)>1,"Edible or Inedible",IF(COUNTA(I13)=1,L13*1,IF(COUNTA(J13)=1,L13*1,"ERROR")))) -> 10.4
A14: =IF(D14="","",A13) -> 2023-NAT-01 | B14: =IF(D14="","",B13) -> 45001 | C14: =IF(D14="","",C13) -> Day 1 | D14: N0460 | E14: =IF(D14="","",VLOOKUP(D14,Master,3,FALSE)) -> Jaco | F14: =IF(D14="","",VLOOKUP(D14,Master,4,FALSE)) -> Venter | G14: =IF(D14="","",VLOOKUP(D14,Master,5,FALSE)) -> Men Master | H14: =IF(D14="","",VLOOKUP(D14,Master,2,FALSE)) -> Atlantic Angling Club | J14: Guitarfish - Lesser | K14: 82 | L14: =IF(K14="","",IF(I14="",ROUND(HLOOKUP(J14,kgList,K14,FALSE),1),ROUND(HLOOKUP(I14,kgList,K14,FALSE),1))) -> 2 | M14: =IF(L14="","",IF(COUNTA(I14:J14)>1,"Edible or Inedible",IF(COUNTA(I14)=1,L14*1,IF(COUNTA(J14)=1,L14*1,"ERROR")))) -> 2
A15: =IF(D15="","",A14) -> 2023-NAT-01 | B15: =IF(D15="","",B14) -> 45001 | C15: =IF(D15="","",C14) -> Day 1 | D15: N0628 | E15: =IF(D15="","",VLOOKUP(D15,Master,3,FALSE)) -> Ryan | F15: =IF(D15="","",VLOOKUP(D15,Master,4,FALSE)) -> Wolmarans | G15: =IF(D15="","",VLOOKUP(D15,Master,5,FALSE)) -> Men Senior | H15: =IF(D15="","",VLOOKUP(D15,Master,2,FALSE)) -> Walvis Bay | L15: =IF(K15="","",IF(I15="",ROUND(HLOOKUP(J15,kgList,K15,FALSE),1),ROUND(HLOOKUP(I15,kgList,K15,FALSE),1))) | M15: =IF(L15="","",IF(COUNTA(I15:J15)>1,"Edible or Inedible",IF(COUNTA(I15)=1,L15*1,IF(COUNTA(J15)=1,L15*1,"ERROR"))))
A16: =IF(D16="","",A15) -> 2023-NAT-01 | B16: =IF(D16="","",B15) -> 45001 | C16: =IF(D16="","",C15) -> Day 1 | D16: N0529 | E16: =IF(D16="","",VLOOKUP(D16,Master,3,FALSE)) -> Anthony | F16: =IF(D16="","",VLOOKUP(D16,Master,4,FALSE)) -> Botha | G16: =IF(D16="","",VLOOKUP(D16,Master,5,FALSE)) -> Men Senior | H16: =IF(D16="","",VLOOKUP(D16,Master,2,FALSE)) -> Benguella | J16: Shark Spotted Gully | K16: 102 | L16: =IF(K16="","",IF(I16="",ROUND(HLOOKUP(J16,kgList,K16,FALSE),1),ROUND(HLOOKUP(I16,kgList,K16,FALSE),1))) -> 4.6 | M16: =IF(L16="","",IF(COUNTA(I16:J16)>1,"Edible or Inedible",IF(COUNTA(I16)=1,L16*1,IF(COUNTA(J16)=1,L16*1,"ERROR")))) -> 4.6
A17: =IF(D17="","",A16) -> 2023-NAT-01 | B17: =IF(D17="","",B16) -> 45001 | C17: =IF(D17="","",C16) -> Day 1 | D17: N0529 | E17: =IF(D17="","",VLOOKUP(D17,Master,3,FALSE)) -> Anthony | F17: =IF(D17="","",VLOOKUP(D17,Master,4,FALSE)) -> Botha | G17: =IF(D17="","",VLOOKUP(D17,Master,5,FALSE)) -> Men Senior | H17: =IF(D17="","",VLOOKUP(D17,Master,2,FALSE)) -> Benguella | J17: Elephantfish | K17: 74 | L17: =IF(K17="","",IF(I17="",ROUND(HLOOKUP(J17,kgList,K17,FALSE),1),ROUND(HLOOKUP(I17,kgList,K17,FALSE),1))) -> 3.2 | M17: =IF(L17="","",IF(COUNTA(I17:J17)>1,"Edible or Inedible",IF(COUNTA(I17)=1,L17*1,IF(COUNTA(J17)=1,L17*1,"ERROR")))) -> 3.2
A18: =IF(D18="","",A17) -> 2023-NAT-01 | B18: =IF(D18="","",B17) -> 45001 | C18: =IF(D18="","",C17) -> Day 1 | D18: N0409 | E18: =IF(D18="","",VLOOKUP(D18,Master,3,FALSE)) -> Andre-Louis | F18: =IF(D18="","",VLOOKUP(D18,Master,4,FALSE)) -> Stipp | G18: =IF(D18="","",VLOOKUP(D18,Master,5,FALSE)) -> Men Senior | H18: =IF(D18="","",VLOOKUP(D18,Master,2,FALSE)) -> xBenguella | I18: Kob | K18: 64 | L18: =IF(K18="","",IF(I18="",ROUND(HLOOKUP(J18,kgList,K18,FALSE),1),ROUND(HLOOKUP(I18,kgList,K18,FALSE),1))) -> 2.7 | M18: =IF(L18="","",IF(COUNTA(I18:J18)>1,"Edible or Inedible",IF(COUNTA(I18)=1,L18*1,IF(COUNTA(J18)=1,L18*1,"ERROR")))) -> 2.7
A19: =IF(D19="","",A18) -> 2023-NAT-01 | B19: =IF(D19="","",B18) -> 45001 | C19: =IF(D19="","",C18) -> Day 1 | D19: N0409 | E19: =IF(D19="","",VLOOKUP(D19,Master,3,FALSE)) -> Andre-Louis | F19: =IF(D19="","",VLOOKUP(D19,Master,4,FALSE)) -> Stipp | G19: =IF(D19="","",VLOOKUP(D19,Master,5,FALSE)) -> Men Senior | H19: =IF(D19="","",VLOOKUP(D19,Master,2,FALSE)) -> xBenguella | I19: Kob | K19: 67 | L19: =IF(K19="","",IF(I19="",ROUND(HLOOKUP(J19,kgList,K19,FALSE),1),ROUND(HLOOKUP(I19,kgList,K19,FALSE),1))) -> 3.1 | M19: =IF(L19="","",IF(COUNTA(I19:J19)>1,"Edible or Inedible",IF(COUNTA(I19)=1,L19*1,IF(COUNTA(J19)=1,L19*1,"ERROR")))) -> 3.1
A20: =IF(D20="","",A19) -> 2023-NAT-01 | B20: =IF(D20="","",B19) -> 45001 | C20: =IF(D20="","",C19) -> Day 1 | D20: N0409 | E20: =IF(D20="","",VLOOKUP(D20,Master,3,FALSE)) -> Andre-Louis | F20: =IF(D20="","",VLOOKUP(D20,Master,4,FALSE)) -> Stipp | G20: =IF(D20="","",VLOOKUP(D20,Master,5,FALSE)) -> Men Senior | H20: =IF(D20="","",VLOOKUP(D20,Master,2,FALSE)) -> xBenguella | J20: Shark Spotted Gully | K20: 124 | L20: =IF(K20="","",IF(I20="",ROUND(HLOOKUP(J20,kgList,K20,FALSE),1),ROUND(HLOOKUP(I20,kgList,K20,FALSE),1))) -> 9.1 | M20: =IF(L20="","",IF(COUNTA(I20:J20)>1,"Edible or Inedible",IF(COUNTA(I20)=1,L20*1,IF(COUNTA(J20)=1,L20*1,"ERROR")))) -> 9.1
A21: =IF(D21="","",A20) -> 2023-NAT-01 | B21: =IF(D21="","",B20) -> 45001 | C21: =IF(D21="","",C20) -> Day 1 | D21: N0409 | E21: =IF(D21="","",VLOOKUP(D21,Master,3,FALSE)) -> Andre-Louis | F21: =IF(D21="","",VLOOKUP(D21,Master,4,FALSE)) -> Stipp | G21: =IF(D21="","",VLOOKUP(D21,Master,5,FALSE)) -> Men Senior | H21: =IF(D21="","",VLOOKUP(D21,Master,2,FALSE)) -> xBenguella | J21: Shark Spotted Gully | K21: 135 | L21: =IF(K21="","",IF(I21="",ROUND(HLOOKUP(J21,kgList,K21,FALSE),1),ROUND(HLOOKUP(I21,kgList,K21,FALSE),1))) -> 12.1 | M21: =IF(L21="","",IF(COUNTA(I21:J21)>1,"Edible or Inedible",IF(COUNTA(I21)=1,L21*1,IF(COUNTA(J21)=1,L21*1,"ERROR")))) -> 12.1
A22: =IF(D22="","",A21) -> 2023-NAT-01 | B22: =IF(D22="","",B21) -> 45001 | C22: =IF(D22="","",C21) -> Day 1 | D22: N0231 | E22: =IF(D22="","",VLOOKUP(D22,Master,3,FALSE)) -> Bennie | F22: =IF(D22="","",VLOOKUP(D22,Master,4,FALSE)) -> Gabrielsen | G22: =IF(D22="","",VLOOKUP(D22,Master,5,FALSE)) -> Men Senior | H22: =IF(D22="","",VLOOKUP(D22,Master,2,FALSE)) -> Benguella | J22: Shark Soupfin | K22: 64 | L22: =IF(K22="","",IF(I22="",ROUND(HLOOKUP(J22,kgList,K22,FALSE),1),ROUND(HLOOKUP(I22,kgList,K22,FALSE),1))) -> 3.8 | M22: =IF(L22="","",IF(COUNTA(I22:J22)>1,"Edible or Inedible",IF(COUNTA(I22)=1,L22*1,IF(COUNTA(J22)=1,L22*1,"ERROR")))) -> 3.8
A23: =IF(D23="","",A22) -> 2023-NAT-01 | B23: =IF(D23="","",B22) -> 45001 | C23: =IF(D23="","",C22) -> Day 1 | D23: N0860 | E23: =IF(D23="","",VLOOKUP(D23,Master,3,FALSE)) -> Adrian | F23: =IF(D23="","",VLOOKUP(D23,Master,4,FALSE)) -> Steenkamp | G23: =IF(D23="","",VLOOKUP(D23,Master,5,FALSE)) -> Men Seniors / U/21 | H23: =IF(D23="","",VLOOKUP(D23,Master,2,FALSE)) -> Benguella | J23: Shark Spotted Gully | K23: 127 | L23: =IF(K23="","",IF(I23="",ROUND(HLOOKUP(J23,kgList,K23,FALSE),1),ROUND(HLOOKUP(I23,kgList,K23,FALSE),1))) -> 9.8 | M23: =IF(L23="","",IF(COUNTA(I23:J23)>1,"Edible or Inedible",IF(COUNTA(I23)=1,L23*1,IF(COUNTA(J23)=1,L23*1,"ERROR")))) -> 9.8
A24: =IF(D24="","",A23) -> 2023-NAT-01 | B24: =IF(D24="","",B23) -> 45001 | C24: =IF(D24="","",C23) -> Day 1 | D24: N0860 | E24: =IF(D24="","",VLOOKUP(D24,Master,3,FALSE)) -> Adrian | F24: =IF(D24="","",VLOOKUP(D24,Master,4,FALSE)) -> Steenkamp | G24: =IF(D24="","",VLOOKUP(D24,Master,5,FALSE)) -> Men Seniors / U/21 | H24: =IF(D24="","",VLOOKUP(D24,Master,2,FALSE)) -> Benguella | J24: Shark Spotted Gully | K24: 152 | L24: =IF(K24="","",IF(I24="",ROUND(HLOOKUP(J24,kgList,K24,FALSE),1),ROUND(HLOOKUP(I24,kgList,K24,FALSE),1))) -> 18.2 | M24: =IF(L24="","",IF(COUNTA(I24:J24)>1,"Edible or Inedible",IF(COUNTA(I24)=1,L24*1,IF(COUNTA(J24)=1,L24*1,"ERROR")))) -> 18.2
A25: =IF(D25="","",A24) -> 2023-NAT-01 | B25: =IF(D25="","",B24) -> 45001 | C25: =IF(D25="","",C24) -> Day 1 | D25: N0121 | E25: =IF(D25="","",VLOOKUP(D25,Master,3,FALSE)) -> Lezelle | F25: =IF(D25="","",VLOOKUP(D25,Master,4,FALSE)) -> Smit | G25: =IF(D25="","",VLOOKUP(D25,Master,5,FALSE)) -> Ladies Veteran | H25: =IF(D25="","",VLOOKUP(D25,Master,2,FALSE)) -> Benguella | J25: Shark Hound Smooth | K25: 92 | L25: =IF(K25="","",IF(I25="",ROUND(HLOOKUP(J25,kgList,K25,FALSE),1),ROUND(HLOOKUP(I25,kgList,K25,FALSE),1))) -> 2.8 | M25: =IF(L25="","",IF(COUNTA(I25:J25)>1,"Edible or Inedible",IF(COUNTA(I25)=1,L25*1,IF(COUNTA(J25)=1,L25*1,"ERROR")))) -> 2.8
A26: =IF(D26="","",A25) -> 2023-NAT-01 | B26: =IF(D26="","",B25) -> 45001 | C26: =IF(D26="","",C25) -> Day 1 | D26: N0121 | E26: =IF(D26="","",VLOOKUP(D26,Master,3,FALSE)) -> Lezelle | F26: =IF(D26="","",VLOOKUP(D26,Master,4,FALSE)) -> Smit | G26: =IF(D26="","",VLOOKUP(D26,Master,5,FALSE)) -> Ladies Veteran | H26: =IF(D26="","",VLOOKUP(D26,Master,2,FALSE)) -> Benguella | J26: Ray Bull / Eagle | K26: 97 | L26: =IF(K26="","",IF(I26="",ROUND(HLOOKUP(J26,kgList,K26,FALSE),1),ROUND(HLOOKUP(I26,kgList,K26,FALSE),1))) -> 16.9 | M26: =IF(L26="","",IF(COUNTA(I26:J26)>1,"Edible or Inedible",IF(COUNTA(I26)=1,L26*1,IF(COUNTA(J26)=1,L26*1,"ERROR")))) -> 16.9
A27: =IF(D27="","",A26) -> 2023-NAT-01 | B27: =IF(D27="","",B26) -> 45001 | C27: =IF(D27="","",C26) -> Day 1 | D27: N0219 | E27: =IF(D27="","",VLOOKUP(D27,Master,3,FALSE)) -> Nadia | F27: =IF(D27="","",VLOOKUP(D27,Master,4,FALSE)) -> Steenkamp | G27: =IF(D27="","",VLOOKUP(D27,Master,5,FALSE)) -> Ladies Master | H27: =IF(D27="","",VLOOKUP(D27,Master,2,FALSE)) -> Benguella | J27: Elephantfish | K27: 76 | L27: =IF(K27="","",IF(I27="",ROUND(HLOOKUP(J27,kgList,K27,FALSE),1),ROUND(HLOOKUP(I27,kgList,K27,FALSE),1))) -> 3.5 | M27: =IF(L27="","",IF(COUNTA(I27:J27)>1,"Edible or Inedible",IF(COUNTA(I27)=1,L27*1,IF(COUNTA(J27)=1,L27*1,"ERROR")))) -> 3.5
A28: =IF(D28="","",A27) -> 2023-NAT-01 | B28: =IF(D28="","",B27) -> 45001 | C28: =IF(D28="","",C27) -> Day 1 | D28: N0219 | E28: =IF(D28="","",VLOOKUP(D28,Master,3,FALSE)) -> Nadia | F28: =IF(D28="","",VLOOKUP(D28,Master,4,FALSE)) -> Steenkamp | G28: =IF(D28="","",VLOOKUP(D28,Master,5,FALSE)) -> Ladies Master | H28: =IF(D28="","",VLOOKUP(D28,Master,2,FALSE)) -> Benguella | J28: Shark Cow / Sevengill | K28: 101 | L28: =IF(K28="","",IF(I28="",ROUND(HLOOKUP(J28,kgList,K28,FALSE),1),ROUND(HLOOKUP(I28,kgList,K28,FALSE),1))) -> 12.4 | M28: =IF(L28="","",IF(COUNTA(I28:J28)>1,"Edible or Inedible",IF(COUNTA(I28)=1,L28*1,IF(COUNTA(J28)=1,L28*1,"ERROR")))) -> 12.4
A29: =IF(D29="","",A28) -> 2023-NAT-01 | B29: =IF(D29="","",B28) -> 45001 | C29: =IF(D29="","",C28) -> Day 1 | D29: N0636 | E29: =IF(D29="","",VLOOKUP(D29,Master,3,FALSE)) -> Lydia | F29: =IF(D29="","",VLOOKUP(D29,Master,4,FALSE)) -> Cilliers | G29: =IF(D29="","",VLOOKUP(D29,Master,5,FALSE)) -> Ladies Veteran | H29: =IF(D29="","",VLOOKUP(D29,Master,2,FALSE)) -> xBenguella | J29: Shark Spotted Gully | K29: 107 | L29: =IF(K29="","",IF(I29="",ROUND(HLOOKUP(J29,kgList,K29,FALSE),1),ROUND(HLOOKUP(I29,kgList,K29,FALSE),1))) -> 5.5 | M29: =IF(L29="","",IF(COUNTA(I29:J29)>1,"Edible or Inedible",IF(COUNTA(I29)=1,L29*1,IF(COUNTA(J29)=1,L29*1,"ERROR")))) -> 5.5
A30: =IF(D30="","",A29) -> 2023-NAT-01 | B30: =IF(D30="","",B29) -> 45001 | C30: =IF(D30="","",C29) -> Day 1 | D30: N0636 | E30: =IF(D30="","",VLOOKUP(D30,Master,3,FALSE)) -> Lydia | F30: =IF(D30="","",VLOOKUP(D30,Master,4,FALSE)) -> Cilliers | G30: =IF(D30="","",VLOOKUP(D30,Master,5,FALSE)) -> Ladies Veteran | H30: =IF(D30="","",VLOOKUP(D30,Master,2,FALSE)) -> xBenguella | J30: Shark Hound Smooth | K30: 155 | L30: =IF(K30="","",IF(I30="",ROUND(HLOOKUP(J30,kgList,K30,FALSE),1),ROUND(HLOOKUP(I30,kgList,K30,FALSE),1))) -> 17.1 | M30: =IF(L30="","",IF(COUNTA(I30:J30)>1,"Edible or Inedible",IF(COUNTA(I30)=1,L30*1,IF(COUNTA(J30)=1,L30*1,"ERROR")))) -> 17.1
A31: =IF(D31="","",A30) -> 2023-NAT-01 | B31: =IF(D31="","",B30) -> 45001 | C31: =IF(D31="","",C30) -> Day 1 | D31: N0636 | E31: =IF(D31="","",VLOOKUP(D31,Master,3,FALSE)) -> Lydia | F31: =IF(D31="","",VLOOKUP(D31,Master,4,FALSE)) -> Cilliers | G31: =IF(D31="","",VLOOKUP(D31,Master,5,FALSE)) -> Ladies Veteran | H31: =IF(D31="","",VLOOKUP(D31,Master,2,FALSE)) -> xBenguella | J31: Shark Soupfin | K31: 57 | L31: =IF(K31="","",IF(I31="",ROUND(HLOOKUP(J31,kgList,K31,FALSE),1),ROUND(HLOOKUP(I31,kgList,K31,FALSE),1))) -> 2.9 | M31: =IF(L31="","",IF(COUNTA(I31:J31)>1,"Edible or Inedible",IF(COUNTA(I31)=1,L31*1,IF(COUNTA(J31)=1,L31*1,"ERROR")))) -> 2.9
... A33: =IF(D33="","",A32) -> 2023-NAT-01 | B33: =IF(D33="","",B32) -> 45001 | C33: =IF(D33="","",C32) -> Day 1 | D33: N0713 | E33: =IF(D33="","",VLOOKUP(D33,Master,3,FALSE)) -> Luan | F33: =IF(D33="","",VLOOKUP(D33,Master,4,FALSE)) -> Karstens | G33: =IF(D33="","",VLOOKUP(D33,Master,5,FALSE)) -> Men U/16 | H33: =IF(D33="","",VLOOKUP(D33,Master,2,FALSE)) -> Benguella | J33: Elephantfish | K33: 70 | L33: =IF(K33="","",IF(I33="",ROUND(HLOOKUP(J33,kgList,K33,FALSE),1),ROUND(HLOOKUP(I33,kgList,K33,FALSE),1))) -> 2.7 | M33: =IF(L33="","",IF(COUNTA(I33:J33)>1,"Edible or Inedible",IF(COUNTA(I33)=1,L33*1,IF(COUNTA(J33)=1,L33*1,"ERROR")))) -> 2.7
A34: =IF(D34="","",A33) -> 2023-NAT-01 | B34: =IF(D34="","",B33) -> 45001 | C34: =IF(D34="","",C33) -> Day 1 | D34: N0836 | E34: =IF(D34="","",VLOOKUP(D34,Master,3,FALSE)) -> Hendrik JNR | F34: =IF(D34="","",VLOOKUP(D34,Master,4,FALSE)) -> Cloete | G34: =IF(D34="","",VLOOKUP(D34,Master,5,FALSE)) -> Men Senior | H34: =IF(D34="","",VLOOKUP(D34,Master,2,FALSE)) -> xBenguella | I34: Kob | K34: 51 | L34: =IF(K34="","",IF(I34="",ROUND(HLOOKUP(J34,kgList,K34,FALSE),1),ROUND(HLOOKUP(I34,kgList,K34,FALSE),1))) -> 1.4 | M34: =IF(L34="","",IF(COUNTA(I34:J34)>1,"Edible or Inedible",IF(COUNTA(I34)=1,L34*1,IF(COUNTA(J34)=1,L34*1,"ERROR")))) -> 1.4
A35: =IF(D35="","",A34) -> 2023-NAT-01 | B35: =IF(D35="","",B34) -> 45001 | C35: =IF(D35="","",C34) -> Day 1 | D35: N0407 | E35: =IF(D35="","",VLOOKUP(D35,Master,3,FALSE)) -> Renier | F35: =IF(D35="","",VLOOKUP(D35,Master,4,FALSE)) -> Van Zyl | G35: =IF(D35="","",VLOOKUP(D35,Master,5,FALSE)) -> Men Veteran | H35: =IF(D35="","",VLOOKUP(D35,Master,2,FALSE)) -> Benguella | J35: Guitarfish - Lesser | K35: 78 | L35: =IF(K35="","",IF(I35="",ROUND(HLOOKUP(J35,kgList,K35,FALSE),1),ROUND(HLOOKUP(I35,kgList,K35,FALSE),1))) -> 1.7 | M35: =IF(L35="","",IF(COUNTA(I35:J35)>1,"Edible or Inedible",IF(COUNTA(I35)=1,L35*1,IF(COUNTA(J35)=1,L35*1,"ERROR")))) -> 1.7
A36: =IF(D36="","",A35) -> 2023-NAT-01 | B36: =IF(D36="","",B35) -> 45001 | C36: =IF(D36="","",C35) -> Day 1 | D36: N0392 | E36: =IF(D36="","",VLOOKUP(D36,Master,3,FALSE)) -> Estian | F36: =IF(D36="","",VLOOKUP(D36,Master,4,FALSE)) -> Jacobs | G36: =IF(D36="","",VLOOKUP(D36,Master,5,FALSE)) -> Men Senior | H36: =IF(D36="","",VLOOKUP(D36,Master,2,FALSE)) -> Benguella | L36: =IF(K36="","",IF(I36="",ROUND(HLOOKUP(J36,kgList,K36,FALSE),1),ROUND(HLOOKUP(I36,kgList,K36,FALSE),1))) | M36: =IF(L36="","",IF(COUNTA(I36:J36)>1,"Edible or Inedible",IF(COUNTA(I36)=1,L36*1,IF(COUNTA(J36)=1,L36*1,"ERROR"))))
A37: =IF(D37="","",A36) -> 2023-NAT-01 | B37: =IF(D37="","",B36) -> 45001 | C37: =IF(D37="","",C36) -> Day 1 | D37: N0172 | E37: =IF(D37="","",VLOOKUP(D37,Master,3,FALSE)) -> PJ | F37: =IF(D37="","",VLOOKUP(D37,Master,4,FALSE)) -> van Wyk | G37: =IF(D37="","",VLOOKUP(D37,Master,5,FALSE)) -> Men Senior | H37: =IF(D37="","",VLOOKUP(D37,Master,2,FALSE)) -> xBenguella | L37: =IF(K37="","",IF(I37="",ROUND(HLOOKUP(J37,kgList,K37,FALSE),1),ROUND(HLOOKUP(I37,kgList,K37,FALSE),1))) | M37: =IF(L37="","",IF(COUNTA(I37:J37)>1,"Edible or Inedible",IF(COUNTA(I37)=1,L37*1,IF(COUNTA(J37)=1,L37*1,"ERROR"))))
A38: =IF(D38="","",A37) -> 2023-NAT-01 | B38: =IF(D38="","",B37) -> 45001 | C38: =IF(D38="","",C37) -> Day 1 | D38: N0113 | E38: =IF(D38="","",VLOOKUP(D38,Master,3,FALSE)) -> Shaun | F38: =IF(D38="","",VLOOKUP(D38,Master,4,FALSE)) -> Bothma | G38: =IF(D38="","",VLOOKUP(D38,Master,5,FALSE)) -> Men Veteran | H38: =IF(D38="","",VLOOKUP(D38,Master,2,FALSE)) -> xBenguella | L38: =IF(K38="","",IF(I38="",ROUND(HLOOKUP(J38,kgList,K38,FALSE),1),ROUND(HLOOKUP(I38,kgList,K38,FALSE),1))) | M38: =IF(L38="","",IF(COUNTA(I38:J38)>1,"Edible or Inedible",IF(COUNTA(I38)=1,L38*1,IF(COUNTA(J38)=1,L38*1,"ERROR"))))
A39: =IF(D39="","",A38) -> 2023-NAT-01 | B39: =IF(D39="","",B38) -> 45001 | C39: =IF(D39="","",C38) -> Day 1 | D39: N0183 | E39: =IF(D39="","",VLOOKUP(D39,Master,3,FALSE)) -> Ray | F39: =IF(D39="","",VLOOKUP(D39,Master,4,FALSE)) -> Moody | G39: =IF(D39="","",VLOOKUP(D39,Master,5,FALSE)) -> Men Senior | H39: =IF(D39="","",VLOOKUP(D39,Master,2,FALSE)) -> Benguella | L39: =IF(K39="","",IF(I39="",ROUND(HLOOKUP(J39,kgList,K39,FALSE),1),ROUND(HLOOKUP(I39,kgList,K39,FALSE),1))) | M39: =IF(L39="","",IF(COUNTA(I39:J39)>1,"Edible or Inedible",IF(COUNTA(I39)=1,L39*1,IF(COUNTA(J39)=1,L39*1,"ERROR"))))
A40: =IF(D40="","",A39) -> 2023-NAT-01 | B40: =IF(D40="","",B39) -> 45001 | C40: =IF(D40="","",C39) -> Day 1 | D40: N0637 | E40: =IF(D40="","",VLOOKUP(D40,Master,3,FALSE)) -> Helmut | F40: =IF(D40="","",VLOOKUP(D40,Master,4,FALSE)) -> Dobberstein | G40: =IF(D40="","",VLOOKUP(D40,Master,5,FALSE)) -> Men U/16 | H40: =IF(D40="","",VLOOKUP(D40,Master,2,FALSE)) -> Benguella | L40: =IF(K40="","",IF(I40="",ROUND(HLOOKUP(J40,kgList,K40,FALSE),1),ROUND(HLOOKUP(I40,kgList,K40,FALSE),1))) | M40: =IF(L40="","",IF(COUNTA(I40:J40)>1,"Edible or Inedible",IF(COUNTA(I40)=1,L40*1,IF(COUNTA(J40)=1,L40*1,"ERROR"))))
A41: =IF(D41="","",A40) -> 2023-NAT-01 | B41: =IF(D41="","",B40) -> 45001 | C41: =IF(D41="","",C40) -> Day 1 | D41: N0026 | E41: =IF(D41="","",VLOOKUP(D41,Master,3,FALSE)) -> Johan | F41: =IF(D41="","",VLOOKUP(D41,Master,4,FALSE)) -> Agenbag | G41: =IF(D41="","",VLOOKUP(D41,Master,5,FALSE)) -> Men Master | H41: =IF(D41="","",VLOOKUP(D41,Master,2,FALSE)) -> Henties Bay | I41: Kob | K41: 122 | L41: =IF(K41="","",IF(I41="",ROUND(HLOOKUP(J41,kgList,K41,FALSE),1),ROUND(HLOOKUP(I41,kgList,K41,FALSE),1))) -> 19.3 | M41: =IF(L41="","",IF(COUNTA(I41:J41)>1,"Edible or Inedible",IF(COUNTA(I41)=1,L41*1,IF(COUNTA(J41)=1,L41*1,"ERROR")))) -> 19.3
A42: =IF(D42="","",A41) -> 2023-NAT-01 | B42: =IF(D42="","",B41) -> 45001 | C42: =IF(D42="","",C41) -> Day 1 | D42: N0195 | E42: =IF(D42="","",VLOOKUP(D42,Master,3,FALSE)) -> Louis | F42: =IF(D42="","",VLOOKUP(D42,Master,4,FALSE)) -> Fenaux | G42: =IF(D42="","",VLOOKUP(D42,Master,5,FALSE)) -> Men Veteran | H42: =IF(D42="","",VLOOKUP(D42,Master,2,FALSE)) -> Henties Bay | J42: Shark Spotted Gully | K42: 119 | L42: =IF(K42="","",IF(I42="",ROUND(HLOOKUP(J42,kgList,K42,FALSE),1),ROUND(HLOOKUP(I42,kgList,K42,FALSE),1))) -> 7.9 | M42: =IF(L42="","",IF(COUNTA(I42:J42)>1,"Edible or Inedible",IF(COUNTA(I42)=1,L42*1,IF(COUNTA(J42)=1,L42*1,"ERROR")))) -> 7.9
A43: =IF(D43="","",A42) -> 2023-NAT-01 | B43: =IF(D43="","",B42) -> 45001 | C43: =IF(D43="","",C42) -> Day 1 | D43: N0195 | E43: =IF(D43="","",VLOOKUP(D43,Master,3,FALSE)) -> Louis | F43: =IF(D43="","",VLOOKUP(D43,Master,4,FALSE)) -> Fenaux | G43: =IF(D43="","",VLOOKUP(D43,Master,5,FALSE)) -> Men Veteran | H43: =IF(D43="","",VLOOKUP(D43,Master,2,FALSE)) -> Henties Bay | J43: Shark Spotted Gully | K43: 71 | L43: =IF(K43="","",IF(I43="",ROUND(HLOOKUP(J43,kgList,K43,FALSE),1),ROUND(HLOOKUP(I43,kgList,K43,FALSE),1))) -> 1.3 | M43: =IF(L43="","",IF(COUNTA(I43:J43)>1,"Edible or Inedible",IF(COUNTA(I43)=1,L43*1,IF(COUNTA(J43)=1,L43*1,"ERROR")))) -> 1.3
A44: =IF(D44="","",A43) -> 2023-NAT-01 | B44: =IF(D44="","",B43) -> 45001 | C44: =IF(D44="","",C43) -> Day 1 | D44: N0195 | E44: =IF(D44="","",VLOOKUP(D44,Master,3,FALSE)) -> Louis | F44: =IF(D44="","",VLOOKUP(D44,Master,4,FALSE)) -> Fenaux | G44: =IF(D44="","",VLOOKUP(D44,Master,5,FALSE)) -> Men Veteran | H44: =IF(D44="","",VLOOKUP(D44,Master,2,FALSE)) -> Henties Bay | J44: Guitarfish - Lesser | K44: 91 | L44: =IF(K44="","",IF(I44="",ROUND(HLOOKUP(J44,kgList,K44,FALSE),1),ROUND(HLOOKUP(I44,kgList,K44,FALSE),1))) -> 2.8 | M44: =IF(L44="","",IF(COUNTA(I44:J44)>1,"Edible or Inedible",IF(COUNTA(I44)=1,L44*1,IF(COUNTA(J44)=1,L44*1,"ERROR")))) -> 2.8
A45: =IF(D45="","",A44) -> 2023-NAT-01 | B45: =IF(D45="","",B44) -> 45001 | C45: =IF(D45="","",C44) -> Day 1 | D45: N0814 | E45: =IF(D45="","",VLOOKUP(D45,Master,3,FALSE)) -> Clinton | F45: =IF(D45="","",VLOOKUP(D45,Master,4,FALSE)) -> Barnard | G45: =IF(D45="","",VLOOKUP(D45,Master,5,FALSE)) -> Men Senior | H45: =IF(D45="","",VLOOKUP(D45,Master,2,FALSE)) -> xHenties Bay | J45: Ray Bull / Eagle | K45: 58 | L45: =IF(K45="","",IF(I45="",ROUND(HLOOKUP(J45,kgList,K45,FALSE),1),ROUND(HLOOKUP(I45,kgList,K45,FALSE),1))) -> 3.5 | M45: =IF(L45="","",IF(COUNTA(I45:J45)>1,"Edible or Inedible",IF(COUNTA(I45)=1,L45*1,IF(COUNTA(J45)=1,L45*1,"ERROR")))) -> 3.5
A46: =IF(D46="","",A45) -> 2023-NAT-01 | B46: =IF(D46="","",B45) -> 45001 | C46: =IF(D46="","",C45) -> Day 1 | D46: N0814 | E46: =IF(D46="","",VLOOKUP(D46,Master,3,FALSE)) -> Clinton | F46: =IF(D46="","",VLOOKUP(D46,Master,4,FALSE)) -> Barnard | G46: =IF(D46="","",VLOOKUP(D46,Master,5,FALSE)) -> Men Senior | H46: =IF(D46="","",VLOOKUP(D46,Master,2,FALSE)) -> xHenties Bay | J46: Guitarfish - Lesser | K46: 75 | L46: =IF(K46="","",IF(I46="",ROUND(HLOOKUP(J46,kgList,K46,FALSE),1),ROUND(HLOOKUP(I46,kgList,K46,FALSE),1))) -> 1.5 | M46: =IF(L46="","",IF(COUNTA(I46:J46)>1,"Edible or Inedible",IF(COUNTA(I46)=1,L46*1,IF(COUNTA(J46)=1,L46*1,"ERROR")))) -> 1.5
A47: =IF(D47="","",A46) -> 2023-NAT-01 | B47: =IF(D47="","",B46) -> 45001 | C47: =IF(D47="","",C46) -> Day 1 | D47: N0851 | E47: =IF(D47="","",VLOOKUP(D47,Master,3,FALSE)) -> Ricku | F47: =IF(D47="","",VLOOKUP(D47,Master,4,FALSE)) -> Mans | G47: =IF(D47="","",VLOOKUP(D47,Master,5,FALSE)) -> Men Senior | H47: =IF(D47="","",VLOOKUP(D47,Master,2,FALSE)) -> Henties Bay | J47: Shark Spotted Gully | K47: 111 | L47: =IF(K47="","",IF(I47="",ROUND(HLOOKUP(J47,kgList,K47,FALSE),1),ROUND(HLOOKUP(I47,kgList,K47,FALSE),1))) -> 6.2 | M47: =IF(L47="","",IF(COUNTA(I47:J47)>1,"Edible or Inedible",IF(COUNTA(I47)=1,L47*1,IF(COUNTA(J47)=1,L47*1,"ERROR")))) -> 6.2
A48: =IF(D48="","",A47) -> 2023-NAT-01 | B48: =IF(D48="","",B47) -> 45001 | C48: =IF(D48="","",C47) -> Day 1 | D48: N0851 | E48: =IF(D48="","",VLOOKUP(D48,Master,3,FALSE)) -> Ricku | F48: =IF(D48="","",VLOOKUP(D48,Master,4,FALSE)) -> Mans | G48: =IF(D48="","",VLOOKUP(D48,Master,5,FALSE)) -> Men Senior | H48: =IF(D48="","",VLOOKUP(D48,Master,2,FALSE)) -> Henties Bay | J48: Ray Bull / Eagle | K48: 75 | L48: =IF(K48="","",IF(I48="",ROUND(HLOOKUP(J48,kgList,K48,FALSE),1),ROUND(HLOOKUP(I48,kgList,K48,FALSE),1))) -> 7.7 | M48: =IF(L48="","",IF(COUNTA(I48:J48)>1,"Edible or Inedible",IF(COUNTA(I48)=1,L48*1,IF(COUNTA(J48)=1,L48*1,"ERROR")))) -> 7.7
A49: =IF(D49="","",A48) -> 2023-NAT-01 | B49: =IF(D49="","",B48) -> 45001 | C49: =IF(D49="","",C48) -> Day 1 | D49: N0851 | E49: =IF(D49="","",VLOOKUP(D49,Master,3,FALSE)) -> Ricku | F49: =IF(D49="","",VLOOKUP(D49,Master,4,FALSE)) -> Mans | G49: =IF(D49="","",VLOOKUP(D49,Master,5,FALSE)) -> Men Senior | H49: =IF(D49="","",VLOOKUP(D49,Master,2,FALSE)) -> Henties Bay | I49: Kob | K49: 44 | L49: =IF(K49="","",IF(I49="",ROUND(HLOOKUP(J49,kgList,K49,FALSE),1),ROUND(HLOOKUP(I49,kgList,K49,FALSE),1))) -> 0.9 | M49: =IF(L49="","",IF(COUNTA(I49:J49)>1,"Edible or Inedible",IF(COUNTA(I49)=1,L49*1,IF(COUNTA(J49)=1,L49*1,"ERROR")))) -> 0.9
A50: =IF(D50="","",A49) -> 2023-NAT-01 | B50: =IF(D50="","",B49) -> 45001 | C50: =IF(D50="","",C49) -> Day 1 | D50: N0678 | E50: =IF(D50="","",VLOOKUP(D50,Master,3,FALSE)) -> Jacomine | F50: =IF(D50="","",VLOOKUP(D50,Master,4,FALSE)) -> Heath | G50: =IF(D50="","",VLOOKUP(D50,Master,5,FALSE)) -> Ladies Senior | H50: =IF(D50="","",VLOOKUP(D50,Master,2,FALSE)) -> Steenbras | J50: Shark Spotted Gully | K50: 153 | L50: =IF(K50="","",IF(I50="",ROUND(HLOOKUP(J50,kgList,K50,FALSE),1),ROUND(HLOOKUP(I50,kgList,K50,FALSE),1))) -> 18.6 | M50: =IF(L50="","",IF(COUNTA(I50:J50)>1,"Edible or Inedible",IF(COUNTA(I50)=1,L50*1,IF(COUNTA(J50)=1,L50*1,"ERROR")))) -> 18.6
A51: =IF(D51="","",A50) -> 2023-NAT-01 | B51: =IF(D51="","",B50) -> 45001 | C51: =IF(D51="","",C50) -> Day 1 | D51: N0114 | E51: =IF(D51="","",VLOOKUP(D51,Master,3,FALSE)) -> Michele | F51: =IF(D51="","",VLOOKUP(D51,Master,4,FALSE)) -> Andersen | G51: =IF(D51="","",VLOOKUP(D51,Master,5,FALSE)) -> Ladies Grand Masters | H51: =IF(D51="","",VLOOKUP(D51,Master,2,FALSE)) -> Henties Bay | I51: Kob | K51: 41 | L51: =IF(K51="","",IF(I51="",ROUND(HLOOKUP(J51,kgList,K51,FALSE),1),ROUND(HLOOKUP(I51,kgList,K51,FALSE),1))) -> 0.7 | M51: =IF(L51="","",IF(COUNTA(I51:J51)>1,"Edible or Inedible",IF(COUNTA(I51)=1,L51*1,IF(COUNTA(J51)=1,L51*1,"ERROR")))) -> 0.7
A52: =IF(D52="","",A51) -> 2023-NAT-01 | B52: =IF(D52="","",B51) -> 45001 | C52: =IF(D52="","",C51) -> Day 1 | D52: N0114 | E52: =IF(D52="","",VLOOKUP(D52,Master,3,FALSE)) -> Michele | F52: =IF(D52="","",VLOOKUP(D52,Master,4,FALSE)) -> Andersen | G52: =IF(D52="","",VLOOKUP(D52,Master,5,FALSE)) -> Ladies Grand Masters | H52: =IF(D52="","",VLOOKUP(D52,Master,2,FALSE)) -> Henties Bay | J52: Shark Soupfin | K52: 83 | L52: =IF(K52="","",IF(I52="",ROUND(HLOOKUP(J52,kgList,K52,FALSE),1),ROUND(HLOOKUP(I52,kgList,K52,FALSE),1))) -> 7 | M52: =IF(L52="","",IF(COUNTA(I52:J52)>1,"Edible or Inedible",IF(COUNTA(I52)=1,L52*1,IF(COUNTA(J52)=1,L52*1,"ERROR")))) -> 7
A53: =IF(D53="","",A52) -> 2023-NAT-01 | B53: =IF(D53="","",B52) -> 45001 | C53: =IF(D53="","",C52) -> Day 1 | D53: N0095 | E53: =IF(D53="","",VLOOKUP(D53,Master,3,FALSE)) -> Simen | F53: =IF(D53="","",VLOOKUP(D53,Master,4,FALSE)) -> Andersen | G53: =IF(D53="","",VLOOKUP(D53,Master,5,FALSE)) -> Men Grand Masters | H53: =IF(D53="","",VLOOKUP(D53,Master,2,FALSE)) -> Henties Bay | J53: Shark Spotted Gully | K53: 126 | L53: =IF(K53="","",IF(I53="",ROUND(HLOOKUP(J53,kgList,K53,FALSE),1),ROUND(HLOOKUP(I53,kgList,K53,FALSE),1))) -> 9.6 | M53: =IF(L53="","",IF(COUNTA(I53:J53)>1,"Edible or Inedible",IF(COUNTA(I53)=1,L53*1,IF(COUNTA(J53)=1,L53*1,"ERROR")))) -> 9.6
A54: =IF(D54="","",A53) -> 2023-NAT-01 | B54: =IF(D54="","",B53) -> 45001 | C54: =IF(D54="","",C53) -> Day 1 | D54: N0095 | E54: =IF(D54="","",VLOOKUP(D54,Master,3,FALSE)) -> Simen | F54: =IF(D54="","",VLOOKUP(D54,Master,4,FALSE)) -> Andersen | G54: =IF(D54="","",VLOOKUP(D54,Master,5,FALSE)) -> Men Grand Masters | H54: =IF(D54="","",VLOOKUP(D54,Master,2,FALSE)) -> Henties Bay | J54: Shark Spotted Gully | K54: 102 | L54: =IF(K54="","",IF(I54="",ROUND(HLOOKUP(J54,kgList,K54,FALSE),1),ROUND(HLOOKUP(I54,kgList,K54,FALSE),1))) -> 4.6 | M54: =IF(L54="","",IF(COUNTA(I54:J54)>1,"Edible or Inedible",IF(COUNTA(I54)=1,L54*1,IF(COUNTA(J54)=1,L54*1,"ERROR")))) -> 4.6
A55: =IF(D55="","",A54) -> 2023-NAT-01 | B55: =IF(D55="","",B54) -> 45001 | C55: =IF(D55="","",C54) -> Day 1 | D55: N0095 | E55: =IF(D55="","",VLOOKUP(D55,Master,3,FALSE)) -> Simen | F55: =IF(D55="","",VLOOKUP(D55,Master,4,FALSE)) -> Andersen | G55: =IF(D55="","",VLOOKUP(D55,Master,5,FALSE)) -> Men Grand Masters | H55: =IF(D55="","",VLOOKUP(D55,Master,2,FALSE)) -> Henties Bay | J55: Guitarfish - Lesser | K55: 91 | L55: =IF(K55="","",IF(I55="",ROUND(HLOOKUP(J55,kgList,K55,FALSE),1),ROUND(HLOOKUP(I55,kgList,K55,FALSE),1))) -> 2.8 | M55: =IF(L55="","",IF(COUNTA(I55:J55)>1,"Edible or Inedible",IF(COUNTA(I55)=1,L55*1,IF(COUNTA(J55)=1,L55*1,"ERROR")))) -> 2.8
A56: =IF(D56="","",A55) -> 2023-NAT-01 | B56: =IF(D56="","",B55) -> 45001 | C56: =IF(D56="","",C55) -> Day 1 | D56: N0095 | E56: =IF(D56="","",VLOOKUP(D56,Master,3,FALSE)) -> Simen | F56: =IF(D56="","",VLOOKUP(D56,Master,4,FALSE)) -> Andersen | G56: =IF(D56="","",VLOOKUP(D56,Master,5,FALSE)) -> Men Grand Masters | H56: =IF(D56="","",VLOOKUP(D56,Master,2,FALSE)) -> Henties Bay | I56: Kob | K56: 50 | L56: =IF(K56="","",IF(I56="",ROUND(HLOOKUP(J56,kgList,K56,FALSE),1),ROUND(HLOOKUP(I56,kgList,K56,FALSE),1))) -> 1.3 | M56: =IF(L56="","",IF(COUNTA(I56:J56)>1,"Edible or Inedible",IF(COUNTA(I56)=1,L56*1,IF(COUNTA(J56)=1,L56*1,"ERROR")))) -> 1.3
A57: =IF(D57="","",A56) -> 2023-NAT-01 | B57: =IF(D57="","",B56) -> 45001 | C57: =IF(D57="","",C56) -> Day 1 | D57: N0031 | E57: =IF(D57="","",VLOOKUP(D57,Master,3,FALSE)) -> Emil | F57: =IF(D57="","",VLOOKUP(D57,Master,4,FALSE)) -> Prinsloo | G57: =IF(D57="","",VLOOKUP(D57,Master,5,FALSE)) -> Men Veteran | H57: =IF(D57="","",VLOOKUP(D57,Master,2,FALSE)) -> Henties Bay | J57: Shark Hound Smooth | K57: 106 | L57: =IF(K57="","",IF(I57="",ROUND(HLOOKUP(J57,kgList,K57,FALSE),1),ROUND(HLOOKUP(I57,kgList,K57,FALSE),1))) -> 4.5 | M57: =IF(L57="","",IF(COUNTA(I57:J57)>1,"Edible or Inedible",IF(COUNTA(I57)=1,L57*1,IF(COUNTA(J57)=1,L57*1,"ERROR")))) -> 4.5
A58: =IF(D58="","",A57) -> 2023-NAT-01 | B58: =IF(D58="","",B57) -> 45001 | C58: =IF(D58="","",C57) -> Day 1 | D58: N0031 | E58: =IF(D58="","",VLOOKUP(D58,Master,3,FALSE)) -> Emil | F58: =IF(D58="","",VLOOKUP(D58,Master,4,FALSE)) -> Prinsloo | G58: =IF(D58="","",VLOOKUP(D58,Master,5,FALSE)) -> Men Veteran | H58: =IF(D58="","",VLOOKUP(D58,Master,2,FALSE)) -> Henties Bay | J58: Shark Spotted Gully | K58: 113 | L58: =IF(K58="","",IF(I58="",ROUND(HLOOKUP(J58,kgList,K58,FALSE),1),ROUND(HLOOKUP(I58,kgList,K58,FALSE),1))) -> 6.6 | M58: =IF(L58="","",IF(COUNTA(I58:J58)>1,"Edible or Inedible",IF(COUNTA(I58)=1,L58*1,IF(COUNTA(J58)=1,L58*1,"ERROR")))) -> 6.6
A59: =IF(D59="","",A58) -> 2023-NAT-01 | B59: =IF(D59="","",B58) -> 45001 | C59: =IF(D59="","",C58) -> Day 1 | D59: N0031 | E59: =IF(D59="","",VLOOKUP(D59,Master,3,FALSE)) -> Emil | F59: =IF(D59="","",VLOOKUP(D59,Master,4,FALSE)) -> Prinsloo | G59: =IF(D59="","",VLOOKUP(D59,Master,5,FALSE)) -> Men Veteran | H59: =IF(D59="","",VLOOKUP(D59,Master,2,FALSE)) -> Henties Bay | J59: Shark Spotted Gully | K59: 103 | L59: =IF(K59="","",IF(I59="",ROUND(HLOOKUP(J59,kgList,K59,FALSE),1),ROUND(HLOOKUP(I59,kgList,K59,FALSE),1))) -> 4.8 | M59: =IF(L59="","",IF(COUNTA(I59:J59)>1,"Edible or Inedible",IF(COUNTA(I59)=1,L59*1,IF(COUNTA(J59)=1,L59*1,"ERROR")))) -> 4.8
A60: =IF(D60="","",A59) -> 2023-NAT-01 | B60: =IF(D60="","",B59) -> 45001 | C60: =IF(D60="","",C59) -> Day 1 | D60: N0031 | E60: =IF(D60="","",VLOOKUP(D60,Master,3,FALSE)) -> Emil | F60: =IF(D60="","",VLOOKUP(D60,Master,4,FALSE)) -> Prinsloo | G60: =IF(D60="","",VLOOKUP(D60,Master,5,FALSE)) -> Men Veteran | H60: =IF(D60="","",VLOOKUP(D60,Master,2,FALSE)) -> Henties Bay | J60: Shark Spotted Gully | K60: 105 | L60: =IF(K60="","",IF(I60="",ROUND(HLOOKUP(J60,kgList,K60,FALSE),1),ROUND(HLOOKUP(I60,kgList,K60,FALSE),1))) -> 5.1 | M60: =IF(L60="","",IF(COUNTA(I60:J60)>1,"Edible or Inedible",IF(COUNTA(I60)=1,L60*1,IF(COUNTA(J60)=1,L60*1,"ERROR")))) -> 5.1
A61: =IF(D61="","",A60) -> 2023-NAT-01 | B61: =IF(D61="","",B60) -> 45001 | C61: =IF(D61="","",C60) -> Day 1 | D61: N0031 | E61: =IF(D61="","",VLOOKUP(D61,Master,3,FALSE)) -> Emil | F61: =IF(D61="","",VLOOKUP(D61,Master,4,FALSE)) -> Prinsloo | G61: =IF(D61="","",VLOOKUP(D61,Master,5,FALSE)) -> Men Veteran | H61: =IF(D61="","",VLOOKUP(D61,Master,2,FALSE)) -> Henties Bay | J61: Shark Spotted Gully | K61: 108 | L61: =IF(K61="","",IF(I61="",ROUND(HLOOKUP(J61,kgList,K61,FALSE),1),ROUND(HLOOKUP(I61,kgList,K61,FALSE),1))) -> 5.6 | M61: =IF(L61="","",IF(COUNTA(I61:J61)>1,"Edible or Inedible",IF(COUNTA(I61)=1,L61*1,IF(COUNTA(J61)=1,L61*1,"ERROR")))) -> 5.6
A62: =IF(D62="","",A61) -> 2023-NAT-01 | B62: =IF(D62="","",B61) -> 45001 | C62: =IF(D62="","",C61) -> Day 1 | D62: N0031 | E62: =IF(D62="","",VLOOKUP(D62,Master,3,FALSE)) -> Emil | F62: =IF(D62="","",VLOOKUP(D62,Master,4,FALSE)) -> Prinsloo | G62: =IF(D62="","",VLOOKUP(D62,Master,5,FALSE)) -> Men Veteran | H62: =IF(D62="","",VLOOKUP(D62,Master,2,FALSE)) -> Henties Bay | J62: Shark Spotted Gully | K62: 141 | L62: =IF(K62="","",IF(I62="",ROUND(HLOOKUP(J62,kgList,K62,FALSE),1),ROUND(HLOOKUP(I62,kgList,K62,FALSE),1))) -> 14.1 | M62: =IF(L62="","",IF(COUNTA(I62:J62)>1,"Edible or Inedible",IF(COUNTA(I62)=1,L62*1,IF(COUNTA(J62)=1,L62*1,"ERROR")))) -> 14.1
A63: =IF(D63="","",A62) -> 2023-NAT-01 | B63: =IF(D63="","",B62) -> 45001 | C63: =IF(D63="","",C62) -> Day 1 | D63: N0031 | E63: =IF(D63="","",VLOOKUP(D63,Master,3,FALSE)) -> Emil | F63: =IF(D63="","",VLOOKUP(D63,Master,4,FALSE)) -> Prinsloo | G63: =IF(D63="","",VLOOKUP(D63,Master,5,FALSE)) -> Men Veteran | H63: =IF(D63="","",VLOOKUP(D63,Master,2,FALSE)) -> Henties Bay | J63: Shark Spotted Gully | K63: 149 | L63: =IF(K63="","",IF(I63="",ROUND(HLOOKUP(J63,kgList,K63,FALSE),1),ROUND(HLOOKUP(I63,kgList,K63,FALSE),1))) -> 17 | M63: =IF(L63="","",IF(COUNTA(I63:J63)>1,"Edible or Inedible",IF(COUNTA(I63)=1,L63*1,IF(COUNTA(J63)=1,L63*1,"ERROR")))) -> 17
A64: =IF(D64="","",A63) -> 2023-NAT-01 | B64: =IF(D64="","",B63) -> 45001 | C64: =IF(D64="","",C63) -> Day 1 | D64: N0031 | E64: =IF(D64="","",VLOOKUP(D64,Master,3,FALSE)) -> Emil | F64: =IF(D64="","",VLOOKUP(D64,Master,4,FALSE)) -> Prinsloo | G64: =IF(D64="","",VLOOKUP(D64,Master,5,FALSE)) -> Men Veteran | H64: =IF(D64="","",VLOOKUP(D64,Master,2,FALSE)) -> Henties Bay | J64: Shark Spotted Gully | K64: 127 | L64: =IF(K64="","",IF(I64="",ROUND(HLOOKUP(J64,kgList,K64,FALSE),1),ROUND(HLOOKUP(I64,kgList,K64,FALSE),1))) -> 9.8 | M64: =IF(L64="","",IF(COUNTA(I64:J64)>1,"Edible or Inedible",IF(COUNTA(I64)=1,L64*1,IF(COUNTA(J64)=1,L64*1,"ERROR")))) -> 9.8
A65: =IF(D65="","",A64) -> 2023-NAT-01 | B65: =IF(D65="","",B64) -> 45001 | C65: =IF(D65="","",C64) -> Day 1 | D65: N0588 | E65: =IF(D65="","",VLOOKUP(D65,Master,3,FALSE)) -> Lourens | F65: =IF(D65="","",VLOOKUP(D65,Master,4,FALSE)) -> Fourie | G65: =IF(D65="","",VLOOKUP(D65,Master,5,FALSE)) -> Men Master | H65: =IF(D65="","",VLOOKUP(D65,Master,2,FALSE)) -> Henties Bay | J65: Shark Spotted Gully | K65: 130 | L65: =IF(K65="","",IF(I65="",ROUND(HLOOKUP(J65,kgList,K65,FALSE),1),ROUND(HLOOKUP(I65,kgList,K65,FALSE),1))) -> 10.7 | M65: =IF(L65="","",IF(COUNTA(I65:J65)>1,"Edible or Inedible",IF(COUNTA(I65)=1,L65*1,IF(COUNTA(J65)=1,L65*1,"ERROR")))) -> 10.7
A66: =IF(D66="","",A65) -> 2023-NAT-01 | B66: =IF(D66="","",B65) -> 45001 | C66: =IF(D66="","",C65) -> Day 1 | D66: N0667 | E66: =IF(D66="","",VLOOKUP(D66,Master,3,FALSE)) -> Nadine | F66: =IF(D66="","",VLOOKUP(D66,Master,4,FALSE)) -> Downing | G66: =IF(D66="","",VLOOKUP(D66,Master,5,FALSE)) -> Ladies Master | H66: =IF(D66="","",VLOOKUP(D66,Master,2,FALSE)) -> Henties Bay | J66: Shark Spotted Gully | K66: 149 | L66: =IF(K66="","",IF(I66="",ROUND(HLOOKUP(J66,kgList,K66,FALSE),1),ROUND(HLOOKUP(I66,kgList,K66,FALSE),1))) -> 17 | M66: =IF(L66="","",IF(COUNTA(I66:J66)>1,"Edible or Inedible",IF(COUNTA(I66)=1,L66*1,IF(COUNTA(J66)=1,L66*1,"ERROR")))) -> 17
A67: =IF(D67="","",A66) -> 2023-NAT-01 | B67: =IF(D67="","",B66) -> 45001 | C67: =IF(D67="","",C66) -> Day 1 | D67: N0709 | E67: =IF(D67="","",VLOOKUP(D67,Master,3,FALSE)) -> Tiaan | F67: =IF(D67="","",VLOOKUP(D67,Master,4,FALSE)) -> Fourie | G67: =IF(D67="","",VLOOKUP(D67,Master,5,FALSE)) -> Men Senior | H67: =IF(D67="","",VLOOKUP(D67,Master,2,FALSE)) -> Henties Bay | L67: =IF(K67="","",IF(I67="",ROUND(HLOOKUP(J67,kgList,K67,FALSE),1),ROUND(HLOOKUP(I67,kgList,K67,FALSE),1))) | M67: =IF(L67="","",IF(COUNTA(I67:J67)>1,"Edible or Inedible",IF(COUNTA(I67)=1,L67*1,IF(COUNTA(J67)=1,L67*1,"ERROR"))))
A68: =IF(D68="","",A67) -> 2023-NAT-01 | B68: =IF(D68="","",B67) -> 45001 | C68: =IF(D68="","",C67) -> Day 1 | D68: N0287 | E68: =IF(D68="","",VLOOKUP(D68,Master,3,FALSE)) -> Jorg | F68: =IF(D68="","",VLOOKUP(D68,Master,4,FALSE)) -> Walder | G68: =IF(D68="","",VLOOKUP(D68,Master,5,FALSE)) -> Men Master | H68: =IF(D68="","",VLOOKUP(D68,Master,2,FALSE)) -> Mako | J68: Shark Spotted Gully | K68: 148 | L68: =IF(K68="","",IF(I68="",ROUND(HLOOKUP(J68,kgList,K68,FALSE),1),ROUND(HLOOKUP(I68,kgList,K68,FALSE),1))) -> 16.6 | M68: =IF(L68="","",IF(COUNTA(I68:J68)>1,"Edible or Inedible",IF(COUNTA(I68)=1,L68*1,IF(COUNTA(J68)=1,L68*1,"ERROR")))) -> 16.6
A69: =IF(D69="","",A68) -> 2023-NAT-01 | B69: =IF(D69="","",B68) -> 45001 | C69: =IF(D69="","",C68) -> Day 1 | D69: N0540 | E69: =IF(D69="","",VLOOKUP(D69,Master,3,FALSE)) -> Murray | F69: =IF(D69="","",VLOOKUP(D69,Master,4,FALSE)) -> Lewis | G69: =IF(D69="","",VLOOKUP(D69,Master,5,FALSE)) -> Men Veteran | H69: =IF(D69="","",VLOOKUP(D69,Master,2,FALSE)) -> Mako | J69: Shark Spotted Gully | K69: 146 | L69: =IF(K69="","",IF(I69="",ROUND(HLOOKUP(J69,kgList,K69,FALSE),1),ROUND(HLOOKUP(I69,kgList,K69,FALSE),1))) -> 15.9 | M69: =IF(L69="","",IF(COUNTA(I69:J69)>1,"Edible or Inedible",IF(COUNTA(I69)=1,L69*1,IF(COUNTA(J69)=1,L69*1,"ERROR")))) -> 15.9
A70: =IF(D70="","",A69) -> 2023-NAT-01 | B70: =IF(D70="","",B69) -> 45001 | C70: =IF(D70="","",C69) -> Day 1 | D70: N0496 | E70: =IF(D70="","",VLOOKUP(D70,Master,3,FALSE)) -> Rudi | F70: =IF(D70="","",VLOOKUP(D70,Master,4,FALSE)) -> Swartz | G70: =IF(D70="","",VLOOKUP(D70,Master,5,FALSE)) -> Men Veteran | H70: =IF(D70="","",VLOOKUP(D70,Master,2,FALSE)) -> Mako | J70: Guitarfish - Lesser | K70: 78 | L70: =IF(K70="","",IF(I70="",ROUND(HLOOKUP(J70,kgList,K70,FALSE),1),ROUND(HLOOKUP(I70,kgList,K70,FALSE),1))) -> 1.7 | M70: =IF(L70="","",IF(COUNTA(I70:J70)>1,"Edible or Inedible",IF(COUNTA(I70)=1,L70*1,IF(COUNTA(J70)=1,L70*1,"ERROR")))) -> 1.7
A71: =IF(D71="","",A70) -> 2023-NAT-01 | B71: =IF(D71="","",B70) -> 45001 | C71: =IF(D71="","",C70) -> Day 1 | D71: N0002 | E71: =IF(D71="","",VLOOKUP(D71,Master,3,FALSE)) -> Marco | F71: =IF(D71="","",VLOOKUP(D71,Master,4,FALSE)) -> Klein | G71: =IF(D71="","",VLOOKUP(D71,Master,5,FALSE)) -> Men Veteran | H71: =IF(D71="","",VLOOKUP(D71,Master,2,FALSE)) -> Mako | J71: Shark Spotted Gully | K71: 152 | L71: =IF(K71="","",IF(I71="",ROUND(HLOOKUP(J71,kgList,K71,FALSE),1),ROUND(HLOOKUP(I71,kgList,K71,FALSE),1))) -> 18.2 | M71: =IF(L71="","",IF(COUNTA(I71:J71)>1,"Edible or Inedible",IF(COUNTA(I71)=1,L71*1,IF(COUNTA(J71)=1,L71*1,"ERROR")))) -> 18.2
A72: =IF(D72="","",A71) -> 2023-NAT-01 | B72: =IF(D72="","",B71) -> 45001 | C72: =IF(D72="","",C71) -> Day 1 | D72: N0002 | E72: =IF(D72="","",VLOOKUP(D72,Master,3,FALSE)) -> Marco | F72: =IF(D72="","",VLOOKUP(D72,Master,4,FALSE)) -> Klein | G72: =IF(D72="","",VLOOKUP(D72,Master,5,FALSE)) -> Men Veteran | H72: =IF(D72="","",VLOOKUP(D72,Master,2,FALSE)) -> Mako | J72: Shark Spotted Gully | K72: 150 | L72: =IF(K72="","",IF(I72="",ROUND(HLOOKUP(J72,kgList,K72,FALSE),1),ROUND(HLOOKUP(I72,kgList,K72,FALSE),1))) -> 17.4 | M72: =IF(L72="","",IF(COUNTA(I72:J72)>1,"Edible or Inedible",IF(COUNTA(I72)=1,L72*1,IF(COUNTA(J72)=1,L72*1,"ERROR")))) -> 17.4
A73: =IF(D73="","",A72) -> 2023-NAT-01 | B73: =IF(D73="","",B72) -> 45001 | C73: =IF(D73="","",C72) -> Day 1 | D73: N0002 | E73: =IF(D73="","",VLOOKUP(D73,Master,3,FALSE)) -> Marco | F73: =IF(D73="","",VLOOKUP(D73,Master,4,FALSE)) -> Klein | G73: =IF(D73="","",VLOOKUP(D73,Master,5,FALSE)) -> Men Veteran | H73: =IF(D73="","",VLOOKUP(D73,Master,2,FALSE)) -> Mako | J73: Shark Spotted Gully | K73: 106 | L73: =IF(K73="","",IF(I73="",ROUND(HLOOKUP(J73,kgList,K73,FALSE),1),ROUND(HLOOKUP(I73,kgList,K73,FALSE),1))) -> 5.3 | M73: =IF(L73="","",IF(COUNTA(I73:J73)>1,"Edible or Inedible",IF(COUNTA(I73)=1,L73*1,IF(COUNTA(J73)=1,L73*1,"ERROR")))) -> 5.3
A74: =IF(D74="","",A73) -> 2023-NAT-01 | B74: =IF(D74="","",B73) -> 45001 | C74: =IF(D74="","",C73) -> Day 1 | D74: N0002 | E74: =IF(D74="","",VLOOKUP(D74,Master,3,FALSE)) -> Marco | F74: =IF(D74="","",VLOOKUP(D74,Master,4,FALSE)) -> Klein | G74: =IF(D74="","",VLOOKUP(D74,Master,5,FALSE)) -> Men Veteran | H74: =IF(D74="","",VLOOKUP(D74,Master,2,FALSE)) -> Mako | J74: Elephantfish | K74: 77 | L74: =IF(K74="","",IF(I74="",ROUND(HLOOKUP(J74,kgList,K74,FALSE),1),ROUND(HLOOKUP(I74,kgList,K74,FALSE),1))) -> 3.6 | M74: =IF(L74="","",IF(COUNTA(I74:J74)>1,"Edible or Inedible",IF(COUNTA(I74)=1,L74*1,IF(COUNTA(J74)=1,L74*1,"ERROR")))) -> 3.6
A75: =IF(D75="","",A74) -> 2023-NAT-01 | B75: =IF(D75="","",B74) -> 45001 | C75: =IF(D75="","",C74) -> Day 1 | D75: N0002 | E75: =IF(D75="","",VLOOKUP(D75,Master,3,FALSE)) -> Marco | F75: =IF(D75="","",VLOOKUP(D75,Master,4,FALSE)) -> Klein | G75: =IF(D75="","",VLOOKUP(D75,Master,5,FALSE)) -> Men Veteran | H75: =IF(D75="","",VLOOKUP(D75,Master,2,FALSE)) -> Mako | J75: Shark Hound Smooth | K75: 75 | L75: =IF(K75="","",IF(I75="",ROUND(HLOOKUP(J75,kgList,K75,FALSE),1),ROUND(HLOOKUP(I75,kgList,K75,FALSE),1))) -> 1.3 | M75: =IF(L75="","",IF(COUNTA(I75:J75)>1,"Edible or Inedible",IF(COUNTA(I75)=1,L75*1,IF(COUNTA(J75)=1,L75*1,"ERROR")))) -> 1.3
A76: =IF(D76="","",A75) -> 2023-NAT-01 | B76: =IF(D76="","",B75) -> 45001 | C76: =IF(D76="","",C75) -> Day 1 | D76: N0318 | E76: =IF(D76="","",VLOOKUP(D76,Master,3,FALSE)) -> Theo | F76: =IF(D76="","",VLOOKUP(D76,Master,4,FALSE)) -> Wormsbaecher | G76: =IF(D76="","",VLOOKUP(D76,Master,5,FALSE)) -> Men Senior | H76: =IF(D76="","",VLOOKUP(D76,Master,2,FALSE)) -> Mako | J76: Shark Spotted Gully | K76: 151 | L76: =IF(K76="","",IF(I76="",ROUND(HLOOKUP(J76,kgList,K76,FALSE),1),ROUND(HLOOKUP(I76,kgList,K76,FALSE),1))) -> 17.8 | M76: =IF(L76="","",IF(COUNTA(I76:J76)>1,"Edible or Inedible",IF(COUNTA(I76)=1,L76*1,IF(COUNTA(J76)=1,L76*1,"ERROR")))) -> 17.8
A77: =IF(D77="","",A76) -> 2023-NAT-01 | B77: =IF(D77="","",B76) -> 45001 | C77: =IF(D77="","",C76) -> Day 1 | D77: N0035 | E77: =IF(D77="","",VLOOKUP(D77,Master,3,FALSE)) -> Johan | F77: =IF(D77="","",VLOOKUP(D77,Master,4,FALSE)) -> Van Wyk | G77: =IF(D77="","",VLOOKUP(D77,Master,5,FALSE)) -> Men Veteran | H77: =IF(D77="","",VLOOKUP(D77,Master,2,FALSE)) -> Mako | J77: Shark Spotted Gully | K77: 127 | L77: =IF(K77="","",IF(I77="",ROUND(HLOOKUP(J77,kgList,K77,FALSE),1),ROUND(HLOOKUP(I77,kgList,K77,FALSE),1))) -> 9.8 | M77: =IF(L77="","",IF(COUNTA(I77:J77)>1,"Edible or Inedible",IF(COUNTA(I77)=1,L77*1,IF(COUNTA(J77)=1,L77*1,"ERROR")))) -> 9.8
A78: =IF(D78="","",A77) -> 2023-NAT-01 | B78: =IF(D78="","",B77) -> 45001 | C78: =IF(D78="","",C77) -> Day 1 | D78: N0035 | E78: =IF(D78="","",VLOOKUP(D78,Master,3,FALSE)) -> Johan | F78: =IF(D78="","",VLOOKUP(D78,Master,4,FALSE)) -> Van Wyk | G78: =IF(D78="","",VLOOKUP(D78,Master,5,FALSE)) -> Men Veteran | H78: =IF(D78="","",VLOOKUP(D78,Master,2,FALSE)) -> Mako | J78: Shark Spotted Gully | K78: 125 | L78: =IF(K78="","",IF(I78="",ROUND(HLOOKUP(J78,kgList,K78,FALSE),1),ROUND(HLOOKUP(I78,kgList,K78,FALSE),1))) -> 9.3 | M78: =IF(L78="","",IF(COUNTA(I78:J78)>1,"Edible or Inedible",IF(COUNTA(I78)=1,L78*1,IF(COUNTA(J78)=1,L78*1,"ERROR")))) -> 9.3
A79: =IF(D79="","",A78) -> 2023-NAT-01 | B79: =IF(D79="","",B78) -> 45001 | C79: =IF(D79="","",C78) -> Day 1 | D79: N0019 | E79: =IF(D79="","",VLOOKUP(D79,Master,3,FALSE)) -> Johan | F79: =IF(D79="","",VLOOKUP(D79,Master,4,FALSE)) -> Visser | G79: =IF(D79="","",VLOOKUP(D79,Master,5,FALSE)) -> Men Veteran | H79: =IF(D79="","",VLOOKUP(D79,Master,2,FALSE)) -> Mako | J79: Shark Spotted Gully | K79: 149 | L79: =IF(K79="","",IF(I79="",ROUND(HLOOKUP(J79,kgList,K79,FALSE),1),ROUND(HLOOKUP(I79,kgList,K79,FALSE),1))) -> 17 | M79: =IF(L79="","",IF(COUNTA(I79:J79)>1,"Edible or Inedible",IF(COUNTA(I79)=1,L79*1,IF(COUNTA(J79)=1,L79*1,"ERROR")))) -> 17
... A85: =IF(D85="","",A84) -> 2023-NAT-01 | B85: =IF(D85="","",B84) -> 45001 | C85: =IF(D85="","",C84) -> Day 1 | D85: N0531 | E85: =IF(D85="","",VLOOKUP(D85,Master,3,FALSE)) -> Rudi(Jnr.) | F85: =IF(D85="","",VLOOKUP(D85,Master,4,FALSE)) -> Swartz | G85: =IF(D85="","",VLOOKUP(D85,Master,5,FALSE)) -> Men Seniors / U/21 | H85: =IF(D85="","",VLOOKUP(D85,Master,2,FALSE)) -> Mako | J85: Shark Spotted Gully | K85: 132 | L85: =IF(K85="","",IF(I85="",ROUND(HLOOKUP(J85,kgList,K85,FALSE),1),ROUND(HLOOKUP(I85,kgList,K85,FALSE),1))) -> 11.2 | M85: =IF(L85="","",IF(COUNTA(I85:J85)>1,"Edible or Inedible",IF(COUNTA(I85)=1,L85*1,IF(COUNTA(J85)=1,L85*1,"ERROR")))) -> 11.2
A86: =IF(D86="","",A85) -> 2023-NAT-01 | B86: =IF(D86="","",B85) -> 45001 | C86: =IF(D86="","",C85) -> Day 1 | D86: N0531 | E86: =IF(D86="","",VLOOKUP(D86,Master,3,FALSE)) -> Rudi(Jnr.) | F86: =IF(D86="","",VLOOKUP(D86,Master,4,FALSE)) -> Swartz | G86: =IF(D86="","",VLOOKUP(D86,Master,5,FALSE)) -> Men Seniors / U/21 | H86: =IF(D86="","",VLOOKUP(D86,Master,2,FALSE)) -> Mako | I86: Kob | K86: 59 | L86: =IF(K86="","",IF(I86="",ROUND(HLOOKUP(J86,kgList,K86,FALSE),1),ROUND(HLOOKUP(I86,kgList,K86,FALSE),1))) -> 2.1 | M86: =IF(L86="","",IF(COUNTA(I86:J86)>1,"Edible or Inedible",IF(COUNTA(I86)=1,L86*1,IF(COUNTA(J86)=1,L86*1,"ERROR")))) -> 2.1
A87: =IF(D87="","",A86) -> 2023-NAT-01 | B87: =IF(D87="","",B86) -> 45001 | C87: =IF(D87="","",C86) -> Day 1 | D87: N0404 | E87: =IF(D87="","",VLOOKUP(D87,Master,3,FALSE)) -> Renate | F87: =IF(D87="","",VLOOKUP(D87,Master,4,FALSE)) -> Gruttemeyer | G87: =IF(D87="","",VLOOKUP(D87,Master,5,FALSE)) -> Ladies Grand Masters | H87: =IF(D87="","",VLOOKUP(D87,Master,2,FALSE)) -> Mako | J87: Elephantfish | K87: 57 | L87: =IF(K87="","",IF(I87="",ROUND(HLOOKUP(J87,kgList,K87,FALSE),1),ROUND(HLOOKUP(I87,kgList,K87,FALSE),1))) -> 1.5 | M87: =IF(L87="","",IF(COUNTA(I87:J87)>1,"Edible or Inedible",IF(COUNTA(I87)=1,L87*1,IF(COUNTA(J87)=1,L87*1,"ERROR")))) -> 1.5
A88: =IF(D88="","",A87) -> 2023-NAT-01 | B88: =IF(D88="","",B87) -> 45001 | C88: =IF(D88="","",C87) -> Day 1 | D88: N0404 | E88: =IF(D88="","",VLOOKUP(D88,Master,3,FALSE)) -> Renate | F88: =IF(D88="","",VLOOKUP(D88,Master,4,FALSE)) -> Gruttemeyer | G88: =IF(D88="","",VLOOKUP(D88,Master,5,FALSE)) -> Ladies Grand Masters | H88: =IF(D88="","",VLOOKUP(D88,Master,2,FALSE)) -> Mako | J88: Shark Spotted Gully | K88: 154 | L88: =IF(K88="","",IF(I88="",ROUND(HLOOKUP(J88,kgList,K88,FALSE),1),ROUND(HLOOKUP(I88,kgList,K88,FALSE),1))) -> 19.1 | M88: =IF(L88="","",IF(COUNTA(I88:J88)>1,"Edible or Inedible",IF(COUNTA(I88)=1,L88*1,IF(COUNTA(J88)=1,L88*1,"ERROR")))) -> 19.1
A89: =IF(D89="","",A88) -> 2023-NAT-01 | B89: =IF(D89="","",B88) -> 45001 | C89: =IF(D89="","",C88) -> Day 1 | D89: N0001 | E89: =IF(D89="","",VLOOKUP(D89,Master,3,FALSE)) -> Philip | F89: =IF(D89="","",VLOOKUP(D89,Master,4,FALSE)) -> Swartz | G89: =IF(D89="","",VLOOKUP(D89,Master,5,FALSE)) -> Men U/16 | H89: =IF(D89="","",VLOOKUP(D89,Master,2,FALSE)) -> Mako | J89: Shark Spotted Gully | K89: 98 | L89: =IF(K89="","",IF(I89="",ROUND(HLOOKUP(J89,kgList,K89,FALSE),1),ROUND(HLOOKUP(I89,kgList,K89,FALSE),1))) -> 4 | M89: =IF(L89="","",IF(COUNTA(I89:J89)>1,"Edible or Inedible",IF(COUNTA(I89)=1,L89*1,IF(COUNTA(J89)=1,L89*1,"ERROR")))) -> 4
A90: =IF(D90="","",A89) -> 2023-NAT-01 | B90: =IF(D90="","",B89) -> 45001 | C90: =IF(D90="","",C89) -> Day 1 | D90: N0399 | E90: =IF(D90="","",VLOOKUP(D90,Master,3,FALSE)) -> Org | F90: =IF(D90="","",VLOOKUP(D90,Master,4,FALSE)) -> Van Rensburg | G90: =IF(D90="","",VLOOKUP(D90,Master,5,FALSE)) -> Men Veteran | H90: =IF(D90="","",VLOOKUP(D90,Master,2,FALSE)) -> Mako | L90: =IF(K90="","",IF(I90="",ROUND(HLOOKUP(J90,kgList,K90,FALSE),1),ROUND(HLOOKUP(I90,kgList,K90,FALSE),1))) | M90: =IF(L90="","",IF(COUNTA(I90:J90)>1,"Edible or Inedible",IF(COUNTA(I90)=1,L90*1,IF(COUNTA(J90)=1,L90*1,"ERROR"))))
A91: =IF(D91="","",A90) -> 2023-NAT-01 | B91: =IF(D91="","",B90) -> 45001 | C91: =IF(D91="","",C90) -> Day 1 | D91: N0644 | E91: =IF(D91="","",VLOOKUP(D91,Master,3,FALSE)) -> Mark | F91: =IF(D91="","",VLOOKUP(D91,Master,4,FALSE)) -> Van Der Merwe | G91: =IF(D91="","",VLOOKUP(D91,Master,5,FALSE)) -> Men U/21 | H91: =IF(D91="","",VLOOKUP(D91,Master,2,FALSE)) -> Namib Park | I91: Kob | K91: 48 | L91: =IF(K91="","",IF(I91="",ROUND(HLOOKUP(J91,kgList,K91,FALSE),1),ROUND(HLOOKUP(I91,kgList,K91,FALSE),1))) -> 1.1 | M91: =IF(L91="","",IF(COUNTA(I91:J91)>1,"Edible or Inedible",IF(COUNTA(I91)=1,L91*1,IF(COUNTA(J91)=1,L91*1,"ERROR")))) -> 1.1
A92: =IF(D92="","",A91) -> 2023-NAT-01 | B92: =IF(D92="","",B91) -> 45001 | C92: =IF(D92="","",C91) -> Day 1 | D92: N0644 | E92: =IF(D92="","",VLOOKUP(D92,Master,3,FALSE)) -> Mark | F92: =IF(D92="","",VLOOKUP(D92,Master,4,FALSE)) -> Van Der Merwe | G92: =IF(D92="","",VLOOKUP(D92,Master,5,FALSE)) -> Men U/21 | H92: =IF(D92="","",VLOOKUP(D92,Master,2,FALSE)) -> Namib Park | J92: Shark Hound Smooth | K92: 68 | L92: =IF(K92="","",IF(I92="",ROUND(HLOOKUP(J92,kgList,K92,FALSE),1),ROUND(HLOOKUP(I92,kgList,K92,FALSE),1))) -> 1 | M92: =IF(L92="","",IF(COUNTA(I92:J92)>1,"Edible or Inedible",IF(COUNTA(I92)=1,L92*1,IF(COUNTA(J92)=1,L92*1,"ERROR")))) -> 1
A93: =IF(D93="","",A92) -> 2023-NAT-01 | B93: =IF(D93="","",B92) -> 45001 | C93: =IF(D93="","",C92) -> Day 1 | D93: N0644 | E93: =IF(D93="","",VLOOKUP(D93,Master,3,FALSE)) -> Mark | F93: =IF(D93="","",VLOOKUP(D93,Master,4,FALSE)) -> Van Der Merwe | G93: =IF(D93="","",VLOOKUP(D93,Master,5,FALSE)) -> Men U/21 | H93: =IF(D93="","",VLOOKUP(D93,Master,2,FALSE)) -> Namib Park | J93: Shark Spotted Gully | K93: 152 | L93: =IF(K93="","",IF(I93="",ROUND(HLOOKUP(J93,kgList,K93,FALSE),1),ROUND(HLOOKUP(I93,kgList,K93,FALSE),1))) -> 18.2 | M93: =IF(L93="","",IF(COUNTA(I93:J93)>1,"Edible or Inedible",IF(COUNTA(I93)=1,L93*1,IF(COUNTA(J93)=1,L93*1,"ERROR")))) -> 18.2
A94: =IF(D94="","",A93) -> 2023-NAT-01 | B94: =IF(D94="","",B93) -> 45001 | C94: =IF(D94="","",C93) -> Day 1 | D94: N0783 | E94: =IF(D94="","",VLOOKUP(D94,Master,3,FALSE)) -> Johan | F94: =IF(D94="","",VLOOKUP(D94,Master,4,FALSE)) -> Van Niekerk | G94: =IF(D94="","",VLOOKUP(D94,Master,5,FALSE)) -> Men Veteran | H94: =IF(D94="","",VLOOKUP(D94,Master,2,FALSE)) -> Namib Park | J94: Shark Spotted Gully | K94: 147 | L94: =IF(K94="","",IF(I94="",ROUND(HLOOKUP(J94,kgList,K94,FALSE),1),ROUND(HLOOKUP(I94,kgList,K94,FALSE),1))) -> 16.2 | M94: =IF(L94="","",IF(COUNTA(I94:J94)>1,"Edible or Inedible",IF(COUNTA(I94)=1,L94*1,IF(COUNTA(J94)=1,L94*1,"ERROR")))) -> 16.2
A95: =IF(D95="","",A94) -> 2023-NAT-01 | B95: =IF(D95="","",B94) -> 45001 | C95: =IF(D95="","",C94) -> Day 1 | D95: N0107 | E95: =IF(D95="","",VLOOKUP(D95,Master,3,FALSE)) -> Lance | F95: =IF(D95="","",VLOOKUP(D95,Master,4,FALSE)) -> Mills | G95: =IF(D95="","",VLOOKUP(D95,Master,5,FALSE)) -> Men Master | H95: =IF(D95="","",VLOOKUP(D95,Master,2,FALSE)) -> Namib Park | J95: Guitarfish - Lesser | K95: 84 | L95: =IF(K95="","",IF(I95="",ROUND(HLOOKUP(J95,kgList,K95,FALSE),1),ROUND(HLOOKUP(I95,kgList,K95,FALSE),1))) -> 2.2 | M95: =IF(L95="","",IF(COUNTA(I95:J95)>1,"Edible or Inedible",IF(COUNTA(I95)=1,L95*1,IF(COUNTA(J95)=1,L95*1,"ERROR")))) -> 2.2
A96: =IF(D96="","",A95) -> 2023-NAT-01 | B96: =IF(D96="","",B95) -> 45001 | C96: =IF(D96="","",C95) -> Day 1 | D96: N0162 | E96: =IF(D96="","",VLOOKUP(D96,Master,3,FALSE)) -> Coennie | F96: =IF(D96="","",VLOOKUP(D96,Master,4,FALSE)) -> Steyn | G96: =IF(D96="","",VLOOKUP(D96,Master,5,FALSE)) -> Men Grand Masters | H96: =IF(D96="","",VLOOKUP(D96,Master,2,FALSE)) -> Namib Park | I96: Kob | K96: 55 | L96: =IF(K96="","",IF(I96="",ROUND(HLOOKUP(J96,kgList,K96,FALSE),1),ROUND(HLOOKUP(I96,kgList,K96,FALSE),1))) -> 1.7 | M96: =IF(L96="","",IF(COUNTA(I96:J96)>1,"Edible or Inedible",IF(COUNTA(I96)=1,L96*1,IF(COUNTA(J96)=1,L96*1,"ERROR")))) -> 1.7
A97: =IF(D97="","",A96) -> 2023-NAT-01 | B97: =IF(D97="","",B96) -> 45001 | C97: =IF(D97="","",C96) -> Day 1 | D97: N0162 | E97: =IF(D97="","",VLOOKUP(D97,Master,3,FALSE)) -> Coennie | F97: =IF(D97="","",VLOOKUP(D97,Master,4,FALSE)) -> Steyn | G97: =IF(D97="","",VLOOKUP(D97,Master,5,FALSE)) -> Men Grand Masters | H97: =IF(D97="","",VLOOKUP(D97,Master,2,FALSE)) -> Namib Park | J97: Shark Spotted Gully | K97: 126 | L97: =IF(K97="","",IF(I97="",ROUND(HLOOKUP(J97,kgList,K97,FALSE),1),ROUND(HLOOKUP(I97,kgList,K97,FALSE),1))) -> 9.6 | M97: =IF(L97="","",IF(COUNTA(I97:J97)>1,"Edible or Inedible",IF(COUNTA(I97)=1,L97*1,IF(COUNTA(J97)=1,L97*1,"ERROR")))) -> 9.6
A98: =IF(D98="","",A97) -> 2023-NAT-01 | B98: =IF(D98="","",B97) -> 45001 | C98: =IF(D98="","",C97) -> Day 1 | D98: N0141 | E98: =IF(D98="","",VLOOKUP(D98,Master,3,FALSE)) -> Tiaan | F98: =IF(D98="","",VLOOKUP(D98,Master,4,FALSE)) -> Bornman | G98: =IF(D98="","",VLOOKUP(D98,Master,5,FALSE)) -> Men U/21 | H98: =IF(D98="","",VLOOKUP(D98,Master,2,FALSE)) -> Namib Park | J98: Shark Spotted Gully | K98: 129 | L98: =IF(K98="","",IF(I98="",ROUND(HLOOKUP(J98,kgList,K98,FALSE),1),ROUND(HLOOKUP(I98,kgList,K98,FALSE),1))) -> 10.4 | M98: =IF(L98="","",IF(COUNTA(I98:J98)>1,"Edible or Inedible",IF(COUNTA(I98)=1,L98*1,IF(COUNTA(J98)=1,L98*1,"ERROR")))) -> 10.4
A99: =IF(D99="","",A98) -> 2023-NAT-01 | B99: =IF(D99="","",B98) -> 45001 | C99: =IF(D99="","",C98) -> Day 1 | D99: N0037 | E99: =IF(D99="","",VLOOKUP(D99,Master,3,FALSE)) -> Johan | F99: =IF(D99="","",VLOOKUP(D99,Master,4,FALSE)) -> Bruwer | G99: =IF(D99="","",VLOOKUP(D99,Master,5,FALSE)) -> Men Senior | H99: =IF(D99="","",VLOOKUP(D99,Master,2,FALSE)) -> Namib Park | L99: =IF(K99="","",IF(I99="",ROUND(HLOOKUP(J99,kgList,K99,FALSE),1),ROUND(HLOOKUP(I99,kgList,K99,FALSE),1))) | M99: =IF(L99="","",IF(COUNTA(I99:J99)>1,"Edible or Inedible",IF(COUNTA(I99)=1,L99*1,IF(COUNTA(J99)=1,L99*1,"ERROR"))))
A100: =IF(D100="","",A99) -> 2023-NAT-01 | B100: =IF(D100="","",B99) -> 45001 | C100: =IF(D100="","",C99) -> Day 1 | D100: N0366 | E100: =IF(D100="","",VLOOKUP(D100,Master,3,FALSE)) -> Uwe | F100: =IF(D100="","",VLOOKUP(D100,Master,4,FALSE)) -> Hanssen | G100: =IF(D100="","",VLOOKUP(D100,Master,5,FALSE)) -> Men Senior | H100: =IF(D100="","",VLOOKUP(D100,Master,2,FALSE)) -> Namib Park | L100: =IF(K100="","",IF(I100="",ROUND(HLOOKUP(J100,kgList,K100,FALSE),1),ROUND(HLOOKUP(I100,kgList,K100,FALSE),1))) | M100: =IF(L100="","",IF(COUNTA(I100:J100)>1,"Edible or Inedible",IF(COUNTA(I100)=1,L100*1,IF(COUNTA(J100)=1,L100*1,"ERROR"))))
A101: =IF(D101="","",A100) -> 2023-NAT-01 | B101: =IF(D101="","",B100) -> 45001 | C101: =IF(D101="","",C100) -> Day 1 | D101: N0008 | E101: =IF(D101="","",VLOOKUP(D101,Master,3,FALSE)) -> Andre | F101: =IF(D101="","",VLOOKUP(D101,Master,4,FALSE)) -> Coetzee | G101: =IF(D101="","",VLOOKUP(D101,Master,5,FALSE)) -> Men Grand Masters | H101: =IF(D101="","",VLOOKUP(D101,Master,2,FALSE)) -> Namib Park | L101: =IF(K101="","",IF(I101="",ROUND(HLOOKUP(J101,kgList,K101,FALSE),1),ROUND(HLOOKUP(I101,kgList,K101,FALSE),1))) | M101: =IF(L101="","",IF(COUNTA(I101:J101)>1,"Edible or Inedible",IF(COUNTA(I101)=1,L101*1,IF(COUNTA(J101)=1,L101*1,"ERROR"))))
A102: =IF(D102="","",A101) -> 2023-NAT-01 | B102: =IF(D102="","",B101) -> 45001 | C102: =IF(D102="","",C101) -> Day 1 | D102: N0696 | E102: =IF(D102="","",VLOOKUP(D102,Master,3,FALSE)) -> Stefan | F102: =IF(D102="","",VLOOKUP(D102,Master,4,FALSE)) -> Snyman | G102: =IF(D102="","",VLOOKUP(D102,Master,5,FALSE)) -> Men U/16 | H102: =IF(D102="","",VLOOKUP(D102,Master,2,FALSE)) -> Penguin | J102: Shark Spotted Gully | K102: 112 | L102: =IF(K102="","",IF(I102="",ROUND(HLOOKUP(J102,kgList,K102,FALSE),1),ROUND(HLOOKUP(I102,kgList,K102,FALSE),1))) -> 6.4 | M102: =IF(L102="","",IF(COUNTA(I102:J102)>1,"Edible or Inedible",IF(COUNTA(I102)=1,L102*1,IF(COUNTA(J102)=1,L102*1,"ERROR")))) -> 6.4
A103: =IF(D103="","",A102) -> 2023-NAT-01 | B103: =IF(D103="","",B102) -> 45001 | C103: =IF(D103="","",C102) -> Day 1 | D103: N0756 | E103: =IF(D103="","",VLOOKUP(D103,Master,3,FALSE)) -> JC | F103: =IF(D103="","",VLOOKUP(D103,Master,4,FALSE)) -> Knight | G103: =IF(D103="","",VLOOKUP(D103,Master,5,FALSE)) -> Men U/16 | H103: =IF(D103="","",VLOOKUP(D103,Master,2,FALSE)) -> Penguin | J103: Shark Spotted Gully | K103: 83 | L103: =IF(K103="","",IF(I103="",ROUND(HLOOKUP(J103,kgList,K103,FALSE),1),ROUND(HLOOKUP(I103,kgList,K103,FALSE),1))) -> 2.3 | M103: =IF(L103="","",IF(COUNTA(I103:J103)>1,"Edible or Inedible",IF(COUNTA(I103)=1,L103*1,IF(COUNTA(J103)=1,L103*1,"ERROR")))) -> 2.3
A104: =IF(D104="","",A103) -> 2023-NAT-01 | B104: =IF(D104="","",B103) -> 45001 | C104: =IF(D104="","",C103) -> Day 1 | D104: N0756 | E104: =IF(D104="","",VLOOKUP(D104,Master,3,FALSE)) -> JC | F104: =IF(D104="","",VLOOKUP(D104,Master,4,FALSE)) -> Knight | G104: =IF(D104="","",VLOOKUP(D104,Master,5,FALSE)) -> Men U/16 | H104: =IF(D104="","",VLOOKUP(D104,Master,2,FALSE)) -> Penguin | J104: Guitarfish - Lesser | K104: 88 | L104: =IF(K104="","",IF(I104="",ROUND(HLOOKUP(J104,kgList,K104,FALSE),1),ROUND(HLOOKUP(I104,kgList,K104,FALSE),1))) -> 2.5 | M104: =IF(L104="","",IF(COUNTA(I104:J104)>1,"Edible or Inedible",IF(COUNTA(I104)=1,L104*1,IF(COUNTA(J104)=1,L104*1,"ERROR")))) -> 2.5
A105: =IF(D105="","",A104) -> 2023-NAT-01 | B105: =IF(D105="","",B104) -> 45001 | C105: =IF(D105="","",C104) -> Day 1 | D105: N0283 | E105: =IF(D105="","",VLOOKUP(D105,Master,3,FALSE)) -> Kevin | F105: =IF(D105="","",VLOOKUP(D105,Master,4,FALSE)) -> Page | G105: =IF(D105="","",VLOOKUP(D105,Master,5,FALSE)) -> Men Senior | H105: =IF(D105="","",VLOOKUP(D105,Master,2,FALSE)) -> Penguin | J105: Shark Spotted Gully | K105: 149 | L105: =IF(K105="","",IF(I105="",ROUND(HLOOKUP(J105,kgList,K105,FALSE),1),ROUND(HLOOKUP(I105,kgList,K105,FALSE),1))) -> 17 | M105: =IF(L105="","",IF(COUNTA(I105:J105)>1,"Edible or Inedible",IF(COUNTA(I105)=1,L105*1,IF(COUNTA(J105)=1,L105*1,"ERROR")))) -> 17
A106: =IF(D106="","",A105) -> 2023-NAT-01 | B106: =IF(D106="","",B105) -> 45001 | C106: =IF(D106="","",C105) -> Day 1 | D106: N0663 | E106: =IF(D106="","",VLOOKUP(D106,Master,3,FALSE)) -> Allen | F106: =IF(D106="","",VLOOKUP(D106,Master,4,FALSE)) -> Langenstrassen | G106: =IF(D106="","",VLOOKUP(D106,Master,5,FALSE)) -> Men Veteran | H106: =IF(D106="","",VLOOKUP(D106,Master,2,FALSE)) -> Penguin | J106: Shark Spotted Gully | K106: 155 | L106: =IF(K106="","",IF(I106="",ROUND(HLOOKUP(J106,kgList,K106,FALSE),1),ROUND(HLOOKUP(I106,kgList,K106,FALSE),1))) -> 19.5 | M106: =IF(L106="","",IF(COUNTA(I106:J106)>1,"Edible or Inedible",IF(COUNTA(I106)=1,L106*1,IF(COUNTA(J106)=1,L106*1,"ERROR")))) -> 19.5
...

Sheet 2024-NAT-01
D1: INDIVIDUALS LEAGUE | G1: Nationals 2024 Day 1
B2: Competition | C2: (Multiple Items) | D2: =$C$3&" "& '2024-NAT-01'!$G$1 -> (All) Nationals 2024 Day 1
B3: Status | C3: (All) | E3: MEN SENIORS
B5: ID | C5: Name | D5: Surname | E5: Team | F5: No. Edibles | G5: No. of Inedibles | H5: Total kg | I5: Total Points | J5: League Points (300)
A6: 1 | B6: N0254 | C6: Grant | D6: Knight | E6: Penguin | G6: 10 | H6: 269.4 | I6: 269.4 | J6: 300 | K6: 1
A7: 2 | B7: N0696 | C7: Stefan | D7: Snyman | E7: Penguin | G7: 13 | H7: 166.6 | I7: 166.6 | J7: =IF(I7=I6,J6,IF(I7=0,ROUNDDOWN(20,0),J6-K6)) -> 299 | K7: =IF(I7<I6,1,IF(I7=I6,K6+1,0)) -> 1
A8: 3 | B8: N0022 | C8: Warren | D8: Deysel | E8: Penguin | G8: 22 | H8: 144.9 | I8: 144.9 | J8: =IF(I8=I7,J7,IF(I8=0,ROUNDDOWN(20,0),J7-K7)) -> 298 | K8: =IF(I8<I7,1,IF(I8=I7,K7+1,0)) -> 1
A9: 4 | B9: N0117 | C9: Andrew | D9: Van Schalkwyk | E9: Mako | G9: 8 | H9: 125.7 | I9: 125.7 | J9: =IF(I9=I8,J8,IF(I9=0,ROUNDDOWN(20,0),J8-K8)) -> 297 | K9: =IF(I9<I8,1,IF(I9=I8,K8+1,0)) -> 1
A10: 5 | B10: N0588 | C10: Lourens | D10: Fourie | E10: Henties Bay | G10: 8 | H10: 122.8 | I10: 122.8 | J10: =IF(I10=I9,J9,IF(I10=0,ROUNDDOWN(20,0),J9-K9)) -> 296 | K10: =IF(I10<I9,1,IF(I10=I9,K9+1,0)) -> 1
A11: 6 | B11: N0112 | C11: Danie | D11: Van Zyl | E11: Okahandja | F11: 1 | G11: 3 | H11: 119.9 | I11: 119.9 | J11: =IF(I11=I10,J10,IF(I11=0,ROUNDDOWN(20,0),J10-K10)) -> 295 | K11: =IF(I11<I10,1,IF(I11=I10,K10+1,0)) -> 1
A12: 7 | B12: N0396 | C12: Raymond | D12: Duvenhage | E12: Welwitschia | G12: 11 | H12: 112 | I12: 112 | J12: =IF(I12=I11,J11,IF(I12=0,ROUNDDOWN(20,0),J11-K11)) -> 294 | K12: =IF(I12<I11,1,IF(I12=I11,K11+1,0)) -> 1
A13: 8 | B13: N0019 | C13: Johan | D13: Visser | E13: Mako | G13: 6 | H13: 110.3 | I13: 110.3 | J13: =IF(I13=I12,J12,IF(I13=0,ROUNDDOWN(20,0),J12-K12)) -> 293 | K13: =IF(I13<I12,1,IF(I13=I12,K12+1,0)) -> 1
A14: 9 | B14: N0002 | C14: Marco | D14: Klein | E14: Mako | G14: 7 | H14: 107.3 | I14: 107.3 | J14: =IF(I14=I13,J13,IF(I14=0,ROUNDDOWN(20,0),J13-K13)) -> 292 | K14: =IF(I14<I13,1,IF(I14=I13,K13+1,0)) -> 1
A15: 10 | B15: N0375 | C15: Cristiano | D15: Bampton | E15: Walvis Bay | F15: 1 | G15: 13 | H15: 107 | I15: 107 | J15: =IF(I15=I14,J14,IF(I15=0,ROUNDDOWN(20,0),J14-K14)) -> 291 | K15: =IF(I15<I14,1,IF(I15=I14,K14+1,0)) -> 1
A16: 11 | B16: N0546 | C16: Tian | D16: Mostert | E16: Seagull Angling Club | G16: 6 | H16: 103.8 | I16: 103.8 | J16: =IF(I16=I15,J15,IF(I16=0,ROUNDDOWN(20,0),J15-K15)) -> 290 | K16: =IF(I16<I15,1,IF(I16=I15,K15+1,0)) -> 1
A17: 12 | B17: N0844 | C17: Heiko Jnr | D17: Doll | E17: Seagull Angling Club | G17: 10 | H17: 103.5 | I17: 103.5 | J17: =IF(I17=I16,J16,IF(I17=0,ROUNDDOWN(20,0),J16-K16)) -> 289 | K17: =IF(I17<I16,1,IF(I17=I16,K16+1,0)) -> 1
A18: 13 | B18: N0346 | C18: Andre | D18: Vermaak | E18: Namib Park | G18: 6 | H18: 98.8 | I18: 98.8 | J18: =IF(I18=I17,J17,IF(I18=0,ROUNDDOWN(20,0),J17-K17)) -> 288 | K18: =IF(I18<I17,1,IF(I18=I17,K17+1,0)) -> 1
A19: 14 | B19: N0622 | C19: Flippie | D19: Scheepers | E19: Walvis Bay | G19: 9 | H19: 98.1 | I19: 98.1 | J19: =IF(I19=I18,J18,IF(I19=0,ROUNDDOWN(20,0),J18-K18)) -> 287 | K19: =IF(I19<I18,1,IF(I19=I18,K18+1,0)) -> 1
A20: 15 | B20: N0037 | C20: Johan | D20: Bruwer | E20: Namib Park | G20: 11 | H20: 92.8 | I20: 92.8 | J20: =IF(I20=I19,J19,IF(I20=0,ROUNDDOWN(20,0),J19-K19)) -> 286 | K20: =IF(I20<I19,1,IF(I20=I19,K19+1,0)) -> 1
A21: 16 | B21: N0501 | C21: Otto | D21: Feyerabend | E21: Otjiwarongo | G21: 12 | H21: 91.5 | I21: 91.5 | J21: =IF(I21=I20,J20,IF(I21=0,ROUNDDOWN(20,0),J20-K20)) -> 285 | K21: =IF(I21<I20,1,IF(I21=I20,K20+1,0)) -> 1
A22: 17 | B22: N0496 | C22: Rudi | D22: Swartz | E22: Mako | G22: 21 | H22: 86.4 | I22: 86.4 | J22: =IF(I22=I21,J21,IF(I22=0,ROUNDDOWN(20,0),J21-K21)) -> 284 | K22: =IF(I22<I21,1,IF(I22=I21,K21+1,0)) -> 1
A23: 18 | B23: N0259 | C23: Henri | D23: Snyman | E23: Penguin | F23: 1 | G23: 17 | H23: 86.3 | I23: 86.3 | J23: =IF(I23=I22,J22,IF(I23=0,ROUNDDOWN(20,0),J22-K22)) -> 283 | K23: =IF(I23<I22,1,IF(I23=I22,K22+1,0)) -> 1
A24: 19 | B24: N0150 | C24: Lindie | D24: Krauze | E24: Orca Angling Club | G24: 8 | H24: 83.7 | I24: 83.7 | J24: =IF(I24=I23,J23,IF(I24=0,ROUNDDOWN(20,0),J23-K23)) -> 282 | K24: =IF(I24<I23,1,IF(I24=I23,K23+1,0)) -> 1
A25: 20 | B25: N0764 | C25: Janco | D25: Duvenhage | E25: Welwitschia | G25: 6 | H25: 81.4 | I25: 81.4 | J25: =IF(I25=I24,J24,IF(I25=0,ROUNDDOWN(20,0),J24-K24)) -> 281 | K25: =IF(I25<I24,1,IF(I25=I24,K24+1,0)) -> 1
A26: 21 | B26: N0713 | C26: Luan | D26: Karstens | E26: Benguella | G26: 7 | H26: 77.9 | I26: 77.9 | J26: =IF(I26=I25,J25,IF(I26=0,ROUNDDOWN(20,0),J25-K25)) -> 280 | K26: =IF(I26<I25,1,IF(I26=I25,K25+1,0)) -> 1
